Workbook
Name Model_Start: '22 - Seguros'!$E$8

Sheet 01 - Dados de Entrada
A1: PREFEITURA MUNICIPAL DE JARAGUÁ DO SUL
A2: ESTUDO DE VIABILIDADE ECONÔMICA PARA A CONCESSÃO DOS SERVIÇOS DE LIMPEZA PÚBLICA E MANEJO DE RESÍDUOS SÓLIDOS
A3: DADOS DE ENTRADA
A5: 1 | B5: Dados Gerais | C5: Valor | D5: Unidade | E5: Fonte
A6: 1.1 | B6: População total | C6: =182660 -> 182660 | D6: habitantes | E6: IBGE 2022
A7: 1.2 | B7: Produção de Resíduos | C7: =SUM(C8:C10) -> 38988 | D7: toneladas/ano | E7: Edital PMI-dados 2022
A8: 1.3 | B8: Quantidade Coletada de Resíduos Domiciliar Urbana | C8: =33227-2896 -> 30331 | D8: toneladas/ano | E8: Edital PMI
A9: 1.4 | B9: Quantidade Coletada de Resíduos Domiciliar Rural | C9: 1415 | D9: toneladas/ano | E9: Edital PMI
A10: 1.5 | B10: Quantidade Coletada de Resíduos Coleta Seletiva (Recicláveis + Rejeitos) | C10: 7242 | D10: toneladas/ano | E10: Edital PMI
A11: 1.6 | B11: Rejeito da coleta seletiva | C11: 2896 | D11: toneladas/ano | E11: Edital PMI
A12: 1.7 | B12: Quantidade Coletada de Recicláveis | C12: =C10-C11 -> 4346 | D12: toneladas/ano | E12: Edital PMI
A13: 1.8 | B13: Percentual de Coleta Seletiva | C13: =C10/C7 -> 0.18574946 | D13: % | E13: Calculado
A14: 1.9 | B14: Percentual de Recicláveis da Coleta Seletiva | C14: =C12/C7 -> 0.1114702 | D14: % | E14: Calculado
A15: 1.10 | B15: Percentual de Valorização da Coleta Seletiva | C15: =C12/C10 -> 0.60011047 | D15: % | E15: Calculado
A16: 1.11 | B16: Percentual Máximo Reciclável | C16: =C27+C28+C29+C30+C32 -> 0.35 | D16: % | E16: Calculado
A17: 1.12 | B17: Incremento da valorização da Coleta Seletiva | C17: =C16-C14 -> 0.2385298 | D17: % | E17: Calculado
A18: 1.13 | B18: Produção percapita | C18: =C7*1000/C6/365 -> 0.58478287 | D18: Kg/hab.dia | E18: Calculada
A19: 1.14 | B19: Produção de Resíduos de Podas de Árvores | C19: 300 | D19: ton/ano | E19: Edital PMI
A20: 1.15 | B20: Per capita de resíduos de Podas de Árvores | C20: =300*1000/C6/365 -> 0.0044997143 | D20: Kg/hab.dia | E20: Calculado
A21: 1.16 | B21: PIS - PASEP | C21: 0.0165 | D21: % | E21: Impostos
A22: 1.17 | B22: COFINS | C22: 0.076 | D22: % | E22: Impostos
A23: 1.18 | B23: ISS | C23: 0.05 | D23: % | E23: Impostos
A25: 2 | B25: Composição dos resíduos | C25: Valor | D25: Unidade | E25: Fonte
A26: 2.1 | B26: Matéria orgânica | C26: 0.4 | D26: % | E26: PIGIRS
A27: 2.2 | B27: Papel e papelão | C27: 0.06 | D27: % | E27: PIGIRS
A28: 2.3 | B28: Plásticos | C28: 0.26 | D28: % | E28: PIGIRS
A29: 2.4 | B29: Vidro | C29: 0.01 | D29: % | E29: PIGIRS
A30: 2.5 | B30: Metais | C30: 0.01 | D30: % | E30: PIGIRS
A31: 2.6 | B31: Rejeiros | C31: 0.25 | D31: % | E31: PIGIRS
A32: 2.7 | B32: Outros Recicláveis | C32: 0.01 | D32: % | E32: PIGIRS
A33: 2.8 | B33: Total | C33: =SUM(C26:C32) -> 1 | D33: % | E33: PIGIRS
A35: 3 | B35: Dados salariais | C35: Valor | D35: Unidade | E35: Fonte
A36: 3.1 | B36: Salário mínimo nacional | C36: 1412 | D36: R$ | E36: Governo Fderal
A37: 3.2 | B37: Insalubridade nível 1 | C37: 0.2 | D37: % | E37: NR 15
A38: 3.3 | B38: Insalubridade nível 2 | C38: 0.4 | D38: % | E38: NR 15
A39: 3.4 | B39: Encargos - coletores | C39: 0.6604 | D39: % | E39: SINAPI
A40: 3.5 | B40: Encargos - demais funcionários | C40: 0.6604 | D40: % | E40: SINAPI
A41: 3.6 | B41: Adicional noturno | C41: 0.2 | D41: % | E41: Convenção Coletiva
A43: 4 | B43: Preço de Veículos e Equipamentos | C43: Valor | D43: Unidade | E43: Fonte
A44: 4.1 | B44: Caminhão Tipo 1 (coleta convencional/caminhão poliguindaste) | C44: 563200 | D44: R$ | E44: Mercado
A45: 4.2 | B45: Caminhão Tipo 2 - (coleta mecanizada) | C45: 563200 | D45: R$ | E45: Mercado
A46: 4.3 | B46: Caminhão Tipo 3 - (coleta seletiva) | C46: 563200 | D46: R$ | E46: Mercado
A47: 4.4 | B47: Caminhão Tipo 3 - (coletor de pequeno porte ) | C47: 547733 | D47: R$ | E47: Mercado
A48: 4.5 | B48: Caminhão tipo 5 - Lavação de contentores da coleta mecanizada | C48: 563200 | D48: R$ | E48: Mercado
A49: 4.6 | B49: Caçamba coletora compactadora carregamento manual | C49: 249300 | D49: R$ | E49: Mercado
A50: 4.7 | B50: Caçamba coletora compactadora carregamento mecanizado | C50: =C49+C51 -> 267300 | D50: R$ | E50: Mercado
A51: 4.8 | B51: Dispositivo coleta mecanizada | C51: 18000 | D51: R$ | E51: Mercado
A52: 4.9 | B52: Caçamba lavadora de contentores da coleta mecanizada | C52: 1289700 | D52: R$ | E52: Mercado
A53: 4.10 | B53: Caçamba coletora compactadora de pequeno porte (6m³) | C53: 223300 | D53: R$ | E53: Mercado
A54: 4.11 | B54: Caçamba coletora (coleta seletiva) | C54: =C49 -> 249300 | D54: R$ | E54: Mercado
A55: 4.12 | B55: Veículo da frota auxiliar - utilitário leve | C55: 100815 | D55: R$ | E55: Mercado
A56: 4.13 | B56: Veículo da frota auxiliar - veículo de passeio | C56: 75267 | D56: R$ | E56: Mercado
A57: 4.14 | B57: Veículo da frota auxiliar - moto 125 CC | C57: 17119 | D57: R$ | E57: Mercado
A58: 4.15 | B58: Contentores 1.000L com pedal, para coleta mecanizada | C58: =(1721.11+1682.09+2089.16)/3 -> 1830.7867 | D58: R$ | E58: Mercado
A59: 4.16 | B59: Equipamento de basculamento traseiro para contentores de 1,0m³ | C59: =C51 -> 18000 | D59: R$ | E59: Mercado
A60: 4.17 | B60: Cesto papeleiro papeleiro + poste para fixação | C60: =122.87+109.76 -> 232.63 | D60: R$ | E60: Mercado
A61: 4.18 | B61: Ecoponto | C61: 78809.03 | D61: R$ | E61: Mercado
A62: 4.19 | B62: Estrutura e guarita PEV | C62: 959440.89 | D62: R$ | E62: Mercado
A63: 4.20 | B63: Caminhão de 15m³ com munck | C63: =433677+47000+70000 -> 550677 | D63: R$ | E63: Mercado
A64: 4.21 | B64: Equipamento poliguindaste duplo | C64: 115400 | D64: R$ | E64: Mercado
A65: 4.22 | B65: Caminhão para Limpeza urbana (para caçamba basculante) | C65: =C44 -> 563200 | D65: R$ | E65: Mercado
A66: 4.23 | B66: Caçamba basculante 12m³ | C66: 84452.56 | D66: R$ | E66: Mercado
A67: 4.24 | B67: Caçamba basculante 6m³ | C67: 55762.93 | D67: R$ | E67: Mercado
A68: 4.25 | B68: Trator giro zero | C68: 59000 | D68: R$ | E68: Mercado
A69: 4.26 | B69: Trator coletor - para minivarredeira | C69: 290000 | D69: R$ | E69: Mercado
A70: 4.27 | B70: Minivarredeira | C70: 31946.45 | D70: R$ | E70: Mercado
A71: 4.28 | B71: Trator com capinadeira (trator + equipamento) | C71: =290000+27274.17 -> 317274.17 | D71: R$ | E71: Mercado
A72: 4.29 | B72: Roçadeira costal | C72: =(2499+2499+2493.5)/3 -> 2497.1667 | D72: R$ | E72: Mercado
A73: 4.30 | B73: Soprador costal | C73: =(3349+2754.05+2799.9)/3 -> 2967.65 | D73: R$ | E73: Mercado
A74: 4.31 | B74: Ônibus 44 lugares adaptado | C74: 685000 | D74: R$ | E74: Mercado
A75: 4.32 | B75: Van - Veículo da frota auxiliar - Sprinter | C75: 182187 | D75: R$ | E75: Mercado
A76: 4.33 | B76: Lutocar | C76: 293 | D76: R$ | E76: Mercado
A77: 4.34 | B77: Caminhão cesto aéreo duplo 12 ou 14m (Locação mensal com motorista, combustível, man.) | C77: 35000 | D77: R$ | E77: Mercado
A78: 4.35 | B78: Triturador de galhos | C78: 160000 | D78: R$ | E78: Mercado
A79: 4.36 | B79: Motosserra | C79: 3700 | D79: R$ | E79: Mercado
A80: 4.37 | B80: Motopoda | C80: 3299.9 | D80: R$ | E80: Mercado
A81: 4.38 | B81: Equipamentos variados (vassouras, pincel/buchas, pás, rastel e sacos de lixo) - anual | C81: =(((58.9+45+41.79)/3)*6)+(((((18.76+26.95+27.69)/3)/10)+(((26.9/2)+(78.95/4)+(39.9))/3))*12)+(((32.39+32.71+37.99)/3)*4)+(((35.92+25.99+35.9)/3)*6)+(((((77.95+85.9+51.3)/3)/100)*100*12)) -> 1806.7633 | D81: R$ / varredor/servente | E81: Mercado
A82: 4.39 | B82: Saco (60 litros) cestos papeleiros | C82: 0.2 | D82: R$ | E82: Mercado
A83: 4.40 | B83: Composteira doméstica | C83: 357 | D83: R$ | E83: Mercado
A85: 5 | B85: Preço de Uniformes e Equipamentos de Proteção Individual | C85: Valor | D85: Unidade | E85: Fonte
A86: 5.1 | B86: Camisa administrativo | C86: 100 | D86: R$ | E86: Mercado
A87: 5.2 | B87: Calça administrativo | C87: 76.5 | D87: R$ | E87: Mercado
A88: 5.3 | B88: Jaqueta administrativo | C88: 150 | D88: R$ | E88: Mercado
A89: 5.4 | B89: Camisa operacional | C89: 26.7 | D89: R$ | E89: Mercado
A90: 5.5 | B90: Calça operacional | C90: 76.5 | D90: R$ | E90: Mercado
A91: 5.6 | B91: Jaqueta operacional | C91: 80 | D91: R$ | E91: Mercado
A92: 5.7 | B92: Boné | C92: 12.66 | D92: R$ | E92: Mercado
A93: 5.8 | B93: Conjunto impermeável | C93: 89.71 | D93: R$ | E93: Mercado
A94: 5.9 | B94: Calçado de segurança | C94: 91.105 | D94: R$ | E94: Mercado
A95: 5.10 | B95: Luva de segurança | C95: 17.195 | D95: R$ | E95: Mercado
A96: 5.11 | B96: Óculos de segurança | C96: 5.63 | D96: R$ | E96: Mercado
A97: 5.12 | B97: Protetor solar | C97: 24.72 | D97: R$ | E97: Mercado
... A100: 5.15 | B100: Mascara PFF2 | C100: 1.71 | D100: R$ | E100: Mercado
A102: 6 | B102: Imposto, seguro e licencimento | C102: Valor | D102: Unidade | E102: Fonte
A103: 6.1 | B103: IPVA - Veículos de passeio e utilitários (sobre o valor do veículo) | C103: 0.02 | D103: % | E103: Gov SC
A104: 6.2 | B104: IPVA - Veículo de transporte de carga (sobre o valor do veículo) | C104: 0.01 | D104: % | E104: Gov SC
A105: 6.3 | B105: IPVA - Veículo de transporte de passageiros (sobre o valor do veículo) | C105: 0.01 | D105: % | E105: Gov SC
A106: 6.4 | B106: IPVA - Motocicletas (sobre o valor do veículo) | C106: 0.01 | D106: % | E106: Gov SC
A107: 6.5 | B107: Fator de correção para cálculo do IPVA | C107: 1 | D107: % | E107: Gov SC
A108: 6.6 | B108: Licenciamento caminhões coleta | C108: 150 | D108: R$ | E108: Gov SC
...

Sheet 02 - Evolução Populacional
A1: PREFEITURA MUNICIPAL DE JARAGUÁ DO SUL
A2: ESTUDO DE VIABILIDADE ECONÔMICA PARA A CONCESSÃO DOS SERVIÇOS DE LIMPEZA PÚBLICA E MANEJO DE RESÍDUOS SÓLIDOS
A3: QUADRO DE EVOLUÇAO POPULACIONAL
A5: ANO | C5: EVOLUÇÃO POPULACIONAL
C6: POPULAÇÃO URBANA | D6: POPULAÇÃO RURAL | E6: POPULAÇÃO TOTAL
A7: 0 | B7: 2024 | C7: 175232 | D7: 12388 | E7: =C7+D7 -> 187620
A8: 1 | B8: 2025 | C8: 177599 | D8: 12501 | E8: =C8+D8 -> 190100 | F8: =(E8-E7)/E7 -> 0.013218207
A9: 2 | B9: 2026 | C9: 178979 | D9: 12564 | E9: =C9+D9 -> 191543 | F9: =(E9-E8)/E8 -> 0.0075907417
A10: 3 | B10: 2027 | C10: 180359 | D10: 12627 | E10: =C10+D10 -> 192986 | F10: =(E10-E9)/E9 -> 0.0075335564
A11: 4 | B11: 2028 | C11: 181738 | D11: 12691 | E11: =C11+D11 -> 194429 | F11: =(E11-E10)/E10 -> 0.0074772263
A12: 5 | B12: 2029 | C12: 183118 | D12: 12754 | E12: =C12+D12 -> 195872 | F12: =(E12-E11)/E11 -> 0.0074217324
A13: 6 | B13: 2030 | C13: 184498 | D13: 12817 | E13: =C13+D13 -> 197315 | F13: =(E13-E12)/E12 -> 0.007367056
A14: 7 | B14: 2031 | C14: 185338 | D14: 12853 | E14: =C14+D14 -> 198191 | F14: =(E14-E13)/E13 -> 0.0044396017
A15: 8 | B15: 2032 | C15: 186178 | D15: 12889 | E15: =C15+D15 -> 199067 | F15: =(E15-E14)/E14 -> 0.0044199787
A16: 9 | B16: 2033 | C16: 187018 | D16: 12924 | E16: =C16+D16 -> 199942 | F16: =(E16-E15)/E15 -> 0.004395505
A17: 10 | B17: 2034 | C17: 187857 | D17: 12961 | E17: =C17+D17 -> 200818 | F17: =(E17-E16)/E16 -> 0.0043812706
A18: 11 | B18: 2035 | C18: 188697 | D18: 12997 | E18: =C18+D18 -> 201694 | F18: =(E18-E17)/E17 -> 0.0043621588
A19: 12 | B19: 2036 | C19: 189151 | D19: 13014 | E19: =C19+D19 -> 202165 | F19: =(E19-E18)/E18 -> 0.0023352207
... A42: 35 | B42: 2059 | C42: 181943 | D42: 12597 | E42: =C42+D42 -> 194540 | F42: =(E42-E41)/E41 -> -0.0058207575
A45: População
A46: Ano 0 | B46: Ano 1 | C46: Ano 2 | D46: Ano 3 | E46: Ano 4 | F46: Ano 5 | G46: Ano 6 | H46: Ano 7 | I46: Ano 8 | J46: Ano 9 | K46: Ano 10 | L46: Ano 11 | M46: Ano 12 | N46: Ano 13 | O46: Ano 14 | P46: Ano 15 | Q46: Ano 16 | R46: Ano 17 | S46: Ano 18 | T46: Ano 19 | U46: Ano 20 | V46: Ano 21 | W46: Ano 22 | X46: Ano 23 | Y46: Ano 24 | Z46: Ano 25 | AA46: Ano 26 | AB46: Ano 27 | AC46: Ano 28 | AD46: Ano 29 | AE46: Ano 30 | AF46: Ano 31 | AG46: Ano 32 | AH46: Ano 33 | AI46: Ano 34 | AJ46: Ano 35
A47: =E7 -> 187620 | B47: =E8 -> 190100 | C47: =E9 -> 191543 | D47: =E10 -> 192986 | E47: =E11 -> 194429 | F47: =E12 -> 195872 | G47: =E13 -> 197315 | H47: =E14 -> 198191 | I47: =E15 -> 199067 | J47: =E16 -> 199942 | K47: =E17 -> 200818 | L47: =E18 -> 201694 | M47: =E19 -> 202165 | N47: =E20 -> 202636 | O47: =E21 -> 203107 | P47: =E22 -> 203578 | Q47: =E23 -> 204049 | R47: =E24 -> 204088 | S47: =E25 -> 204128 | T47: =E26 -> 204167 | U47: =E27 -> 204206 | V47: =E28 -> 204246 | W47: =E29 -> 203913 | X47: =E30 -> 203580 | Y47: =E31 -> 203247 | Z47: =E32 -> 202913 | AA47: =E33 -> 202580 | AB47: =E34 -> 201884 | AC47: =E35 -> 201188 | AD47: =E36 -> 200492 | AE47: =E37 -> 199797 | AF47: 199796.54 | AG47: 199100.58 | AH47: 197960.2 | AI47: 196819.83 | AJ47: 195679.46

Sheet 03 - Geração de Resíduos
A1: PREFEITURA MUNICIPAL DE JARAGUÁ DO SUL
A2: ESTUDO DE VIABILIDADE ECONÔMICA PARA A CONCESSÃO DOS SERVIÇOS DE LIMPEZA PÚBLICA E MANEJO DE RESÍDUOS SÓLIDOS
A3: QUADRO DE PROJEÇÃO DA GERAÇÃO DE RESÍDUOS
A5: Ano | C5: Geração de Resíduos (Toneladas) | G5: Tratamento na Fonte Geradora | I5: Coleta Seletiva e Valorização para Reciclagem | P5: Coleta, Tratamento e Valorização | W5: Disposição Final de Resíduos e Rejeitos
C6: Produção Anual Total | D6: Matéria Orgânica Total | E6: Materiais recicláveis | F6: Rejeitos | G6: Percentual de tratamento | H6: Matéria Orgânica Compostável na fonte (ton.) | I6: Percentual de Coleta Seletiva | J6: Matarial Reciclável - Coleta Seletiva (ton.) | K6: Meta de Valorização para Reciclagem (ton.) | L6: Materias Recicláveis Valorizados (ton.) | M6: Percentual de Material Reciclável da Coleta Seletiva | N6: Meta de recuperação de materiais recicláveis no Sul do Brasil (PLANARES | O6: Rejeitos da Valorização para Reciclagem (ton.) | P6: Resíduos Coletados pela Coleta Convencional + Rejeitos da Valorização (ton.) | Q6: Resíduos de Lodo de ETA e ETE (*gradeamento e desarenador) | R6: Resíduos de Limpeza Púbica (ton.) | S6: Total Resíduos Passíveis de Valorização (Coleta Convencional e Limpeza Públicas) (ton.) | T6: Meta de Tratamento e Valorização de Resíduos | U6: Resíduos Tratados e Valorizados (ton.) | V6: Rejeitos do tratamento e valorização (ton.) | W6: Rejeitos de Processos (Coleta convencional + rejeitos das cooperativas + limpeza urbana) para Disposição Final em Aterro Sanitário (ton.) | X6: Transporte e Disposição Final de Lodo até Aterro Sanitário | Y6: Percentual de Valorização (Compostagem caseira + Reciclagem + Valorização) | Z6: Meta de Recuperação da massa total de RSU no Sul do Brasil (PLANARES)
C7: =SUM(D7:F7) -> 1 | D7: ='01 - Dados de Entrada'!C26 -> 0.4 | E7: ='01 - Dados de Entrada'!C27+'01 - Dados de Entrada'!C28+'01 - Dados de Entrada'!C29+'01 - Dados de Entrada'!C30+'01 - Dados de Entrada'!C32 -> 0.35 | F7: ='01 - Dados de Entrada'!C31 -> 0.25
A8: ='02 - Evolução Populacional'!A7 -> 0 | B8: ='02 - Evolução Populacional'!B7 -> 2024 | C8: ='01 - Dados de Entrada'!$C$18*'02 - Evolução Populacional'!E7*365/1000 -> 40046.691 | D8: =C8*'01 - Dados de Entrada'!$C$26 -> 16018.676 | E8: =C8*$E$7 -> 14016.342 | F8: =C8-D8-E8 -> 10011.673 | G8: 0 | H8: =D8*G8 -> 0 | I8: ='01 - Dados de Entrada'!$C$13 -> 0.18574946 | J8: =C8*I8 -> 7438.6513 | K8: ='01 - Dados de Entrada'!$C$15 -> 0.60011047 | L8: =J8*K8 -> 4464.0125 | M8: =L8/C8 -> 0.1114702 | N8: 0.095 | O8: =J8-L8 -> 2974.6388 | P8: =C8-H8-J8+O8 -> 35582.678 | Q8: ='01 - Dados de Entrada'!#REF!*'02 - Evolução Populacional'!E7*365/1000 -> #REF! | R8: ='01 - Dados de Entrada'!$C$20*'02 - Evolução Populacional'!E7*365/1000 -> 308.14628 | S8: =P8+R8 -> 35890.825 | T8: 0 | U8: =(S8*T8) -> 0 | V8: 0 | W8: =((S8-U8)) -> 35890.825 | X8: =Q8 -> #REF! | Y8: =(L8+U8+H8)/(C8+R8) -> 0.11061902 | Z8: 0.171
A9: ='02 - Evolução Populacional'!A8 -> 1 | B9: ='02 - Evolução Populacional'!B8 -> 2025 | C9: ='01 - Dados de Entrada'!$C$18*'02 - Evolução Populacional'!E8*365/1000 -> 40576.036 | D9: =C9*'01 - Dados de Entrada'!$C$26 -> 16230.415 | E9: =C9*$E$7 -> 14201.613 | F9: =C9-D9-E9 -> 10144.009 | G9: 0 | H9: =D9*G9 -> 0 | I9: ='01 - Dados de Entrada'!$C$13 -> 0.18574946 | J9: =C9*I9 -> 7536.9769 | K9: ='01 - Dados de Entrada'!$C$15 -> 0.60011047 | L9: =J9*K9 -> 4523.0187 | M9: =L9/C9 -> 0.1114702 | O9: =J9-L9 -> 3013.9582 | P9: =C9-H9-J9+O9 -> 36053.018 | Q9: ='01 - Dados de Entrada'!#REF!*'02 - Evolução Populacional'!E8*365/1000 -> #REF! | R9: ='01 - Dados de Entrada'!$C$20*'02 - Evolução Populacional'!E8*365/1000 -> 312.21942 | S9: =P9+R9 -> 36365.237 | T9: 0 | U9: =(S9*T9) -> 0 | V9: 0 | W9: =((S9-U9)) -> 36365.237 | X9: =Q9 -> #REF! | Y9: =(L9+U9+H9)/(C9+R9) -> 0.11061902
A10: ='02 - Evolução Populacional'!A9 -> 2 | B10: ='02 - Evolução Populacional'!B9 -> 2026 | C10: ='01 - Dados de Entrada'!$C$18*'02 - Evolução Populacional'!E9*365/1000 -> 40884.039 | D10: =C10*'01 - Dados de Entrada'!$C$26 -> 16353.615 | E10: =C10*$E$7 -> 14309.413 | F10: =C10-D10-E10 -> 10221.01 | G10: 0.01 | H10: =D10*G10 -> 163.53615 | I10: 0.2 | J10: =C10*I10 -> 8176.8077 | K10: 0.61 | L10: =J10*K10 -> 4987.8527 | M10: =L10/C10 -> 0.122 | O10: =J10-L10 -> 3188.955 | P10: =C10-H10-J10+O10 -> 35732.65 | Q10: ='01 - Dados de Entrada'!#REF!*'02 - Evolução Populacional'!E9*365/1000 -> #REF! | R10: ='01 - Dados de Entrada'!$C$20*'02 - Evolução Populacional'!E9*365/1000 -> 314.5894 | S10: =P10+R10 -> 36047.239 | T10: 0 | U10: =(S10*T10) -> 0 | V10: 0 | W10: =((S10-U10)) -> 36047.239 | X10: =Q10 -> #REF! | Y10: =(L10+U10+H10)/(C10+R10) -> 0.12503787
A11: ='02 - Evolução Populacional'!A10 -> 3 | B11: ='02 - Evolução Populacional'!B10 -> 2027 | C11: ='01 - Dados de Entrada'!$C$18*'02 - Evolução Populacional'!E10*365/1000 -> 41192.041 | D11: =C11*'01 - Dados de Entrada'!$C$26 -> 16476.816 | E11: =C11*$E$7 -> 14417.214 | F11: =C11-D11-E11 -> 10298.01 | G11: 0.01 | H11: =D11*G11 -> 164.76816 | I11: 0.22 | J11: =C11*I11 -> 9062.249 | K11: 0.62 | L11: =J11*K11 -> 5618.5944 | M11: =L11/C11 -> 0.1364 | O11: =J11-L11 -> 3443.6546 | P11: =C11-H11-J11+O11 -> 35408.678 | Q11: ='01 - Dados de Entrada'!#REF!*'02 - Evolução Populacional'!E10*365/1000 -> #REF! | R11: ='01 - Dados de Entrada'!$C$20*'02 - Evolução Populacional'!E10*365/1000 -> 316.95938 | S11: =P11+R11 -> 35725.638 | T11: 0 | U11: =(S11*T11) -> 0 | V11: 0 | W11: =((S11-U11)) -> 35725.638 | X11: =Q11 -> #REF! | Y11: =(L11+U11+H11)/(C11+R11) -> 0.13932792
A12: ='02 - Evolução Populacional'!A11 -> 4 | B12: ='02 - Evolução Populacional'!B11 -> 2028 | C12: ='01 - Dados de Entrada'!$C$18*'02 - Evolução Populacional'!E11*365/1000 -> 41500.043 | D12: =C12*'01 - Dados de Entrada'!$C$26 -> 16600.017 | E12: =C12*$E$7 -> 14525.015 | F12: =C12-D12-E12 -> 10375.011 | G12: 0.02 | H12: =D12*G12 -> 332.00034 | I12: 0.24 | J12: =C12*I12 -> 9960.0103 | K12: 0.63 | L12: =J12*K12 -> 6274.8065 | M12: =L12/C12 -> 0.1512 | N12: 0.143 | O12: =J12-L12 -> 3685.2038 | P12: =C12-H12-J12+O12 -> 34893.236 | Q12: ='01 - Dados de Entrada'!#REF!*'02 - Evolução Populacional'!E11*365/1000 -> #REF! | R12: ='01 - Dados de Entrada'!$C$20*'02 - Evolução Populacional'!E11*365/1000 -> 319.32936 | S12: =P12+R12 -> 35212.565 | T12: 0 | U12: =(S12*T12) -> 0 | V12: 0 | W12: =((S12-U12)) -> 35212.565 | X12: =Q12 -> #REF! | Y12: =(L12+U12+H12)/(C12+R12) -> 0.15798436 | Z12: 0.295
A13: ='02 - Evolução Populacional'!A12 -> 5 | B13: ='02 - Evolução Populacional'!B12 -> 2029 | C13: ='01 - Dados de Entrada'!$C$18*'02 - Evolução Populacional'!E12*365/1000 -> 41808.045 | D13: =C13*'01 - Dados de Entrada'!$C$26 -> 16723.218 | E13: =C13*$E$7 -> 14632.816 | F13: =C13-D13-E13 -> 10452.011 | G13: 0.02 | H13: =D13*G13 -> 334.46436 | I13: 0.25 | J13: =C13*I13 -> 10452.011 | K13: 0.64 | L13: =J13*K13 -> 6689.2872 | M13: =L13/C13 -> 0.16 | O13: =J13-L13 -> 3762.7241 | P13: =C13-H13-J13+O13 -> 34784.294 | Q13: ='01 - Dados de Entrada'!#REF!*'02 - Evolução Populacional'!E12*365/1000 -> #REF! | R13: ='01 - Dados de Entrada'!$C$20*'02 - Evolução Populacional'!E12*365/1000 -> 321.69933 | S13: =P13+R13 -> 35105.993 | T13: 0.5 | U13: =(S13*T13) -> 17552.996 | V13: =((S13-U13)) -> 17552.996 | W13: =((S13-U13)) -> 17552.996 | X13: =Q13 -> #REF! | Y13: =(L13+U13+H13)/(C13+R13) -> 0.58335858
A14: ='02 - Evolução Populacional'!A13 -> 6 | B14: ='02 - Evolução Populacional'!B13 -> 2030 | C14: ='01 - Dados de Entrada'!$C$18*'02 - Evolução Populacional'!E13*365/1000 -> 42116.047 | D14: =C14*'01 - Dados de Entrada'!$C$26 -> 16846.419 | E14: =C14*$E$7 -> 14740.617 | F14: =C14-D14-E14 -> 10529.012 | G14: 0.02 | H14: =D14*G14 -> 336.92838 | I14: 0.25 | J14: =C14*I14 -> 10529.012 | K14: 0.65 | L14: =J14*K14 -> 6843.8577 | M14: =L14/C14 -> 0.1625 | O14: =J14-L14 -> 3685.1541 | P14: =C14-H14-J14+O14 -> 34935.261 | Q14: ='01 - Dados de Entrada'!#REF!*'02 - Evolução Populacional'!E13*365/1000 -> #REF! | R14: ='01 - Dados de Entrada'!$C$20*'02 - Evolução Populacional'!E13*365/1000 -> 324.06931 | S14: =P14+R14 -> 35259.331 | T14: 0.5 | U14: =(S14*T14) -> 17629.665 | V14: =((S14-U14)) -> 17629.665 | W14: =((S14-U14)) -> 17629.665 | X14: =Q14 -> #REF! | Y14: =(L14+U14+H14)/(C14+R14) -> 0.58459904
A15: ='02 - Evolução Populacional'!A14 -> 7 | B15: ='02 - Evolução Populacional'!B14 -> 2031 | C15: ='01 - Dados de Entrada'!$C$18*'02 - Evolução Populacional'!E14*365/1000 -> 42303.026 | D15: =C15*'01 - Dados de Entrada'!$C$26 -> 16921.21 | E15: =C15*$E$7 -> 14806.059 | F15: =C15-D15-E15 -> 10575.756 | G15: 0.02 | H15: =D15*G15 -> 338.42421 | I15: 0.25 | J15: =C15*I15 -> 10575.756 | K15: 0.66 | L15: =J15*K15 -> 6979.9993 | M15: =L15/C15 -> 0.165 | O15: =J15-L15 -> 3595.7572 | P15: =C15-H15-J15+O15 -> 34984.602 | Q15: ='01 - Dados de Entrada'!#REF!*'02 - Evolução Populacional'!E14*365/1000 -> #REF! | R15: ='01 - Dados de Entrada'!$C$20*'02 - Evolução Populacional'!E14*365/1000 -> 325.50805 | S15: =P15+R15 -> 35310.11 | T15: 0.5 | U15: =(S15*T15) -> 17655.055 | V15: =((S15-U15)) -> 17655.055 | W15: =((S15-U15)) -> 17655.055 | X15: =Q15 -> #REF! | Y15: =(L15+U15+H15)/(C15+R15) -> 0.58583949
A16: ='02 - Evolução Populacional'!A15 -> 8 | B16: ='02 - Evolução Populacional'!B15 -> 2032 | C16: ='01 - Dados de Entrada'!$C$18*'02 - Evolução Populacional'!E15*365/1000 -> 42490.004 | D16: =C16*'01 - Dados de Entrada'!$C$26 -> 16996.002 | E16: =C16*$E$7 -> 14871.502 | F16: =C16-D16-E16 -> 10622.501 | G16: 0.02 | H16: =D16*G16 -> 339.92003 | I16: 0.25 | J16: =C16*I16 -> 10622.501 | K16: 0.67 | L16: =J16*K16 -> 7117.0757 | M16: =L16/C16 -> 0.1675 | N16: 0.191 | O16: =J16-L16 -> 3505.4254 | P16: =C16-H16-J16+O16 -> 35033.009 | Q16: ='01 - Dados de Entrada'!#REF!*'02 - Evolução Populacional'!E15*365/1000 -> #REF! | R16: ='01 - Dados de Entrada'!$C$20*'02 - Evolução Populacional'!E15*365/1000 -> 326.94679 | S16: =P16+R16 -> 35359.955 | T16: 0.5 | U16: =(S16*T16) -> 17679.978 | V16: =((S16-U16)) -> 17679.978 | W16: =((S16-U16)) -> 17679.978 | X16: =Q16 -> #REF! | Y16: =(L16+U16+H16)/(C16+R16) -> 0.58707995 | Z16: 0.419
A17: ='02 - Evolução Populacional'!A16 -> 9 | B17: ='02 - Evolução Populacional'!B16 -> 2033 | C17: ='01 - Dados de Entrada'!$C$18*'02 - Evolução Populacional'!E16*365/1000 -> 42676.769 | D17: =C17*'01 - Dados de Entrada'!$C$26 -> 17070.708 | E17: =C17*$E$7 -> 14936.869 | F17: =C17-D17-E17 -> 10669.192 | G17: 0.02 | H17: =D17*G17 -> 341.41416 | I17: 0.25 | J17: =C17*I17 -> 10669.192 | K17: 0.68 | L17: =J17*K17 -> 7255.0508 | M17: =L17/C17 -> 0.17 | O17: =J17-L17 -> 3414.1416 | P17: =C17-H17-J17+O17 -> 35080.304 | Q17: ='01 - Dados de Entrada'!#REF!*'02 - Evolução Populacional'!E16*365/1000 -> #REF! | R17: ='01 - Dados de Entrada'!$C$20*'02 - Evolução Populacional'!E16*365/1000 -> 328.38388 | S17: =P17+R17 -> 35408.688 | T17: 0.5 | U17: =(S17*T17) -> 17704.344 | V17: =((S17-U17)) -> 17704.344 | W17: =((S17-U17)) -> 17704.344 | X17: =Q17 -> #REF! | Y17: =(L17+U17+H17)/(C17+R17) -> 0.5883204
A18: ='02 - Evolução Populacional'!A17 -> 10 | B18: ='02 - Evolução Populacional'!B17 -> 2034 | C18: ='01 - Dados de Entrada'!$C$18*'02 - Evolução Populacional'!E17*365/1000 -> 42863.748 | D18: =C18*'01 - Dados de Entrada'!$C$26 -> 17145.499 | E18: =C18*$E$7 -> 15002.312 | F18: =C18-D18-E18 -> 10715.937 | G18: 0.02 | H18: =D18*G18 -> 342.90998 | I18: 0.25 | J18: =C18*I18 -> 10715.937 | K18: 0.72 | L18: =J18*K18 -> 7715.4746 | M18: =L18/C18 -> 0.18 | O18: =J18-L18 -> 3000.4624 | P18: =C18-H18-J18+O18 -> 34805.363 | Q18: ='01 - Dados de Entrada'!#REF!*'02 - Evolução Populacional'!E17*365/1000 -> #REF! | R18: ='01 - Dados de Entrada'!$C$20*'02 - Evolução Populacional'!E17*365/1000 -> 329.82262 | S18: =P18+R18 -> 35135.186 | T18: 0.5 | U18: =(S18*T18) -> 17567.593 | V18: =((S18-U18)) -> 17567.593 | W18: =((S18-U18)) -> 17567.593 | X18: =Q18 -> #REF! | Y18: =(L18+U18+H18)/(C18+R18) -> 0.59328222
A19: ='02 - Evolução Populacional'!A18 -> 11 | B19: ='02 - Evolução Populacional'!B18 -> 2035 | C19: ='01 - Dados de Entrada'!$C$18*'02 - Evolução Populacional'!E18*365/1000 -> 43050.726 | D19: =C19*'01 - Dados de Entrada'!$C$26 -> 17220.291 | E19: =C19*$E$7 -> 15067.754 | F19: =C19-D19-E19 -> 10762.682 | G19: 0.02 | H19: =D19*G19 -> 344.40581 | I19: 0.25 | J19: =C19*I19 -> 10762.682 | K19: 0.76 | L19: =J19*K19 -> 8179.638 | M19: =L19/C19 -> 0.19 | O19: =J19-L19 -> 2583.0436 | P19: =C19-H19-J19+O19 -> 34526.683 | Q19: ='01 - Dados de Entrada'!#REF!*'02 - Evolução Populacional'!E18*365/1000 -> #REF! | R19: ='01 - Dados de Entrada'!$C$20*'02 - Evolução Populacional'!E18*365/1000 -> 331.26136 | S19: =P19+R19 -> 34857.944 | T19: 0.5 | U19: =(S19*T19) -> 17428.972 | V19: =((S19-U19)) -> 17428.972 | W19: =((S19-U19)) -> 17428.972 | X19: =Q19 -> #REF! | Y19: =(L19+U19+H19)/(C19+R19) -> 0.59824404
A20: ='02 - Evolução Populacional'!A19 -> 12 | B20: ='02 - Evolução Populacional'!B19 -> 2036 | C20: ='01 - Dados de Entrada'!$C$18*'02 - Evolução Populacional'!E19*365/1000 -> 43151.259 | D20: =C20*'01 - Dados de Entrada'!$C$26 -> 17260.504 | E20: =C20*$E$7 -> 15102.941 | F20: =C20-D20-E20 -> 10787.815 | G20: 0.02 | H20: =D20*G20 -> 345.21007 | I20: 0.25 | J20: =C20*I20 -> 10787.815 | K20: 0.8 | L20: =J20*K20 -> 8630.2519 | M20: =L20/C20 -> 0.2 | N20: 0.239 | O20: =J20-L20 -> 2157.563 | P20: =C20-H20-J20+O20 -> 34175.797 | Q20: ='01 - Dados de Entrada'!#REF!*'02 - Evolução Populacional'!E19*365/1000 -> #REF! | R20: ='01 - Dados de Entrada'!$C$20*'02 - Evolução Populacional'!E19*365/1000 -> 332.03493 | S20: =P20+R20 -> 34507.832 | T20: 0.5 | U20: =(S20*T20) -> 17253.916 | V20: =((S20-U20)) -> 17253.916 | W20: =((S20-U20)) -> 17253.916 | X20: =Q20 -> #REF! | Y20: =(L20+U20+H20)/(C20+R20) -> 0.60320586 | Z20: 0.543
A21: ='02 - Evolução Populacional'!A20 -> 13 | B21: ='02 - Evolução Populacional'!B20 -> 2037 | C21: ='01 - Dados de Entrada'!$C$18*'02 - Evolução Populacional'!E20*365/1000 -> 43251.792 | D21: =C21*'01 - Dados de Entrada'!$C$26 -> 17300.717 | E21: =C21*$E$7 -> 15138.127 | F21: =C21-D21-E21 -> 10812.948 | G21: 0.02 | H21: =D21*G21 -> 346.01434 | I21: 0.25 | J21: =C21*I21 -> 10812.948 | K21: 0.8 | L21: =J21*K21 -> 8650.3584 | M21: =L21/C21 -> 0.2 | O21: =J21-L21 -> 2162.5896 | P21: =C21-H21-J21+O21 -> 34255.419 | Q21: ='01 - Dados de Entrada'!#REF!*'02 - Evolução Populacional'!E20*365/1000 -> #REF! | R21: ='01 - Dados de Entrada'!$C$20*'02 - Evolução Populacional'!E20*365/1000 -> 332.8085 | S21: =P21+R21 -> 34588.228 | T21: 0.5 | U21: =(S21*T21) -> 17294.114 | V21: =((S21-U21)) -> 17294.114 | W21: =((S21-U21)) -> 17294.114 | X21: =Q21 -> #REF! | Y21: =(L21+U21+H21)/(C21+R21) -> 0.60320586
A22: ='02 - Evolução Populacional'!A21 -> 14 | B22: ='02 - Evolução Populacional'!B21 -> 2038 | C22: ='01 - Dados de Entrada'!$C$18*'02 - Evolução Populacional'!E21*365/1000 -> 43352.325 | D22: =C22*'01 - Dados de Entrada'!$C$26 -> 17340.93 | E22: =C22*$E$7 -> 15173.314 | F22: =C22-D22-E22 -> 10838.081 | G22: 0.02 | H22: =D22*G22 -> 346.8186 | I22: 0.25 | J22: =C22*I22 -> 10838.081 | K22: 0.8 | L22: =J22*K22 -> 8670.465 | M22: =L22/C22 -> 0.2 | O22: =J22-L22 -> 2167.6163 | P22: =C22-H22-J22+O22 -> 34335.042 | Q22: ='01 - Dados de Entrada'!#REF!*'02 - Evolução Populacional'!E21*365/1000 -> #REF! | R22: ='01 - Dados de Entrada'!$C$20*'02 - Evolução Populacional'!E21*365/1000 -> 333.58207 | S22: =P22+R22 -> 34668.624 | T22: 0.5 | U22: =(S22*T22) -> 17334.312 | V22: =((S22-U22)) -> 17334.312 | W22: =((S22-U22)) -> 17334.312 | X22: =Q22 -> #REF! | Y22: =(L22+U22+H22)/(C22+R22) -> 0.60320586
A23: ='02 - Evolução Populacional'!A22 -> 15 | B23: ='02 - Evolução Populacional'!B22 -> 2039 | C23: ='01 - Dados de Entrada'!$C$18*'02 - Evolução Populacional'!E22*365/1000 -> 43452.858 | D23: =C23*'01 - Dados de Entrada'!$C$26 -> 17381.143 | E23: =C23*$E$7 -> 15208.5 | F23: =C23-D23-E23 -> 10863.215 | G23: 0.02 | H23: =D23*G23 -> 347.62286 | I23: 0.25 | J23: =C23*I23 -> 10863.215 | K23: 0.8 | L23: =J23*K23 -> 8690.5716 | M23: =L23/C23 -> 0.2 | O23: =J23-L23 -> 2172.6429 | P23: =C23-H23-J23+O23 -> 34414.664 | Q23: ='01 - Dados de Entrada'!#REF!*'02 - Evolução Populacional'!E22*365/1000 -> #REF! | R23: ='01 - Dados de Entrada'!$C$20*'02 - Evolução Populacional'!E22*365/1000 -> 334.35563 | S23: =P23+R23 -> 34749.019 | T23: 0.5 | U23: =(S23*T23) -> 17374.51 | V23: =((S23-U23)) -> 17374.51 | W23: =((S23-U23)) -> 17374.51 | X23: =Q23 -> #REF! | Y23: =(L23+U23+H23)/(C23+R23) -> 0.60320586
A24: ='02 - Evolução Populacional'!A23 -> 16 | B24: ='02 - Evolução Populacional'!B23 -> 2040 | C24: ='01 - Dados de Entrada'!$C$18*'02 - Evolução Populacional'!E23*365/1000 -> 43553.391 | D24: =C24*'01 - Dados de Entrada'!$C$26 -> 17421.356 | E24: =C24*$E$7 -> 15243.687 | F24: =C24-D24-E24 -> 10888.348 | G24: 0.02 | H24: =D24*G24 -> 348.42713 | I24: 0.25 | J24: =C24*I24 -> 10888.348 | K24: 0.8 | L24: =J24*K24 -> 8710.6782 | M24: =L24/C24 -> 0.2 | N24: 0.287 | O24: =J24-L24 -> 2177.6696 | P24: =C24-H24-J24+O24 -> 34494.286 | Q24: ='01 - Dados de Entrada'!#REF!*'02 - Evolução Populacional'!E23*365/1000 -> #REF! | R24: ='01 - Dados de Entrada'!$C$20*'02 - Evolução Populacional'!E23*365/1000 -> 335.1292 | S24: =P24+R24 -> 34829.415 | T24: 0.6 | U24: =(S24*T24) -> 20897.649 | V24: =((S24-U24)) -> 13931.766 | W24: =((S24-U24)) -> 13931.766 | X24: =Q24 -> #REF! | Y24: =(L24+U24+H24)/(C24+R24) -> 0.68256469 | Z24: 0.667
A25: ='02 - Evolução Populacional'!A24 -> 17 | B25: ='02 - Evolução Populacional'!B24 -> 2041 | C25: ='01 - Dados de Entrada'!$C$18*'02 - Evolução Populacional'!E24*365/1000 -> 43561.715 | D25: =C25*'01 - Dados de Entrada'!$C$26 -> 17424.686 | E25: =C25*$E$7 -> 15246.6 | F25: =C25-D25-E25 -> 10890.429 | G25: 0.02 | H25: =D25*G25 -> 348.49372 | I25: 0.25 | J25: =C25*I25 -> 10890.429 | K25: 0.8 | L25: =J25*K25 -> 8712.3431 | M25: =L25/C25 -> 0.2 | O25: =J25-L25 -> 2178.0858 | P25: =C25-H25-J25+O25 -> 34500.879 | Q25: ='01 - Dados de Entrada'!#REF!*'02 - Evolução Populacional'!E24*365/1000 -> #REF! | R25: ='01 - Dados de Entrada'!$C$20*'02 - Evolução Populacional'!E24*365/1000 -> 335.19326 | S25: =P25+R25 -> 34836.072 | T25: 0.6 | U25: =(S25*T25) -> 20901.643 | V25: =((S25-U25)) -> 13934.429 | W25: =((S25-U25)) -> 13934.429 | X25: =Q25 -> #REF! | Y25: =(L25+U25+H25)/(C25+R25) -> 0.68256469
A26: ='02 - Evolução Populacional'!A25 -> 18 | B26: ='02 - Evolução Populacional'!B25 -> 2042 | C26: ='01 - Dados de Entrada'!$C$18*'02 - Evolução Populacional'!E25*365/1000 -> 43570.253 | D26: =C26*'01 - Dados de Entrada'!$C$26 -> 17428.101 | E26: =C26*$E$7 -> 15249.589 | F26: =C26-D26-E26 -> 10892.563 | G26: 0.02 | H26: =D26*G26 -> 348.56203 | I26: 0.25 | J26: =C26*I26 -> 10892.563 | K26: 0.8 | L26: =J26*K26 -> 8714.0507 | M26: =L26/C26 -> 0.2 | O26: =J26-L26 -> 2178.5127 | P26: =C26-H26-J26+O26 -> 34507.641 | Q26: ='01 - Dados de Entrada'!#REF!*'02 - Evolução Populacional'!E25*365/1000 -> #REF! | R26: ='01 - Dados de Entrada'!$C$20*'02 - Evolução Populacional'!E25*365/1000 -> 335.25895 | S26: =P26+R26 -> 34842.9 | T26: 0.6 | U26: =(S26*T26) -> 20905.74 | V26: =((S26-U26)) -> 13937.16 | W26: =((S26-U26)) -> 13937.16 | X26: =Q26 -> #REF! | Y26: =(L26+U26+H26)/(C26+R26) -> 0.68256469
A27: ='02 - Evolução Populacional'!A26 -> 19 | B27: ='02 - Evolução Populacional'!B26 -> 2043 | C27: ='01 - Dados de Entrada'!$C$18*'02 - Evolução Populacional'!E26*365/1000 -> 43578.578 | D27: =C27*'01 - Dados de Entrada'!$C$26 -> 17431.431 | E27: =C27*$E$7 -> 15252.502 | F27: =C27-D27-E27 -> 10894.644 | G27: 0.02 | H27: =D27*G27 -> 348.62862 | I27: 0.25 | J27: =C27*I27 -> 10894.644 | K27: 0.8 | L27: =J27*K27 -> 8715.7155 | M27: =L27/C27 -> 0.2 | O27: =J27-L27 -> 2178.9289 | P27: =C27-H27-J27+O27 -> 34514.234 | Q27: ='01 - Dados de Entrada'!#REF!*'02 - Evolução Populacional'!E26*365/1000 -> #REF! | R27: ='01 - Dados de Entrada'!$C$20*'02 - Evolução Populacional'!E26*365/1000 -> 335.323 | S27: =P27+R27 -> 34849.557 | T27: 0.6 | U27: =(S27*T27) -> 20909.734 | V27: =((S27-U27)) -> 13939.823 | W27: =((S27-U27)) -> 13939.823 | X27: =Q27 -> #REF! | Y27: =(L27+U27+H27)/(C27+R27) -> 0.68256469
A28: ='02 - Evolução Populacional'!A27 -> 20 | B28: ='02 - Evolução Populacional'!B27 -> 2044 | C28: ='01 - Dados de Entrada'!$C$18*'02 - Evolução Populacional'!E27*365/1000 -> 43586.902 | D28: =C28*'01 - Dados de Entrada'!$C$26 -> 17434.761 | E28: =C28*$E$7 -> 15255.416 | F28: =C28-D28-E28 -> 10896.726 | G28: 0.02 | H28: =D28*G28 -> 348.69522 | I28: 0.25 | J28: =C28*I28 -> 10896.726 | K28: 0.8 | L28: =J28*K28 -> 8717.3804 | M28: =L28/C28 -> 0.2 | O28: =J28-L28 -> 2179.3451 | P28: =C28-H28-J28+O28 -> 34520.826 | Q28: ='01 - Dados de Entrada'!#REF!*'02 - Evolução Populacional'!E27*365/1000 -> #REF! | R28: ='01 - Dados de Entrada'!$C$20*'02 - Evolução Populacional'!E27*365/1000 -> 335.38706 | S28: =P28+R28 -> 34856.213 | T28: 0.6 | U28: =(S28*T28) -> 20913.728 | V28: =((S28-U28)) -> 13942.485 | W28: =((S28-U28)) -> 13942.485 | X28: =Q28 -> #REF! | Y28: =(L28+U28+H28)/(C28+R28) -> 0.68256469
A29: ='02 - Evolução Populacional'!A28 -> 21 | B29: ='02 - Evolução Populacional'!B28 -> 2045 | C29: ='01 - Dados de Entrada'!$C$18*'02 - Evolução Populacional'!E28*365/1000 -> 43595.44 | D29: =C29*'01 - Dados de Entrada'!$C$26 -> 17438.176 | E29: =C29*$E$7 -> 15258.404 | F29: =C29-D29-E29 -> 10898.86 | G29: 0.02 | H29: =D29*G29 -> 348.76352 | I29: 0.25 | J29: =C29*I29 -> 10898.86 | K29: 0.8 | L29: =J29*K29 -> 8719.088 | M29: =L29/C29 -> 0.2 | O29: =J29-L29 -> 2179.772 | P29: =C29-H29-J29+O29 -> 34527.588 | Q29: ='01 - Dados de Entrada'!#REF!*'02 - Evolução Populacional'!E28*365/1000 -> #REF! | R29: ='01 - Dados de Entrada'!$C$20*'02 - Evolução Populacional'!E28*365/1000 -> 335.45275 | S29: =P29+R29 -> 34863.041 | T29: 0.6 | U29: =(S29*T29) -> 20917.825 | V29: =((S29-U29)) -> 13945.216 | W29: =((S29-U29)) -> 13945.216 | X29: =Q29 -> #REF! | Y29: =(L29+U29+H29)/(C29+R29) -> 0.68256469
A30: ='02 - Evolução Populacional'!A29 -> 22 | B30: ='02 - Evolução Populacional'!B29 -> 2046 | C30: ='01 - Dados de Entrada'!$C$18*'02 - Evolução Populacional'!E29*365/1000 -> 43524.362 | D30: =C30*'01 - Dados de Entrada'!$C$26 -> 17409.745 | E30: =C30*$E$7 -> 15233.527 | F30: =C30-D30-E30 -> 10881.091 | G30: 0.02 | H30: =D30*G30 -> 348.1949 | I30: 0.25 | J30: =C30*I30 -> 10881.091 | K30: 0.8 | L30: =J30*K30 -> 8704.8725 | M30: =L30/C30 -> 0.2 | O30: =J30-L30 -> 2176.2181 | P30: =C30-H30-J30+O30 -> 34471.295 | Q30: ='01 - Dados de Entrada'!#REF!*'02 - Evolução Populacional'!E29*365/1000 -> #REF! | R30: ='01 - Dados de Entrada'!$C$20*'02 - Evolução Populacional'!E29*365/1000 -> 334.90584 | S30: =P30+R30 -> 34806.201 | T30: 0.6 | U30: =(S30*T30) -> 20883.721 | V30: =((S30-U30)) -> 13922.48 | W30: =((S30-U30)) -> 13922.48 | X30: =Q30 -> #REF! | Y30: =(L30+U30+H30)/(C30+R30) -> 0.68256469
A31: ='02 - Evolução Populacional'!A30 -> 23 | B31: ='02 - Evolução Populacional'!B30 -> 2047 | C31: ='01 - Dados de Entrada'!$C$18*'02 - Evolução Populacional'!E30*365/1000 -> 43453.285 | D31: =C31*'01 - Dados de Entrada'!$C$26 -> 17381.314 | E31: =C31*$E$7 -> 15208.65 | F31: =C31-D31-E31 -> 10863.321 | G31: 0.02 | H31: =D31*G31 -> 347.62628 | I31: 0.25 | J31: =C31*I31 -> 10863.321 | K31: 0.8 | L31: =J31*K31 -> 8690.657 | M31: =L31/C31 -> 0.2 | O31: =J31-L31 -> 2172.6643 | P31: =C31-H31-J31+O31 -> 34415.002 | Q31: ='01 - Dados de Entrada'!#REF!*'02 - Evolução Populacional'!E30*365/1000 -> #REF! | R31: ='01 - Dados de Entrada'!$C$20*'02 - Evolução Populacional'!E30*365/1000 -> 334.35892 | S31: =P31+R31 -> 34749.361 | T31: 0.6 | U31: =(S31*T31) -> 20849.616 | V31: =((S31-U31)) -> 13899.744 | W31: =((S31-U31)) -> 13899.744 | X31: =Q31 -> #REF! | Y31: =(L31+U31+H31)/(C31+R31) -> 0.68256469
A32: ='02 - Evolução Populacional'!A31 -> 24 | B32: ='02 - Evolução Populacional'!B31 -> 2048 | C32: ='01 - Dados de Entrada'!$C$18*'02 - Evolução Populacional'!E31*365/1000 -> 43382.208 | D32: =C32*'01 - Dados de Entrada'!$C$26 -> 17352.883 | E32: =C32*$E$7 -> 15183.773 | F32: =C32-D32-E32 -> 10845.552 | G32: 0.02 | H32: =D32*G32 -> 347.05766 | I32: 0.25 | J32: =C32*I32 -> 10845.552 | K32: 0.8 | L32: =J32*K32 -> 8676.4415 | M32: =L32/C32 -> 0.2 | O32: =J32-L32 -> 2169.1104 | P32: =C32-H32-J32+O32 -> 34358.708 | Q32: ='01 - Dados de Entrada'!#REF!*'02 - Evolução Populacional'!E31*365/1000 -> #REF! | R32: ='01 - Dados de Entrada'!$C$20*'02 - Evolução Populacional'!E31*365/1000 -> 333.812 | S32: =P32+R32 -> 34692.52 | T32: 0.6 | U32: =(S32*T32) -> 20815.512 | V32: =((S32-U32)) -> 13877.008 | W32: =((S32-U32)) -> 13877.008 | X32: =Q32 -> #REF! | Y32: =(L32+U32+H32)/(C32+R32) -> 0.68256469
A33: ='02 - Evolução Populacional'!A32 -> 25 | B33: ='02 - Evolução Populacional'!B32 -> 2049 | C33: ='01 - Dados de Entrada'!$C$18*'02 - Evolução Populacional'!E32*365/1000 -> 43310.917 | D33: =C33*'01 - Dados de Entrada'!$C$26 -> 17324.367 | E33: =C33*$E$7 -> 15158.821 | F33: =C33-D33-E33 -> 10827.729 | G33: 0.02 | H33: =D33*G33 -> 346.48733 | I33: 0.25 | J33: =C33*I33 -> 10827.729 | K33: 0.8 | L33: =J33*K33 -> 8662.1833 | M33: =L33/C33 -> 0.2 | O33: =J33-L33 -> 2165.5458 | P33: =C33-H33-J33+O33 -> 34302.246 | Q33: ='01 - Dados de Entrada'!#REF!*'02 - Evolução Populacional'!E32*365/1000 -> #REF! | R33: ='01 - Dados de Entrada'!$C$20*'02 - Evolução Populacional'!E32*365/1000 -> 333.26344 | S33: =P33+R33 -> 34635.509 | T33: 0.6 | U33: =(S33*T33) -> 20781.306 | V33: =((S33-U33)) -> 13854.204 | W33: =((S33-U33)) -> 13854.204 | X33: =Q33 -> #REF! | Y33: =(L33+U33+H33)/(C33+R33) -> 0.68256469
A34: ='02 - Evolução Populacional'!A33 -> 26 | B34: ='02 - Evolução Populacional'!B33 -> 2050 | C34: ='01 - Dados de Entrada'!$C$18*'02 - Evolução Populacional'!E33*365/1000 -> 43239.839 | D34: =C34*'01 - Dados de Entrada'!$C$26 -> 17295.936 | E34: =C34*$E$7 -> 15133.944 | F34: =C34-D34-E34 -> 10809.96 | G34: 0.02 | H34: =D34*G34 -> 345.91871 | I34: 0.25 | J34: =C34*I34 -> 10809.96 | K34: 0.8 | L34: =J34*K34 -> 8647.9679 | M34: =L34/C34 -> 0.2 | O34: =J34-L34 -> 2161.992 | P34: =C34-H34-J34+O34 -> 34245.953 | Q34: ='01 - Dados de Entrada'!#REF!*'02 - Evolução Populacional'!E33*365/1000 -> #REF! | R34: ='01 - Dados de Entrada'!$C$20*'02 - Evolução Populacional'!E33*365/1000 -> 332.71652 | S34: =P34+R34 -> 34578.669 | T34: 0.6 | U34: =(S34*T34) -> 20747.202 | V34: =((S34-U34)) -> 13831.468 | W34: =((S34-U34)) -> 13831.468 | X34: =Q34 -> #REF! | Y34: =(L34+U34+H34)/(C34+R34) -> 0.68256469
A35: ='02 - Evolução Populacional'!A34 -> 27 | B35: ='02 - Evolução Populacional'!B34 -> 2051 | C35: ='01 - Dados de Entrada'!$C$18*'02 - Evolução Populacional'!E34*365/1000 -> 43091.281 | D35: =C35*'01 - Dados de Entrada'!$C$26 -> 17236.512 | E35: =C35*$E$7 -> 15081.948 | F35: =C35-D35-E35 -> 10772.82 | G35: 0.02 | H35: =D35*G35 -> 344.73025 | I35: 0.25 | J35: =C35*I35 -> 10772.82 | K35: 0.8 | L35: =J35*K35 -> 8618.2562 | M35: =L35/C35 -> 0.2 | O35: =J35-L35 -> 2154.5641 | P35: =C35-H35-J35+O35 -> 34128.295 | Q35: ='01 - Dados de Entrada'!#REF!*'02 - Evolução Populacional'!E34*365/1000 -> #REF! | R35: ='01 - Dados de Entrada'!$C$20*'02 - Evolução Populacional'!E34*365/1000 -> 331.57342 | S35: =P35+R35 -> 34459.868 | T35: 0.6 | U35: =(S35*T35) -> 20675.921 | V35: =((S35-U35)) -> 13783.947 | W35: =((S35-U35)) -> 13783.947 | X35: =Q35 -> #REF! | Y35: =(L35+U35+H35)/(C35+R35) -> 0.68256469
A36: ='02 - Evolução Populacional'!A35 -> 28 | B36: ='02 - Evolução Populacional'!B35 -> 2052 | C36: ='01 - Dados de Entrada'!$C$18*'02 - Evolução Populacional'!E35*365/1000 -> 42942.723 | D36: =C36*'01 - Dados de Entrada'!$C$26 -> 17177.089 | E36: =C36*$E$7 -> 15029.953 | F36: =C36-D36-E36 -> 10735.681 | G36: 0.02 | H36: =D36*G36 -> 343.54178 | I36: 0.25 | J36: =C36*I36 -> 10735.681 | K36: 0.8 | L36: =J36*K36 -> 8588.5446 | M36: =L36/C36 -> 0.2 | O36: =J36-L36 -> 2147.1361 | P36: =C36-H36-J36+O36 -> 34010.636 | Q36: ='01 - Dados de Entrada'!#REF!*'02 - Evolução Populacional'!E35*365/1000 -> #REF! | R36: ='01 - Dados de Entrada'!$C$20*'02 - Evolução Populacional'!E35*365/1000 -> 330.43031 | S36: =P36+R36 -> 34341.067 | T36: 0.6 | U36: =(S36*T36) -> 20604.64 | V36: =((S36-U36)) -> 13736.427 | W36: =((S36-U36)) -> 13736.427 | X36: =Q36 -> #REF! | Y36: =(L36+U36+H36)/(C36+R36) -> 0.68256469
... A43: ='02 - Evolução Populacional'!A42 -> 35 | B43: ='02 - Evolução Populacional'!B42 -> 2059 | C43: ='01 - Dados de Entrada'!$C$18*'02 - Evolução Populacional'!E42*365/1000 -> 41523.735 | D43: =C43*'01 - Dados de Entrada'!$C$26 -> 16609.494 | E43: =C43*$E$7 -> 14533.307 | F43: =C43-D43-E43 -> 10380.934 | G43: 0.02 | H43: =D43*G43 -> 332.18988 | I43: 0.25 | J43: =C43*I43 -> 10380.934 | K43: 0.8 | L43: =J43*K43 -> 8304.7471 | M43: =L43/C43 -> 0.2 | O43: =J43-L43 -> 2076.1868 | P43: =C43-H43-J43+O43 -> 32886.798 | Q43: ='01 - Dados de Entrada'!#REF!*'02 - Evolução Populacional'!E42*365/1000 -> #REF! | R43: ='01 - Dados de Entrada'!$C$20*'02 - Evolução Populacional'!E42*365/1000 -> 319.51166 | S43: =P43+R43 -> 33206.31 | T43: 0.6 | U43: =(S43*T43) -> 19923.786 | V43: =((S43-U43)) -> 13282.524 | W43: =((S43-U43)) -> 13282.524 | X43: =Q43 -> #REF! | Y43: =(L43+U43+H43)/(C43+R43) -> 0.68256469
C44: =SUM(C9:C43) -> 1494551.6 | D44: =SUM(D9:D43) -> 597820.64 | E44: =SUM(E9:E43) -> 523093.06 | F44: =SUM(F9:F43) -> 373637.9 | H44: =SUM(H9:H43) -> 11303.5 | J44: =SUM(J9:J43) -> 367335.9 | L44: =SUM(L9:L43) -> 278802.87 | O44: =SUM(O9:O43) -> 88533.033 | P44: =SUM(P9:P43) -> 1204445.2 | Q44: =SUM(Q9:Q43) -> #REF! | R44: =SUM(R9:R43) -> 11500.089 | S44: =SUM(S9:S43) -> 1215945.3 | U44: =SUM(U9:U43) -> 605061.69 | V44: =SUM(V9:V43) -> 467532.95 | W44: =SUM(W9:W43) -> 610883.63 | X44: =SUM(X9:X43) -> #REF!

Sheet 04 - Veículos e Equipamentos
A1: PREFEITURA MUNICIPAL DE JARAGUÁ DO SUL
A2: ESTUDO DE VIABILIDADE ECONÔMICA PARA A CONCESSÃO DOS SERVIÇOS DE LIMPEZA PÚBLICA E MANEJO DE RESÍDUOS SÓLIDOS
A3: VEÍCULOS E EQUIPAMENTOS
A5: Número de Veículos por Categoria | B5: Ano 01 | C5: Ano 02 | D5: Ano 03 | E5: Ano 04 | F5: Ano 05 | G5: Ano 06 | H5: Ano 07 | I5: Ano 08 | J5: Ano 09 | K5: Ano 10 | L5: Ano 11 | M5: Ano 12 | N5: Ano 13 | O5: Ano 14 | P5: Ano 15 | Q5: Ano 16 | R5: Ano 17 | S5: Ano 18 | T5: Ano 19 | U5: Ano 20 | V5: Ano 21 | W5: Ano 22 | X5: Ano 23 | Y5: Ano 24 | Z5: Ano 25 | AA5: Ano 26 | AB5: Ano 27 | AC5: Ano 28 | AD5: Ano 29 | AE5: Ano 30 | AF5: Ano 31 | AG5: Ano 32 | AH5: Ano 33 | AI5: Ano 34 | AJ5: Ano 35
A6: Operação Coleta e Transporte de Resíduos
A7: Caminhão Compactador - Coleta convencional manual | B7: 0 | C7: 0 | D7: 0 | E7: 0 | F7: 0 | G7: 0 | H7: 0 | I7: 0 | J7: 0 | K7: 0 | L7: 0 | M7: 0 | N7: 0 | O7: 0 | P7: 0 | Q7: 0 | R7: 0 | S7: 0 | T7: 0 | U7: 0 | V7: 0 | W7: 0 | X7: 0 | Y7: 0 | Z7: 0 | AA7: 0 | AB7: 0 | AC7: 0 | AD7: 0 | AE7: 0 | AF7: 0 | AG7: 0 | AH7: 0 | AI7: 0 | AJ7: 0
A8: Caminhão Compactador - Coleta convencional (reserva) | B8: =ROUNDUP(B9*'01 - Dados de Entrada'!$C$181,0) -> 1 | C8: =ROUNDUP(C9*'01 - Dados de Entrada'!$C$181,0) -> 1 | D8: =ROUNDUP(D9*'01 - Dados de Entrada'!$C$181,0) -> 1 | E8: =ROUNDUP(E9*'01 - Dados de Entrada'!$C$181,0) -> 1 | F8: =ROUNDUP(F9*'01 - Dados de Entrada'!$C$181,0) -> 1 | G8: =ROUNDUP(G9*'01 - Dados de Entrada'!$C$181,0) -> 1 | H8: =ROUNDUP(H9*'01 - Dados de Entrada'!$C$181,0) -> 1 | I8: =ROUNDUP(I9*'01 - Dados de Entrada'!$C$181,0) -> 1 | ... AJ8: =ROUNDUP(AJ9*'01 - Dados de Entrada'!$C$181,0) -> 1
A9: Caminhão Compactador - Coleta convencional mecanizada | B9: 4 | C9: 4 | D9: 4 | E9: 4 | F9: 4 | G9: 5 | H9: 5 | I9: 5 | J9: 5 | K9: 5 | L9: 5 | M9: 5 | N9: 5 | O9: 5 | P9: 5 | Q9: 5 | R9: 5 | S9: 5 | T9: 5 | U9: 5 | V9: 5 | W9: 5 | X9: 5 | Y9: 5 | Z9: 5 | AA9: 5 | AB9: 5 | AC9: 5 | AD9: 5 | AE9: 5 | AF9: 5 | AG9: 5 | AH9: 5 | AI9: 5 | AJ9: 5
A10: Caminhão Compactador de Pequeno Porte | B10: ='01 - Dados de Entrada'!$C$185 -> 2 | C10: ='01 - Dados de Entrada'!$C$185 -> 2 | D10: ='01 - Dados de Entrada'!$C$185 -> 2 | E10: ='01 - Dados de Entrada'!$C$185 -> 2 | F10: ='01 - Dados de Entrada'!$C$185 -> 2 | G10: ='01 - Dados de Entrada'!$C$185 -> 2 | H10: ='01 - Dados de Entrada'!$C$185 -> 2 | I10: ='01 - Dados de Entrada'!$C$185 -> 2 | ... AJ10: ='01 - Dados de Entrada'!$C$185 -> 2
A11: Caminhão Compactador de Pequeno Porte (reserva) | B11: =ROUNDUP(B10*'01 - Dados de Entrada'!$C$181,0) -> 1 | C11: =ROUNDUP(C10*'01 - Dados de Entrada'!$C$181,0) -> 1 | D11: =ROUNDUP(D10*'01 - Dados de Entrada'!$C$181,0) -> 1 | E11: =ROUNDUP(E10*'01 - Dados de Entrada'!$C$181,0) -> 1 | F11: =ROUNDUP(F10*'01 - Dados de Entrada'!$C$181,0) -> 1 | G11: =ROUNDUP(G10*'01 - Dados de Entrada'!$C$181,0) -> 1 | H11: =ROUNDUP(H10*'01 - Dados de Entrada'!$C$181,0) -> 1 | I11: =ROUNDUP(I10*'01 - Dados de Entrada'!$C$181,0) -> 1 | ... AJ11: =ROUNDUP(AJ10*'01 - Dados de Entrada'!$C$181,0) -> 1
A12: Total de veículos compactadores operacionais 15m³ | B12: =B7+B9 -> 4 | C12: =C7+C9 -> 4 | D12: =D7+D9 -> 4 | E12: =E7+E9 -> 4 | F12: =F7+F9 -> 4 | G12: =G7+G9 -> 5 | H12: =H7+H9 -> 5 | I12: =I7+I9 -> 5 | ... AJ12: =AJ7+AJ9 -> 5
A13: Total de veículos compactadores | B13: =SUM(B7:B11) -> 8 | C13: =SUM(C7:C11) -> 8 | D13: =SUM(D7:D11) -> 8 | E13: =SUM(E7:E11) -> 8 | F13: =SUM(F7:F11) -> 8 | G13: =SUM(G7:G11) -> 9 | H13: =SUM(H7:H11) -> 9 | I13: =SUM(I7:I11) -> 9 | ... AJ13: =SUM(AJ7:AJ11) -> 9
A14: Caminhão com caçamba de lavação de contentores (col. Mecanizada) | B14: 1 | C14: 1 | D14: 1 | E14: 1 | F14: 1 | G14: 1 | H14: 1 | I14: 1 | J14: 1 | K14: 1 | L14: 1 | M14: 1 | N14: 1 | O14: 1 | P14: 1 | Q14: 1 | R14: 1 | S14: 1 | T14: 1 | U14: 1 | V14: 1 | W14: 1 | X14: 1 | Y14: 1 | Z14: 1 | AA14: 1 | AB14: 1 | AC14: 1 | AD14: 1 | AE14: 1 | AF14: 1 | AG14: 1 | AH14: 1 | AI14: 1 | AJ14: 1
A15: Veículo Utilitário leve | B15: =ROUND(B13/10,0) -> 1 | C15: =ROUND(C13/10,0) -> 1 | D15: =ROUND(D13/10,0) -> 1 | E15: =ROUND(E13/10,0) -> 1 | F15: =ROUND(F13/10,0) -> 1 | G15: =ROUND(G13/10,0) -> 1 | H15: =ROUND(H13/10,0) -> 1 | I15: =ROUND(I13/10,0) -> 1 | ... AJ15: =ROUND(AJ13/10,0) -> 1
A16: Motocicleta | B16: =ROUND(B13/6,0) -> 1 | C16: =ROUND(C13/6,0) -> 1 | D16: =ROUND(D13/6,0) -> 1 | E16: =ROUND(E13/6,0) -> 1 | F16: =ROUND(F13/6,0) -> 1 | G16: =ROUND(G13/6,0) -> 2 | H16: =ROUND(H13/6,0) -> 2 | I16: =ROUND(I13/6,0) -> 2 | ... AJ16: =ROUND(AJ13/6,0) -> 2
A17: Operação Coleta Seletiva
A18: Caminhão Compactador - Coleta seletiva manual | B18: =7-B20 -> 0 | C18: =7-C20 -> 0 | D18: =7-D20 -> 0 | E18: =7-E20 -> 0 | F18: =7-F20 -> 0 | G18: =7-G20 -> 0 | H18: =7-H20 -> 0 | I18: =8-I20 -> 0 | J18: =8-J20 -> 0 | K18: =8-K20 -> 0 | L18: =8-L20 -> 0 | M18: =8-M20 -> 0 | N18: =8-N20 -> 0 | O18: =8-O20 -> 0 | P18: =8-P20 -> 0 | ... AJ18: =8-AJ20 -> 0
A19: Caminhão Compactador - Coleta seletiva (reserva) | B19: =ROUNDUP(B21*'01 - Dados de Entrada'!$C$181,0) -> 2 | C19: =ROUNDUP(C21*'01 - Dados de Entrada'!$C$181,0) -> 2 | D19: =ROUNDUP(D21*'01 - Dados de Entrada'!$C$181,0) -> 2 | E19: =ROUNDUP(E21*'01 - Dados de Entrada'!$C$181,0) -> 2 | F19: =ROUNDUP(F21*'01 - Dados de Entrada'!$C$181,0) -> 2 | G19: =ROUNDUP(G21*'01 - Dados de Entrada'!$C$181,0) -> 2 | H19: =ROUNDUP(H21*'01 - Dados de Entrada'!$C$181,0) -> 2 | I19: =ROUNDUP(I21*'01 - Dados de Entrada'!$C$181,0) -> 2 | ... AJ19: =ROUNDUP(AJ21*'01 - Dados de Entrada'!$C$181,0) -> 2
A20: Caminhão Compactador - Coleta seletiva mecanizada | B20: 7 | C20: 7 | D20: 7 | E20: 7 | F20: 7 | G20: 7 | H20: 7 | I20: 8 | J20: 8 | K20: 8 | L20: 8 | M20: 8 | N20: 8 | O20: 8 | P20: 8 | Q20: 8 | R20: 8 | S20: 8 | T20: 8 | U20: 8 | V20: 8 | W20: 8 | X20: 8 | Y20: 8 | Z20: 8 | AA20: 8 | AB20: 8 | AC20: 8 | AD20: 8 | AE20: 8 | AF20: 8 | AG20: 8 | AH20: 8 | AI20: 8 | AJ20: 8
A21: Total de veículos compactadores operacionais 15m³ | B21: =B18+B20 -> 7 | C21: =C18+C20 -> 7 | D21: =D18+D20 -> 7 | E21: =E18+E20 -> 7 | F21: =F18+F20 -> 7 | G21: =G18+G20 -> 7 | H21: =H18+H20 -> 7 | I21: =I18+I20 -> 8 | ... AJ21: =AJ18+AJ20 -> 8
A22: Veículo Utilitário leve (distribuição de sacos verdes) | B22: 1 | C22: 1 | D22: 1 | E22: 1 | F22: 1 | G22: 1 | H22: 1 | I22: 1 | J22: 1 | K22: 1 | L22: 1 | M22: 1 | N22: 1 | O22: 1 | P22: 1 | Q22: 1 | R22: 1 | S22: 1 | T22: 1 | U22: 1 | V22: 1 | W22: 1 | X22: 1 | Y22: 1 | Z22: 1 | AA22: 1 | AB22: 1 | AC22: 1 | AD22: 1 | AE22: 1 | AF22: 1 | AG22: 1 | AH22: 1 | AI22: 1 | AJ22: 1
A23: Motocicleta | B23: 1 | C23: 1 | D23: 1 | E23: 1 | F23: 1 | G23: 1 | H23: 1 | I23: 1 | J23: 1 | K23: 1 | L23: 1 | M23: 1 | N23: 1 | O23: 1 | P23: 1 | Q23: 1 | R23: 1 | S23: 1 | T23: 1 | U23: 1 | V23: 1 | W23: 1 | X23: 1 | Y23: 1 | Z23: 1 | AA23: 1 | AB23: 1 | AC23: 1 | AD23: 1 | AE23: 1 | AF23: 1 | AG23: 1 | AH23: 1 | AI23: 1 | AJ23: 1
A24: Manutenção | B24: 0 | C24: 0 | D24: 0 | E24: 0 | F24: 0 | G24: 0 | H24: 0 | I24: 0 | J24: 0 | K24: 0 | L24: 0 | M24: 0 | N24: 0 | O24: 0 | P24: 0 | Q24: 0 | R24: 0 | S24: 0 | T24: 0 | U24: 0 | V24: 0 | W24: 0 | X24: 0 | Y24: 0 | Z24: 0 | AA24: 0 | AB24: 0 | AC24: 0 | AD24: 0 | AE24: 0 | AF24: 0 | AG24: 0 | AH24: 0 | AI24: 0 | AJ24: 0
A25: Veículo Utilitário leve | B25: =ROUND((B7+B9+B10+B14+B15+B16+B18+B20+B22+B23)/20,0) -> 1 | C25: =ROUND((C7+C9+C10+C14+C15+C16+C18+C20+C22+C23)/20,0) -> 1 | D25: =ROUND((D7+D9+D10+D14+D15+D16+D18+D20+D22+D23)/20,0) -> 1 | E25: =ROUND((E7+E9+E10+E14+E15+E16+E18+E20+E22+E23)/20,0) -> 1 | F25: =ROUND((F7+F9+F10+F14+F15+F16+F18+F20+F22+F23)/20,0) -> 1 | G25: =ROUND((G7+G9+G10+G14+G15+G16+G18+G20+G22+G23)/20,0) -> 1 | H25: =ROUND((H7+H9+H10+H14+H15+H16+H18+H20+H22+H23)/20,0) -> 1 | I25: =ROUND((I7+I9+I10+I14+I15+I16+I18+I20+I22+I23)/20,0) -> 1 | ... AJ25: =ROUND((AJ7+AJ9+AJ10+AJ14+AJ15+AJ16+AJ18+AJ20+AJ22+AJ23)/20,0) -> 1
A26: Engenharia | B26: 0 | C26: 0 | D26: 0 | E26: 0 | F26: 0 | G26: 0 | H26: 0 | I26: 0 | J26: 0 | K26: 0 | L26: 0 | M26: 0 | N26: 0 | O26: 0 | P26: 0 | Q26: 0 | R26: 0 | S26: 0 | T26: 0 | U26: 0 | V26: 0 | W26: 0 | X26: 0 | Y26: 0 | Z26: 0 | AA26: 0 | AB26: 0 | AC26: 0 | AD26: 0 | AE26: 0 | AF26: 0 | AG26: 0 | AH26: 0 | AI26: 0 | AJ26: 0
A27: Veículo de Passeio | B27: ='05 - Relação de funcionários'!B41 -> 1 | C27: ='05 - Relação de funcionários'!C41 -> 1 | D27: ='05 - Relação de funcionários'!D41 -> 1 | E27: ='05 - Relação de funcionários'!E41 -> 1 | F27: ='05 - Relação de funcionários'!F41 -> 1 | G27: ='05 - Relação de funcionários'!G41 -> 1 | H27: ='05 - Relação de funcionários'!H41 -> 1 | I27: ='05 - Relação de funcionários'!I41 -> 1 | ... AJ27: ='05 - Relação de funcionários'!AJ41 -> 1
A28: Gestão Comercial | B28: 0 | C28: 0 | D28: 0 | E28: 0 | F28: 0 | G28: 0 | H28: 0 | I28: 0 | J28: 0 | K28: 0 | L28: 0 | M28: 0 | N28: 0 | O28: 0 | P28: 0 | Q28: 0 | R28: 0 | S28: 0 | T28: 0 | U28: 0 | V28: 0 | W28: 0 | X28: 0 | Y28: 0 | Z28: 0 | AA28: 0 | AB28: 0 | AC28: 0 | AD28: 0 | AE28: 0 | AF28: 0 | AG28: 0 | AH28: 0 | AI28: 0 | AJ28: 0
A29: Veículo de Passeio | B29: 1 | C29: 1 | D29: 1 | E29: 1 | F29: 1 | G29: 1 | H29: 1 | I29: 1 | J29: 1 | K29: 1 | L29: 1 | M29: 1 | N29: 1 | O29: 1 | P29: 1 | Q29: 1 | R29: 1 | S29: 1 | T29: 1 | U29: 1 | V29: 1 | W29: 1 | X29: 1 | Y29: 1 | Z29: 1 | AA29: 1 | AB29: 1 | AC29: 1 | AD29: 1 | AE29: 1 | AF29: 1 | AG29: 1 | AH29: 1 | AI29: 1 | AJ29: 1
A30: Administração da SPE | B30: 0 | C30: 0 | D30: 0 | E30: 0 | F30: 0 | G30: 0 | H30: 0 | I30: 0 | J30: 0 | K30: 0 | L30: 0 | M30: 0 | N30: 0 | O30: 0 | P30: 0 | Q30: 0 | R30: 0 | S30: 0 | T30: 0 | U30: 0 | V30: 0 | W30: 0 | X30: 0 | Y30: 0 | Z30: 0 | AA30: 0 | AB30: 0 | AC30: 0 | AD30: 0 | AE30: 0 | AF30: 0 | AG30: 0 | AH30: 0 | AI30: 0 | AJ30: 0
A31: Veículo de Passeio | B31: ='05 - Relação de funcionários'!B19+'05 - Relação de funcionários'!B20 -> 2 | C31: ='05 - Relação de funcionários'!C19+'05 - Relação de funcionários'!C20 -> 2 | D31: ='05 - Relação de funcionários'!D19+'05 - Relação de funcionários'!D20 -> 2 | E31: ='05 - Relação de funcionários'!E19+'05 - Relação de funcionários'!E20 -> 2 | F31: ='05 - Relação de funcionários'!F19+'05 - Relação de funcionários'!F20 -> 2 | G31: ='05 - Relação de funcionários'!G19+'05 - Relação de funcionários'!G20 -> 2 | H31: ='05 - Relação de funcionários'!H19+'05 - Relação de funcionários'!H20 -> 2 | I31: ='05 - Relação de funcionários'!I19+'05 - Relação de funcionários'!I20 -> 2 | ... AJ31: ='05 - Relação de funcionários'!AJ19+'05 - Relação de funcionários'!AJ20 -> 2
A32: Equipamentos
A33: Contentores - 1,0m³ Para coleta mecanizada convencional | B33: ='01 - Dados de Entrada'!$C$175 -> 210 | C33: ='01 - Dados de Entrada'!$C$175 -> 210 | D33: ='01 - Dados de Entrada'!$C$175+'01 - Dados de Entrada'!$C$176 -> 420 | E33: ='01 - Dados de Entrada'!$C$175+'01 - Dados de Entrada'!$C$176 -> 420 | F33: ='01 - Dados de Entrada'!$C$175+'01 - Dados de Entrada'!$C$176+'01 - Dados de Entrada'!$C$177 -> 600 | G33: ='01 - Dados de Entrada'!$C$175+'01 - Dados de Entrada'!$C$176+'01 - Dados de Entrada'!$C$177 -> 600 | H33: ='01 - Dados de Entrada'!$C$175+'01 - Dados de Entrada'!$C$176+'01 - Dados de Entrada'!$C$177 -> 600 | I33: ='01 - Dados de Entrada'!$C$175+'01 - Dados de Entrada'!$C$176+'01 - Dados de Entrada'!$C$177 -> 600 | J33: ='01 - Dados de Entrada'!$C$175+'01 - Dados de Entrada'!$C$176+'01 - Dados de Entrada'!$C$177 -> 600 | K33: ='01 - Dados de Entrada'!$C$175+'01 - Dados de Entrada'!$C$176+'01 - Dados de Entrada'!$C$177 -> 600 | L33: ='01 - Dados de Entrada'!$C$175+'01 - Dados de Entrada'!$C$176+'01 - Dados de Entrada'!$C$177 -> 600 | M33: ='01 - Dados de Entrada'!$C$175+'01 - Dados de Entrada'!$C$176+'01 - Dados de Entrada'!$C$177 -> 600 | ... AJ33: ='01 - Dados de Entrada'!$C$175+'01 - Dados de Entrada'!$C$176+'01 - Dados de Entrada'!$C$177 -> 600
A34: Contentores - 1,0m³ Para coleta mecanizada seletiva | B34: ='01 - Dados de Entrada'!$C$178 -> 140 | C34: ='01 - Dados de Entrada'!$C$178 -> 140 | D34: ='01 - Dados de Entrada'!$C$178+'01 - Dados de Entrada'!$C$179 -> 280 | E34: ='01 - Dados de Entrada'!$C$178+'01 - Dados de Entrada'!$C$179 -> 280 | F34: ='01 - Dados de Entrada'!$C$178+'01 - Dados de Entrada'!$C$179+'01 - Dados de Entrada'!$C$180 -> 400 | G34: ='01 - Dados de Entrada'!$C$178+'01 - Dados de Entrada'!$C$179+'01 - Dados de Entrada'!$C$180 -> 400 | H34: ='01 - Dados de Entrada'!$C$178+'01 - Dados de Entrada'!$C$179+'01 - Dados de Entrada'!$C$180 -> 400 | I34: ='01 - Dados de Entrada'!$C$178+'01 - Dados de Entrada'!$C$179+'01 - Dados de Entrada'!$C$180 -> 400 | J34: ='01 - Dados de Entrada'!$C$178+'01 - Dados de Entrada'!$C$179+'01 - Dados de Entrada'!$C$180 -> 400 | K34: ='01 - Dados de Entrada'!$C$178+'01 - Dados de Entrada'!$C$179+'01 - Dados de Entrada'!$C$180 -> 400 | L34: ='01 - Dados de Entrada'!$C$178+'01 - Dados de Entrada'!$C$179+'01 - Dados de Entrada'!$C$180 -> 400 | M34: ='01 - Dados de Entrada'!$C$178+'01 - Dados de Entrada'!$C$179+'01 - Dados de Entrada'!$C$180 -> 400 | ... AJ34: ='01 - Dados de Entrada'!$C$178+'01 - Dados de Entrada'!$C$179+'01 - Dados de Entrada'!$C$180 -> 400
A35: Contentores de 1,0 m° Para PEV | B35: ='01 - Dados de Entrada'!$C$330*('01 - Dados de Entrada'!$C$332+'01 - Dados de Entrada'!$C$333) -> 16 | C35: ='01 - Dados de Entrada'!$C$330*('01 - Dados de Entrada'!$C$332+'01 - Dados de Entrada'!$C$333) -> 16 | D35: ='01 - Dados de Entrada'!$C$330*('01 - Dados de Entrada'!$C$332+'01 - Dados de Entrada'!$C$333) -> 16 | E35: ='01 - Dados de Entrada'!$C$330*('01 - Dados de Entrada'!$C$332+'01 - Dados de Entrada'!$C$333) -> 16 | F35: ='01 - Dados de Entrada'!$C$330*('01 - Dados de Entrada'!$C$332+'01 - Dados de Entrada'!$C$333) -> 16 | G35: ='01 - Dados de Entrada'!$C$330*('01 - Dados de Entrada'!$C$332+'01 - Dados de Entrada'!$C$333) -> 16 | H35: ='01 - Dados de Entrada'!$C$330*('01 - Dados de Entrada'!$C$332+'01 - Dados de Entrada'!$C$333) -> 16 | I35: ='01 - Dados de Entrada'!$C$330*('01 - Dados de Entrada'!$C$332+'01 - Dados de Entrada'!$C$333) -> 16 | ... AJ35: ='01 - Dados de Entrada'!$C$330*('01 - Dados de Entrada'!$C$332+'01 - Dados de Entrada'!$C$333) -> 16
A36: Caçambas estacionárias de 6m³ Para PEV | B36: ='01 - Dados de Entrada'!$C$331*('01 - Dados de Entrada'!$C$332+'01 - Dados de Entrada'!$C$333) -> 16 | C36: ='01 - Dados de Entrada'!$C$331*('01 - Dados de Entrada'!$C$332+'01 - Dados de Entrada'!$C$333) -> 16 | D36: ='01 - Dados de Entrada'!$C$331*('01 - Dados de Entrada'!$C$332+'01 - Dados de Entrada'!$C$333) -> 16 | E36: ='01 - Dados de Entrada'!$C$331*('01 - Dados de Entrada'!$C$332+'01 - Dados de Entrada'!$C$333) -> 16 | F36: ='01 - Dados de Entrada'!$C$331*('01 - Dados de Entrada'!$C$332+'01 - Dados de Entrada'!$C$333) -> 16 | G36: ='01 - Dados de Entrada'!$C$331*('01 - Dados de Entrada'!$C$332+'01 - Dados de Entrada'!$C$333) -> 16 | H36: ='01 - Dados de Entrada'!$C$331*('01 - Dados de Entrada'!$C$332+'01 - Dados de Entrada'!$C$333) -> 16 | I36: ='01 - Dados de Entrada'!$C$331*('01 - Dados de Entrada'!$C$332+'01 - Dados de Entrada'!$C$333) -> 16 | ... AJ36: ='01 - Dados de Entrada'!$C$331*('01 - Dados de Entrada'!$C$332+'01 - Dados de Entrada'!$C$333) -> 16
A37: Cesto papeleiro | B37: ='01 - Dados de Entrada'!$C$334 -> 800 | C37: ='01 - Dados de Entrada'!$C$334+'01 - Dados de Entrada'!$C$335 -> 1300 | D37: ='01 - Dados de Entrada'!$C$334+'01 - Dados de Entrada'!$C$335+'01 - Dados de Entrada'!$C$336 -> 1800 | E37: ='01 - Dados de Entrada'!$C$334+'01 - Dados de Entrada'!$C$335+'01 - Dados de Entrada'!$C$336 -> 1800 | F37: ='01 - Dados de Entrada'!$C$334+'01 - Dados de Entrada'!$C$335+'01 - Dados de Entrada'!$C$336 -> 1800 | G37: ='01 - Dados de Entrada'!$C$334+'01 - Dados de Entrada'!$C$335+'01 - Dados de Entrada'!$C$336 -> 1800 | H37: ='01 - Dados de Entrada'!$C$334+'01 - Dados de Entrada'!$C$335+'01 - Dados de Entrada'!$C$336 -> 1800 | I37: ='01 - Dados de Entrada'!$C$334+'01 - Dados de Entrada'!$C$335+'01 - Dados de Entrada'!$C$336 -> 1800 | J37: ='01 - Dados de Entrada'!$C$334+'01 - Dados de Entrada'!$C$335+'01 - Dados de Entrada'!$C$336 -> 1800 | K37: ='01 - Dados de Entrada'!$C$334+'01 - Dados de Entrada'!$C$335+'01 - Dados de Entrada'!$C$336 -> 1800 | ... AJ37: ='01 - Dados de Entrada'!$C$334+'01 - Dados de Entrada'!$C$335+'01 - Dados de Entrada'!$C$336 -> 1800
A38: Ecoponto | B38: 0 | C38: ='01 - Dados de Entrada'!$C$338 -> 1 | D38: ='01 - Dados de Entrada'!$C$338+'01 - Dados de Entrada'!$C$339 -> 2 | E38: ='01 - Dados de Entrada'!$C$338+'01 - Dados de Entrada'!$C$339 -> 2 | F38: ='01 - Dados de Entrada'!$C$338+'01 - Dados de Entrada'!$C$339+'01 - Dados de Entrada'!$C$340 -> 3 | G38: ='01 - Dados de Entrada'!$C$338+'01 - Dados de Entrada'!$C$339+'01 - Dados de Entrada'!$C$340 -> 3 | H38: ='01 - Dados de Entrada'!$C$338+'01 - Dados de Entrada'!$C$339+'01 - Dados de Entrada'!$C$340 -> 3 | I38: ='01 - Dados de Entrada'!$C$338+'01 - Dados de Entrada'!$C$339+'01 - Dados de Entrada'!$C$340 -> 3 | J38: ='01 - Dados de Entrada'!$C$338+'01 - Dados de Entrada'!$C$339+'01 - Dados de Entrada'!$C$340 -> 3 | K38: ='01 - Dados de Entrada'!$C$338+'01 - Dados de Entrada'!$C$339+'01 - Dados de Entrada'!$C$340 -> 3 | L38: ='01 - Dados de Entrada'!$C$338+'01 - Dados de Entrada'!$C$339+'01 - Dados de Entrada'!$C$340 -> 3 | M38: ='01 - Dados de Entrada'!$C$338+'01 - Dados de Entrada'!$C$339+'01 - Dados de Entrada'!$C$340 -> 3 | ... AJ38: ='01 - Dados de Entrada'!$C$338+'01 - Dados de Entrada'!$C$339+'01 - Dados de Entrada'!$C$340 -> 3
A39: Contentores de 1,0 m° Para Ecoponto | B39: ='01 - Dados de Entrada'!$C$341*'04 - Veículos e Equipamentos'!B38 -> 0 | C39: ='01 - Dados de Entrada'!$C$341*'04 - Veículos e Equipamentos'!C38 -> 5 | D39: ='01 - Dados de Entrada'!$C$341*'04 - Veículos e Equipamentos'!D38 -> 10 | E39: ='01 - Dados de Entrada'!$C$341*'04 - Veículos e Equipamentos'!E38 -> 10 | F39: ='01 - Dados de Entrada'!$C$341*'04 - Veículos e Equipamentos'!F38 -> 15 | G39: ='01 - Dados de Entrada'!$C$341*'04 - Veículos e Equipamentos'!G38 -> 15 | H39: ='01 - Dados de Entrada'!$C$341*'04 - Veículos e Equipamentos'!H38 -> 15 | I39: ='01 - Dados de Entrada'!$C$341*'04 - Veículos e Equipamentos'!I38 -> 15 | ... AJ39: ='01 - Dados de Entrada'!$C$341*'04 - Veículos e Equipamentos'!AJ38 -> 15
A40: Operação Transporte resíduos PEV
A41: Caminhão poliguindaste | B41: ='01 - Dados de Entrada'!$C$344 -> 1 | C41: ='01 - Dados de Entrada'!$C$344 -> 1 | D41: ='01 - Dados de Entrada'!$C$344 -> 1 | E41: ='01 - Dados de Entrada'!$C$344 -> 1 | F41: ='01 - Dados de Entrada'!$C$344 -> 1 | G41: ='01 - Dados de Entrada'!$C$344 -> 1 | H41: ='01 - Dados de Entrada'!$C$344 -> 1 | I41: ='01 - Dados de Entrada'!$C$344 -> 1 | ... AJ41: ='01 - Dados de Entrada'!$C$344 -> 1
A42: Caminhão poliguindaste (reserva) | B42: =ROUNDUP(B41*'01 - Dados de Entrada'!$C$181,0) -> 1 | C42: =ROUNDUP(C41*'01 - Dados de Entrada'!$C$181,0) -> 1 | D42: =ROUNDUP(D41*'01 - Dados de Entrada'!$C$181,0) -> 1 | E42: =ROUNDUP(E41*'01 - Dados de Entrada'!$C$181,0) -> 1 | F42: =ROUNDUP(F41*'01 - Dados de Entrada'!$C$181,0) -> 1 | G42: =ROUNDUP(G41*'01 - Dados de Entrada'!$C$181,0) -> 1 | H42: =ROUNDUP(H41*'01 - Dados de Entrada'!$C$181,0) -> 1 | I42: =ROUNDUP(I41*'01 - Dados de Entrada'!$C$181,0) -> 1 | ... AJ42: =ROUNDUP(AJ41*'01 - Dados de Entrada'!$C$181,0) -> 1
A43: Veículos e Equipamentos dos Serviços Gerais de Limpeza
A44: Caminhão basculante de 12m³ | B44: ='01 - Dados de Entrada'!$C$298 -> 1 | C44: ='01 - Dados de Entrada'!$C$298 -> 1 | D44: ='01 - Dados de Entrada'!$C$298 -> 1 | E44: ='01 - Dados de Entrada'!$C$298 -> 1 | F44: ='01 - Dados de Entrada'!$C$298 -> 1 | G44: ='01 - Dados de Entrada'!$C$298 -> 1 | H44: ='01 - Dados de Entrada'!$C$298 -> 1 | I44: ='01 - Dados de Entrada'!$C$298 -> 1 | ... AJ44: ='01 - Dados de Entrada'!$C$298 -> 1
A45: Minivarredeira | B45: ='01 - Dados de Entrada'!$C$299 -> 1 | C45: ='01 - Dados de Entrada'!$C$299 -> 1 | D45: ='01 - Dados de Entrada'!$C$299 -> 1 | E45: ='01 - Dados de Entrada'!$C$299 -> 1 | F45: ='01 - Dados de Entrada'!$C$299 -> 1 | G45: ='01 - Dados de Entrada'!$C$299 -> 1 | H45: ='01 - Dados de Entrada'!$C$299 -> 1 | I45: ='01 - Dados de Entrada'!$C$299 -> 1 | ... AJ45: ='01 - Dados de Entrada'!$C$299 -> 1
A46: Trator com capinadeira | B46: ='01 - Dados de Entrada'!$C$300 -> 1 | C46: ='01 - Dados de Entrada'!$C$300 -> 1 | D46: ='01 - Dados de Entrada'!$C$300 -> 1 | E46: ='01 - Dados de Entrada'!$C$300 -> 1 | F46: ='01 - Dados de Entrada'!$C$300 -> 1 | G46: ='01 - Dados de Entrada'!$C$300 -> 1 | H46: ='01 - Dados de Entrada'!$C$300 -> 1 | I46: ='01 - Dados de Entrada'!$C$300 -> 1 | ... AJ46: ='01 - Dados de Entrada'!$C$300 -> 1
A47: Roçadeira costal | B47: ='01 - Dados de Entrada'!$C$301 -> 8 | C47: ='01 - Dados de Entrada'!$C$301 -> 8 | D47: ='01 - Dados de Entrada'!$C$301 -> 8 | E47: ='01 - Dados de Entrada'!$C$301 -> 8 | F47: ='01 - Dados de Entrada'!$C$301 -> 8 | G47: ='01 - Dados de Entrada'!$C$301 -> 8 | H47: ='01 - Dados de Entrada'!$C$301 -> 8 | I47: ='01 - Dados de Entrada'!$C$301 -> 8 | ... AJ47: ='01 - Dados de Entrada'!$C$301 -> 8
A48: Roçadeira costal (reserva) | B48: =ROUNDUP(B47*'01 - Dados de Entrada'!$C$181,0) -> 2 | C48: =ROUNDUP(C47*'01 - Dados de Entrada'!$C$181,0) -> 2 | D48: =ROUNDUP(D47*'01 - Dados de Entrada'!$C$181,0) -> 2 | E48: =ROUNDUP(E47*'01 - Dados de Entrada'!$C$181,0) -> 2 | F48: =ROUNDUP(F47*'01 - Dados de Entrada'!$C$181,0) -> 2 | G48: =ROUNDUP(G47*'01 - Dados de Entrada'!$C$181,0) -> 2 | H48: =ROUNDUP(H47*'01 - Dados de Entrada'!$C$181,0) -> 2 | I48: =ROUNDUP(I47*'01 - Dados de Entrada'!$C$181,0) -> 2 | ... AJ48: =ROUNDUP(AJ47*'01 - Dados de Entrada'!$C$181,0) -> 2
A49: Soprador costal | B49: ='01 - Dados de Entrada'!$C$302 -> 2 | C49: ='01 - Dados de Entrada'!$C$302 -> 2 | D49: ='01 - Dados de Entrada'!$C$302 -> 2 | E49: ='01 - Dados de Entrada'!$C$302 -> 2 | F49: ='01 - Dados de Entrada'!$C$302 -> 2 | G49: ='01 - Dados de Entrada'!$C$302 -> 2 | H49: ='01 - Dados de Entrada'!$C$302 -> 2 | I49: ='01 - Dados de Entrada'!$C$302 -> 2 | ... AJ49: ='01 - Dados de Entrada'!$C$302 -> 2
A50: Soprador costal (reserva) | B50: =ROUNDUP(B48*'01 - Dados de Entrada'!$C$181,0) -> 1 | C50: =ROUNDUP(C48*'01 - Dados de Entrada'!$C$181,0) -> 1 | D50: =ROUNDUP(D48*'01 - Dados de Entrada'!$C$181,0) -> 1 | E50: =ROUNDUP(E48*'01 - Dados de Entrada'!$C$181,0) -> 1 | F50: =ROUNDUP(F48*'01 - Dados de Entrada'!$C$181,0) -> 1 | G50: =ROUNDUP(G48*'01 - Dados de Entrada'!$C$181,0) -> 1 | H50: =ROUNDUP(H48*'01 - Dados de Entrada'!$C$181,0) -> 1 | I50: =ROUNDUP(I48*'01 - Dados de Entrada'!$C$181,0) -> 1 | ... AJ50: =ROUNDUP(AJ48*'01 - Dados de Entrada'!$C$181,0) -> 1
A51: Ônibus | B51: ='01 - Dados de Entrada'!$C$303 -> 1 | C51: ='01 - Dados de Entrada'!$C$303 -> 1 | D51: ='01 - Dados de Entrada'!$C$303 -> 1 | E51: ='01 - Dados de Entrada'!$C$303 -> 1 | F51: ='01 - Dados de Entrada'!$C$303 -> 1 | G51: ='01 - Dados de Entrada'!$C$303 -> 1 | H51: ='01 - Dados de Entrada'!$C$303 -> 1 | I51: ='01 - Dados de Entrada'!$C$303 -> 1 | ... AJ51: ='01 - Dados de Entrada'!$C$303 -> 1
A52: Van | B52: ='01 - Dados de Entrada'!$C$304 -> 2 | C52: ='01 - Dados de Entrada'!$C$304 -> 2 | D52: ='01 - Dados de Entrada'!$C$304 -> 2 | E52: ='01 - Dados de Entrada'!$C$304 -> 2 | F52: ='01 - Dados de Entrada'!$C$304 -> 2 | G52: ='01 - Dados de Entrada'!$C$304 -> 2 | H52: ='01 - Dados de Entrada'!$C$304 -> 2 | I52: ='01 - Dados de Entrada'!$C$304 -> 2 | ... AJ52: ='01 - Dados de Entrada'!$C$304 -> 2
A53: Motocicleta 125cc | B53: =1 -> 1 | C53: =1 -> 1 | D53: =1 -> 1 | E53: =1 -> 1 | F53: =1 -> 1 | G53: =1 -> 1 | H53: =1 -> 1 | I53: =1 -> 1 | ... AJ53: =1 -> 1
A54: Veículos e Equipamentos Roçada de Áreas Públicas
A55: Caminhão basculante de 6m³ | B55: ='01 - Dados de Entrada'!$C$309 -> 1 | C55: ='01 - Dados de Entrada'!$C$309 -> 1 | D55: ='01 - Dados de Entrada'!$C$309 -> 1 | E55: ='01 - Dados de Entrada'!$C$309 -> 1 | F55: ='01 - Dados de Entrada'!$C$309 -> 1 | G55: ='01 - Dados de Entrada'!$C$309 -> 1 | H55: ='01 - Dados de Entrada'!$C$309 -> 1 | I55: ='01 - Dados de Entrada'!$C$309 -> 1 | ... AJ55: ='01 - Dados de Entrada'!$C$309 -> 1
A56: Van | B56: ='01 - Dados de Entrada'!$C$310 -> 1 | C56: ='01 - Dados de Entrada'!$C$310 -> 1 | D56: ='01 - Dados de Entrada'!$C$310 -> 1 | E56: ='01 - Dados de Entrada'!$C$310 -> 1 | F56: ='01 - Dados de Entrada'!$C$310 -> 1 | G56: ='01 - Dados de Entrada'!$C$310 -> 1 | H56: ='01 - Dados de Entrada'!$C$310 -> 1 | I56: ='01 - Dados de Entrada'!$C$310 -> 1 | ... AJ56: ='01 - Dados de Entrada'!$C$310 -> 1
A57: Motocicleta 125cc | B57: ='01 - Dados de Entrada'!$C$311 -> 1 | C57: ='01 - Dados de Entrada'!$C$311 -> 1 | D57: ='01 - Dados de Entrada'!$C$311 -> 1 | E57: ='01 - Dados de Entrada'!$C$311 -> 1 | F57: ='01 - Dados de Entrada'!$C$311 -> 1 | G57: ='01 - Dados de Entrada'!$C$311 -> 1 | H57: ='01 - Dados de Entrada'!$C$311 -> 1 | I57: ='01 - Dados de Entrada'!$C$311 -> 1 | ... AJ57: ='01 - Dados de Entrada'!$C$311 -> 1
A58: Trator giro zero | B58: ='01 - Dados de Entrada'!$C$312 -> 1 | C58: ='01 - Dados de Entrada'!$C$312 -> 1 | D58: ='01 - Dados de Entrada'!$C$312 -> 1 | E58: ='01 - Dados de Entrada'!$C$312 -> 1 | F58: ='01 - Dados de Entrada'!$C$312 -> 1 | G58: ='01 - Dados de Entrada'!$C$312 -> 1 | H58: ='01 - Dados de Entrada'!$C$312 -> 1 | I58: ='01 - Dados de Entrada'!$C$312 -> 1 | ... AJ58: ='01 - Dados de Entrada'!$C$312 -> 1
A59: Trator giro zero reserva | B59: =ROUNDUP(B58*'01 - Dados de Entrada'!$C$181,0) -> 1 | C59: =ROUNDUP(C58*'01 - Dados de Entrada'!$C$181,0) -> 1 | D59: =ROUNDUP(D58*'01 - Dados de Entrada'!$C$181,0) -> 1 | E59: =ROUNDUP(E58*'01 - Dados de Entrada'!$C$181,0) -> 1 | F59: =ROUNDUP(F58*'01 - Dados de Entrada'!$C$181,0) -> 1 | G59: =ROUNDUP(G58*'01 - Dados de Entrada'!$C$181,0) -> 1 | H59: =ROUNDUP(H58*'01 - Dados de Entrada'!$C$181,0) -> 1 | I59: =ROUNDUP(I58*'01 - Dados de Entrada'!$C$181,0) -> 1 | ... AJ59: =ROUNDUP(AJ58*'01 - Dados de Entrada'!$C$181,0) -> 1
A60: Roçadeira costal | B60: ='01 - Dados de Entrada'!$C$313 -> 15 | C60: ='01 - Dados de Entrada'!$C$313 -> 15 | D60: ='01 - Dados de Entrada'!$C$313 -> 15 | E60: ='01 - Dados de Entrada'!$C$313 -> 15 | F60: ='01 - Dados de Entrada'!$C$313 -> 15 | G60: ='01 - Dados de Entrada'!$C$313 -> 15 | H60: ='01 - Dados de Entrada'!$C$313 -> 15 | I60: ='01 - Dados de Entrada'!$C$313 -> 15 | ... AJ60: ='01 - Dados de Entrada'!$C$313 -> 15
A61: Roçadeira costal reserva | B61: =ROUNDUP(B60*'01 - Dados de Entrada'!$C$181,0) -> 3 | C61: =ROUNDUP(C60*'01 - Dados de Entrada'!$C$181,0) -> 3 | D61: =ROUNDUP(D60*'01 - Dados de Entrada'!$C$181,0) -> 3 | E61: =ROUNDUP(E60*'01 - Dados de Entrada'!$C$181,0) -> 3 | F61: =ROUNDUP(F60*'01 - Dados de Entrada'!$C$181,0) -> 3 | G61: =ROUNDUP(G60*'01 - Dados de Entrada'!$C$181,0) -> 3 | H61: =ROUNDUP(H60*'01 - Dados de Entrada'!$C$181,0) -> 3 | I61: =ROUNDUP(I60*'01 - Dados de Entrada'!$C$181,0) -> 3 | ... AJ61: =ROUNDUP(AJ60*'01 - Dados de Entrada'!$C$181,0) -> 3
A62: Soprador costal | B62: ='01 - Dados de Entrada'!$C$314 -> 2 | C62: ='01 - Dados de Entrada'!$C$314 -> 2 | D62: ='01 - Dados de Entrada'!$C$314 -> 2 | E62: ='01 - Dados de Entrada'!$C$314 -> 2 | F62: ='01 - Dados de Entrada'!$C$314 -> 2 | G62: ='01 - Dados de Entrada'!$C$314 -> 2 | H62: ='01 - Dados de Entrada'!$C$314 -> 2 | I62: ='01 - Dados de Entrada'!$C$314 -> 2 | ... AJ62: ='01 - Dados de Entrada'!$C$314 -> 2
A63: Soprador costal reserva | B63: =ROUNDUP(B62*'01 - Dados de Entrada'!$C$181,0) -> 1 | C63: =ROUNDUP(C62*'01 - Dados de Entrada'!$C$181,0) -> 1 | D63: =ROUNDUP(D62*'01 - Dados de Entrada'!$C$181,0) -> 1 | E63: =ROUNDUP(E62*'01 - Dados de Entrada'!$C$181,0) -> 1 | F63: =ROUNDUP(F62*'01 - Dados de Entrada'!$C$181,0) -> 1 | G63: =ROUNDUP(G62*'01 - Dados de Entrada'!$C$181,0) -> 1 | H63: =ROUNDUP(H62*'01 - Dados de Entrada'!$C$181,0) -> 1 | I63: =ROUNDUP(I62*'01 - Dados de Entrada'!$C$181,0) -> 1 | ... AJ63: =ROUNDUP(AJ62*'01 - Dados de Entrada'!$C$181,0) -> 1
A64: Veículos e Equipamentos Serviços de poda
A65: Caminhão basculante de 12m³ | B65: ='01 - Dados de Entrada'!$C$320 -> 1 | C65: ='01 - Dados de Entrada'!$C$320 -> 1 | D65: ='01 - Dados de Entrada'!$C$320 -> 1 | E65: ='01 - Dados de Entrada'!$C$320 -> 1 | F65: ='01 - Dados de Entrada'!$C$320 -> 1 | G65: ='01 - Dados de Entrada'!$C$320 -> 1 | H65: ='01 - Dados de Entrada'!$C$320 -> 1 | I65: ='01 - Dados de Entrada'!$C$320 -> 1 | ... AJ65: ='01 - Dados de Entrada'!$C$320 -> 1
A66: Motocicleta 125cc | B66: ='01 - Dados de Entrada'!$C$321 -> 1 | C66: ='01 - Dados de Entrada'!$C$321 -> 1 | D66: ='01 - Dados de Entrada'!$C$321 -> 1 | E66: ='01 - Dados de Entrada'!$C$321 -> 1 | F66: ='01 - Dados de Entrada'!$C$321 -> 1 | G66: ='01 - Dados de Entrada'!$C$321 -> 1 | H66: ='01 - Dados de Entrada'!$C$321 -> 1 | I66: ='01 - Dados de Entrada'!$C$321 -> 1 | ... AJ66: ='01 - Dados de Entrada'!$C$321 -> 1
A67: Trtiturador de galhos | B67: ='01 - Dados de Entrada'!$C$322 -> 1 | C67: ='01 - Dados de Entrada'!$C$322 -> 1 | D67: ='01 - Dados de Entrada'!$C$322 -> 1 | E67: ='01 - Dados de Entrada'!$C$322 -> 1 | F67: ='01 - Dados de Entrada'!$C$322 -> 1 | G67: ='01 - Dados de Entrada'!$C$322 -> 1 | H67: ='01 - Dados de Entrada'!$C$322 -> 1 | I67: ='01 - Dados de Entrada'!$C$322 -> 1 | ... AJ67: ='01 - Dados de Entrada'!$C$322 -> 1
A68: Trtiturador de galhos (reserva) | B68: =ROUNDUP(B67*'01 - Dados de Entrada'!$C$181,0) -> 1 | C68: =ROUNDUP(C67*'01 - Dados de Entrada'!$C$181,0) -> 1 | D68: =ROUNDUP(D67*'01 - Dados de Entrada'!$C$181,0) -> 1 | E68: =ROUNDUP(E67*'01 - Dados de Entrada'!$C$181,0) -> 1 | F68: =ROUNDUP(F67*'01 - Dados de Entrada'!$C$181,0) -> 1 | G68: =ROUNDUP(G67*'01 - Dados de Entrada'!$C$181,0) -> 1 | H68: =ROUNDUP(H67*'01 - Dados de Entrada'!$C$181,0) -> 1 | I68: =ROUNDUP(I67*'01 - Dados de Entrada'!$C$181,0) -> 1 | ... AJ68: =ROUNDUP(AJ67*'01 - Dados de Entrada'!$C$181,0) -> 1
A69: Motoserra | B69: ='01 - Dados de Entrada'!$C$323 -> 2 | C69: ='01 - Dados de Entrada'!$C$323 -> 2 | D69: ='01 - Dados de Entrada'!$C$323 -> 2 | E69: ='01 - Dados de Entrada'!$C$323 -> 2 | F69: ='01 - Dados de Entrada'!$C$323 -> 2 | G69: ='01 - Dados de Entrada'!$C$323 -> 2 | H69: ='01 - Dados de Entrada'!$C$323 -> 2 | I69: ='01 - Dados de Entrada'!$C$323 -> 2 | ... AJ69: ='01 - Dados de Entrada'!$C$323 -> 2
A70: Motosserra (reserva) | B70: =ROUNDUP(B69*'01 - Dados de Entrada'!$C$181,0) -> 1 | C70: =ROUNDUP(C69*'01 - Dados de Entrada'!$C$181,0) -> 1 | D70: =ROUNDUP(D69*'01 - Dados de Entrada'!$C$181,0) -> 1 | E70: =ROUNDUP(E69*'01 - Dados de Entrada'!$C$181,0) -> 1 | F70: =ROUNDUP(F69*'01 - Dados de Entrada'!$C$181,0) -> 1 | G70: =ROUNDUP(G69*'01 - Dados de Entrada'!$C$181,0) -> 1 | H70: =ROUNDUP(H69*'01 - Dados de Entrada'!$C$181,0) -> 1 | I70: =ROUNDUP(I69*'01 - Dados de Entrada'!$C$181,0) -> 1 | ... AJ70: =ROUNDUP(AJ69*'01 - Dados de Entrada'!$C$181,0) -> 1
A71: Motopoda | B71: ='01 - Dados de Entrada'!$C$324 -> 2 | C71: ='01 - Dados de Entrada'!$C$324 -> 2 | D71: ='01 - Dados de Entrada'!$C$324 -> 2 | E71: ='01 - Dados de Entrada'!$C$324 -> 2 | F71: ='01 - Dados de Entrada'!$C$324 -> 2 | G71: ='01 - Dados de Entrada'!$C$324 -> 2 | H71: ='01 - Dados de Entrada'!$C$324 -> 2 | I71: ='01 - Dados de Entrada'!$C$324 -> 2 | ... AJ71: ='01 - Dados de Entrada'!$C$324 -> 2
A72: Motopoda (reserva) | B72: =ROUNDUP(B71*'01 - Dados de Entrada'!$C$181,0) -> 1 | C72: =ROUNDUP(C71*'01 - Dados de Entrada'!$C$181,0) -> 1 | D72: =ROUNDUP(D71*'01 - Dados de Entrada'!$C$181,0) -> 1 | E72: =ROUNDUP(E71*'01 - Dados de Entrada'!$C$181,0) -> 1 | F72: =ROUNDUP(F71*'01 - Dados de Entrada'!$C$181,0) -> 1 | G72: =ROUNDUP(G71*'01 - Dados de Entrada'!$C$181,0) -> 1 | H72: =ROUNDUP(H71*'01 - Dados de Entrada'!$C$181,0) -> 1 | I72: =ROUNDUP(I71*'01 - Dados de Entrada'!$C$181,0) -> 1 | ... AJ72: =ROUNDUP(AJ71*'01 - Dados de Entrada'!$C$181,0) -> 1
A73: Veículos da Varrição Manual
A74: Motocicleta 125cc | B74: ='05 - Relação de funcionários'!B82+'05 - Relação de funcionários'!B83 -> 2 | C74: ='05 - Relação de funcionários'!C82+'05 - Relação de funcionários'!C83 -> 2 | D74: ='05 - Relação de funcionários'!D82+'05 - Relação de funcionários'!D83 -> 2 | E74: ='05 - Relação de funcionários'!E82+'05 - Relação de funcionários'!E83 -> 2 | F74: ='05 - Relação de funcionários'!F82+'05 - Relação de funcionários'!F83 -> 2 | G74: ='05 - Relação de funcionários'!G82+'05 - Relação de funcionários'!G83 -> 2 | H74: ='05 - Relação de funcionários'!H82+'05 - Relação de funcionários'!H83 -> 2 | I74: ='05 - Relação de funcionários'!I82+'05 - Relação de funcionários'!I83 -> 2 | ... AJ74: ='05 - Relação de funcionários'!AJ82+'05 - Relação de funcionários'!AJ83 -> 2
A75: Insumos para varredor | B75: ='05 - Relação de funcionários'!B84 -> 48 | C75: ='05 - Relação de funcionários'!C84 -> 48 | D75: ='05 - Relação de funcionários'!D84 -> 48 | E75: ='05 - Relação de funcionários'!E84 -> 49 | F75: ='05 - Relação de funcionários'!F84 -> 49 | G75: ='05 - Relação de funcionários'!G84 -> 49 | H75: ='05 - Relação de funcionários'!H84 -> 50 | I75: ='05 - Relação de funcionários'!I84 -> 50 | ... AJ75: ='05 - Relação de funcionários'!AJ84 -> 49
A76: Lutocar | B76: =B75 -> 48 | C76: =C75 -> 48 | D76: =D75 -> 48 | E76: =E75 -> 49 | F76: =F75 -> 49 | G76: =G75 -> 49 | H76: =H75 -> 50 | I76: =I75 -> 50 | ... AJ76: =AJ75 -> 49
A77: Composteira
A78: Composteira doméstica | B78: 0 | C78: ='01 - Dados de Entrada'!$C$349 -> 200 | D78: ='01 - Dados de Entrada'!$C$349 -> 200 | E78: ='01 - Dados de Entrada'!$C$349 -> 200 | F78: ='01 - Dados de Entrada'!$C$349 -> 200 | G78: ='01 - Dados de Entrada'!$C$349 -> 200 | H78: ='01 - Dados de Entrada'!$C$349 -> 200 | I78: ='01 - Dados de Entrada'!$C$349 -> 200 | J78: ='01 - Dados de Entrada'!$C$349 -> 200 | ... AJ78: ='01 - Dados de Entrada'!$C$349 -> 200

Sheet 05 - Relação de funcionários
A1: PREFEITURA MUNICIPAL DE JARAGUÁ DO SUL
A2: ESTUDO DE VIABILIDADE ECONÔMICA PARA A CONCESSÃO DOS SERVIÇOS DE LIMPEZA PÚBLICA E MANEJO DE RESÍDUOS SÓLIDOS
A3: EVOLUÇÃO DE PESSOAL
A5: Número de Integrantes por Categoria | B5: Ano 01 | C5: Ano 02 | D5: Ano 03 | E5: Ano 04 | F5: Ano 05 | G5: Ano 06 | H5: Ano 07 | I5: Ano 08 | J5: Ano 09 | K5: Ano 10 | L5: Ano 11 | M5: Ano 12 | N5: Ano 13 | O5: Ano 14 | P5: Ano 15 | Q5: Ano 16 | R5: Ano 17 | S5: Ano 18 | T5: Ano 19 | U5: Ano 20 | V5: Ano 21 | W5: Ano 22 | X5: Ano 23 | Y5: Ano 24 | Z5: Ano 25 | AA5: Ano 26 | AB5: Ano 27 | AC5: Ano 28 | AD5: Ano 29 | AE5: Ano 30 | AF5: Ano 31 | AG5: Ano 32 | AH5: Ano 33 | AI5: Ano 34 | AJ5: Ano 35
A6: SPE | B6: =SUM( B19:B38 ) -> 23 | C6: =SUM( C19:C38 ) -> 23 | D6: =SUM( D19:D38 ) -> 23 | E6: =SUM( E19:E38 ) -> 23 | F6: =SUM( F19:F38 ) -> 23 | G6: =SUM( G19:G38 ) -> 23 | H6: =SUM( H19:H38 ) -> 23 | I6: =SUM( I19:I38 ) -> 23 | ... AJ6: =SUM( AJ19:AJ38 ) -> 23
A7: Engenharia | B7: =SUM( B41:B41 ) -> 1 | C7: =SUM( C41:C41 ) -> 1 | D7: =SUM( D41:D41 ) -> 1 | E7: =SUM( E41:E41 ) -> 1 | F7: =SUM( F41:F41 ) -> 1 | G7: =SUM( G41:G41 ) -> 1 | H7: =SUM( H41:H41 ) -> 1 | I7: =SUM( I41:I41 ) -> 1 | ... AJ7: =SUM( AJ41:AJ41 ) -> 1
A8: Operação | B8: =SUM( B44:B53 ) -> 103 | C8: =SUM( C44:C53 ) -> 103 | D8: =SUM( D44:D53 ) -> 103 | E8: =SUM( E44:E53 ) -> 103 | F8: =SUM( F44:F53 ) -> 103 | G8: =SUM( G44:G53 ) -> 113 | H8: =SUM( H44:H53 ) -> 113 | I8: =SUM( I44:I53 ) -> 117 | ... AJ8: =SUM( AJ44:AJ53 ) -> 117
A9: Ponto de Entrega Voluntária PEV e Ecoponto | B9: =SUM(B55:B56) -> 5 | C9: =SUM(C55:C56) -> 7 | D9: =SUM(D55:D56) -> 8 | E9: =SUM(E55:E56) -> 8 | F9: =SUM(F55:F56) -> 9 | G9: =SUM(G55:G56) -> 9 | H9: =SUM(H55:H56) -> 9 | I9: =SUM(I55:I56) -> 9 | ... AJ9: =SUM(AJ55:AJ56) -> 9
A10: Transporte Resíduos PEV | B10: =SUM(B58:B58) -> 2 | C10: =SUM(C58:C58) -> 2 | D10: =SUM(D58:D58) -> 2 | E10: =SUM(E58:E58) -> 2 | F10: =SUM(F58:F58) -> 2 | G10: =SUM(G58:G58) -> 2 | H10: =SUM(H58:H58) -> 2 | I10: =SUM(I58:I58) -> 2 | ... AJ10: =SUM(AJ58:AJ58) -> 2
A11: Manutenção | B11: =SUM( B60:B64 ) -> 8 | C11: =SUM( C60:C64 ) -> 8 | D11: =SUM( D60:D64 ) -> 8 | E11: =SUM( E60:E64 ) -> 8 | F11: =SUM( F60:F64 ) -> 8 | G11: =SUM( G60:G64 ) -> 8 | H11: =SUM( H60:H64 ) -> 8 | I11: =SUM( I60:I64 ) -> 8 | ... AJ11: =SUM( AJ60:AJ64 ) -> 8
A12: Servços Gerais | B12: =SUM(B67:B69) -> 47 | C12: =SUM(C67:C69) -> 47 | D12: =SUM(D67:D69) -> 47 | E12: =SUM(E67:E69) -> 47 | F12: =SUM(F67:F69) -> 47 | G12: =SUM(G67:G69) -> 47 | H12: =SUM(H67:H69) -> 47 | I12: =SUM(I67:I69) -> 47 | ... AJ12: =SUM(AJ67:AJ69) -> 47
A13: Roçada de Áreas Públicas | B13: =SUM(B72:B74) -> 25 | C13: =SUM(C72:C74) -> 25 | D13: =SUM(D72:D74) -> 25 | E13: =SUM(E72:E74) -> 25 | F13: =SUM(F72:F74) -> 25 | G13: =SUM(G72:G74) -> 25 | H13: =SUM(H72:H74) -> 25 | I13: =SUM(I72:I74) -> 25 | ... AJ13: =SUM(AJ72:AJ74) -> 25
A14: Serviço de poda | B14: =SUM(B77:B79) -> 12 | C14: =SUM(C77:C79) -> 12 | D14: =SUM(D77:D79) -> 12 | E14: =SUM(E77:E79) -> 12 | F14: =SUM(F77:F79) -> 12 | G14: =SUM(G77:G79) -> 12 | H14: =SUM(H77:H79) -> 12 | I14: =SUM(I77:I79) -> 12 | ... AJ14: =SUM(AJ77:AJ79) -> 12
A15: Varrição manual | B15: =SUM(B82:B85) -> 60 | C15: =SUM(C82:C85) -> 60 | D15: =SUM(D82:D85) -> 60 | E15: =SUM(E82:E85) -> 61 | F15: =SUM(F82:F85) -> 61 | G15: =SUM(G82:G85) -> 61 | H15: =SUM(H82:H85) -> 62 | I15: =SUM(I82:I85) -> 62 | ... AJ15: =SUM(AJ82:AJ85) -> 61
A16: Total de Integrantes | B16: =SUM( B$6:B$15 ) -> 286 | C16: =SUM( C$6:C$15 ) -> 288 | D16: =SUM( D$6:D$15 ) -> 289 | E16: =SUM( E$6:E$15 ) -> 290 | F16: =SUM( F$6:F$15 ) -> 291 | G16: =SUM( G$6:G$15 ) -> 301 | H16: =SUM( H$6:H$15 ) -> 302 | I16: =SUM( I$6:I$15 ) -> 306 | ... AJ16: =SUM( AJ$6:AJ$15 ) -> 305
A18: SPE
A19: Diretor de Concessão | B19: 1 | C19: =B19 -> 1 | D19: =C19 -> 1 | E19: =D19 -> 1 | F19: =E19 -> 1 | G19: =F19 -> 1 | H19: =G19 -> 1 | I19: =H19 -> 1 | J19: =I19 -> 1 | ... AJ19: =AI19 -> 1
A20: Gerente de Operações | B20: 1 | C20: =B20 -> 1 | D20: =C20 -> 1 | E20: =D20 -> 1 | F20: =E20 -> 1 | G20: =F20 -> 1 | H20: =G20 -> 1 | I20: =H20 -> 1 | J20: =I20 -> 1 | ... AJ20: =AI20 -> 1
A21: Secretária Executiva | B21: 1 | C21: =B21 -> 1 | D21: =C21 -> 1 | E21: =D21 -> 1 | F21: =E21 -> 1 | G21: =F21 -> 1 | H21: =G21 -> 1 | I21: =H21 -> 1 | J21: =I21 -> 1 | ... AJ21: =AI21 -> 1
A22: Comunicador Social | B22: 1 | C22: 1 | D22: 1 | E22: 1 | F22: 1 | G22: 1 | H22: 1 | I22: 1 | J22: 1 | K22: 1 | L22: 1 | M22: 1 | N22: 1 | O22: 1 | P22: 1 | Q22: 1 | R22: 1 | S22: 1 | T22: 1 | U22: 1 | V22: 1 | W22: 1 | X22: 1 | Y22: 1 | Z22: 1 | AA22: 1 | AB22: 1 | AC22: 1 | AD22: 1 | AE22: 1 | AF22: 1 | AG22: 1 | AH22: 1 | AI22: 1 | AJ22: 1
A23: Técnico de Informática | B23: 1 | C23: =B23 -> 1 | D23: =C23 -> 1 | E23: =D23 -> 1 | F23: =E23 -> 1 | G23: =F23 -> 1 | H23: =G23 -> 1 | I23: =H23 -> 1 | J23: =I23 -> 1 | ... AJ23: =AI23 -> 1
A24: Encarregado administrativo | B24: 1 | C24: =B24 -> 1 | D24: =C24 -> 1 | E24: =D24 -> 1 | F24: =E24 -> 1 | G24: =F24 -> 1 | H24: =G24 -> 1 | I24: =H24 -> 1 | J24: =I24 -> 1 | ... AJ24: =AI24 -> 1
A25: Assistente administrativo | B25: 3 | C25: 3 | D25: 3 | E25: 3 | F25: 3 | G25: 3 | H25: 3 | I25: 3 | J25: 3 | K25: 3 | L25: 3 | M25: 3 | N25: 3 | O25: 3 | P25: 3 | Q25: 3 | R25: 3 | S25: 3 | T25: 3 | U25: 3 | V25: 3 | W25: 3 | X25: 3 | Y25: 3 | Z25: 3 | AA25: 3 | AB25: 3 | AC25: 3 | AD25: 3 | AE25: 3 | AF25: 3 | AG25: 3 | AH25: 3 | AI25: 3 | AJ25: 3
A26: Recepcionista | B26: 1 | C26: =B26 -> 1 | D26: =C26 -> 1 | E26: =D26 -> 1 | F26: =E26 -> 1 | G26: =F26 -> 1 | H26: =G26 -> 1 | I26: =H26 -> 1 | J26: =I26 -> 1 | ... AJ26: =AI26 -> 1
A27: Copeira | B27: 1 | C27: =B27 -> 1 | D27: =C27 -> 1 | E27: =D27 -> 1 | F27: =E27 -> 1 | G27: =F27 -> 1 | H27: =G27 -> 1 | I27: =H27 -> 1 | J27: =I27 -> 1 | ... AJ27: =AI27 -> 1
A28: Auxiliar de serviços gerais | B28: 1 | C28: =B28 -> 1 | D28: =C28 -> 1 | E28: =D28 -> 1 | F28: =E28 -> 1 | G28: =F28 -> 1 | H28: =G28 -> 1 | I28: =H28 -> 1 | J28: =I28 -> 1 | ... AJ28: =AI28 -> 1
A29: Encarregado de RH | B29: 1 | C29: =B29 -> 1 | D29: =C29 -> 1 | E29: =D29 -> 1 | F29: =E29 -> 1 | G29: =F29 -> 1 | H29: =G29 -> 1 | I29: =H29 -> 1 | J29: =I29 -> 1 | ... AJ29: =AI29 -> 1
A30: Comprador | B30: 1 | C30: =B30 -> 1 | D30: =C30 -> 1 | E30: =D30 -> 1 | F30: =E30 -> 1 | G30: =F30 -> 1 | H30: =G30 -> 1 | I30: =H30 -> 1 | J30: =I30 -> 1 | ... AJ30: =AI30 -> 1
A31: Almoxarife | B31: 1 | C31: =B31 -> 1 | D31: =C31 -> 1 | E31: =D31 -> 1 | F31: =E31 -> 1 | G31: =F31 -> 1 | H31: =G31 -> 1 | I31: =H31 -> 1 | J31: =I31 -> 1 | ... AJ31: =AI31 -> 1
A32: Contador | B32: 1 | C32: =B32 -> 1 | D32: =C32 -> 1 | E32: =D32 -> 1 | F32: =E32 -> 1 | G32: =F32 -> 1 | H32: =G32 -> 1 | I32: =H32 -> 1 | J32: =I32 -> 1 | ... AJ32: =AI32 -> 1
A33: Assistente de contabilidade | B33: 1 | C33: =B33 -> 1 | D33: =C33 -> 1 | E33: =D33 -> 1 | F33: =E33 -> 1 | G33: =F33 -> 1 | H33: =G33 -> 1 | I33: =H33 -> 1 | J33: =I33 -> 1 | ... AJ33: =AI33 -> 1
A34: Assistente de contas a pagar | B34: 1 | C34: =B34 -> 1 | D34: =C34 -> 1 | E34: =D34 -> 1 | F34: =E34 -> 1 | G34: =F34 -> 1 | H34: =G34 -> 1 | I34: =H34 -> 1 | J34: =I34 -> 1 | ... AJ34: =AI34 -> 1
A35: Técnico de segurança do trabalho | B35: 1 | C35: =B35 -> 1 | D35: =C35 -> 1 | E35: =D35 -> 1 | F35: =E35 -> 1 | G35: =F35 -> 1 | H35: =G35 -> 1 | I35: =H35 -> 1 | J35: =I35 -> 1 | ... AJ35: =AI35 -> 1
A36: Analista ambiental | B36: 1 | C36: 1 | D36: 1 | E36: 1 | F36: 1 | G36: 1 | H36: 1 | I36: 1 | J36: 1 | K36: 1 | L36: 1 | M36: 1 | N36: 1 | O36: 1 | P36: 1 | Q36: 1 | R36: 1 | S36: 1 | T36: 1 | U36: 1 | V36: 1 | W36: 1 | X36: 1 | Y36: 1 | Z36: 1 | AA36: 1 | AB36: 1 | AC36: 1 | AD36: 1 | AE36: 1 | AF36: 1 | AG36: 1 | AH36: 1 | AI36: 1 | AJ36: 1
A37: Analista de marketing | B37: 1 | C37: 1 | D37: 1 | E37: 1 | F37: 1 | G37: 1 | H37: 1 | I37: 1 | J37: 1 | K37: 1 | L37: 1 | M37: 1 | N37: 1 | O37: 1 | P37: 1 | Q37: 1 | R37: 1 | S37: 1 | T37: 1 | U37: 1 | V37: 1 | W37: 1 | X37: 1 | Y37: 1 | Z37: 1 | AA37: 1 | AB37: 1 | AC37: 1 | AD37: 1 | AE37: 1 | AF37: 1 | AG37: 1 | AH37: 1 | AI37: 1 | AJ37: 1
A38: Estagiário | B38: 2 | C38: 2 | D38: 2 | E38: 2 | F38: 2 | G38: 2 | H38: 2 | I38: 2 | J38: 2 | K38: 2 | L38: 2 | M38: 2 | N38: 2 | O38: 2 | P38: 2 | Q38: 2 | R38: 2 | S38: 2 | T38: 2 | U38: 2 | V38: 2 | W38: 2 | X38: 2 | Y38: 2 | Z38: 2 | AA38: 2 | AB38: 2 | AC38: 2 | AD38: 2 | AE38: 2 | AF38: 2 | AG38: 2 | AH38: 2 | AI38: 2 | AJ38: 2
A40: Engenharia
A41: Engenheiro civil/sanitarista - coleta e serviços gerais de limpeza | B41: 1 | C41: =B41 -> 1 | D41: =C41 -> 1 | E41: =D41 -> 1 | F41: =E41 -> 1 | G41: =F41 -> 1 | H41: =G41 -> 1 | I41: =H41 -> 1 | J41: =I41 -> 1 | ... AJ41: =AI41 -> 1
A43: Operação
A44: Supervisor de operação | B44: 1 | C44: =B44 -> 1 | D44: =C44 -> 1 | E44: =D44 -> 1 | F44: =E44 -> 1 | G44: =F44 -> 1 | H44: =G44 -> 1 | I44: =H44 -> 1 | J44: =I44 -> 1 | ... AJ44: =AI44 -> 1
A45: Coleta Convencional
A46: Motorista (inclusive reservas) | B46: =ROUNDUP((('04 - Veículos e Equipamentos'!B13+'04 - Veículos e Equipamentos'!B14-'04 - Veículos e Equipamentos'!B8-'04 - Veículos e Equipamentos'!B11)*(1+'01 - Dados de Entrada'!$C$190)*'01 - Dados de Entrada'!$C$191),0) -> 26 | C46: =ROUNDUP((('04 - Veículos e Equipamentos'!C13+'04 - Veículos e Equipamentos'!C14-'04 - Veículos e Equipamentos'!C8-'04 - Veículos e Equipamentos'!C11)*(1+'01 - Dados de Entrada'!$C$190)*'01 - Dados de Entrada'!$C$191),0) -> 26 | D46: =ROUNDUP((('04 - Veículos e Equipamentos'!D13+'04 - Veículos e Equipamentos'!D14-'04 - Veículos e Equipamentos'!D8-'04 - Veículos e Equipamentos'!D11)*(1+'01 - Dados de Entrada'!$C$190)*'01 - Dados de Entrada'!$C$191),0) -> 26 | E46: =ROUNDUP((('04 - Veículos e Equipamentos'!E13+'04 - Veículos e Equipamentos'!E14-'04 - Veículos e Equipamentos'!E8-'04 - Veículos e Equipamentos'!E11)*(1+'01 - Dados de Entrada'!$C$190)*'01 - Dados de Entrada'!$C$191),0) -> 26 | F46: =ROUNDUP((('04 - Veículos e Equipamentos'!F13+'04 - Veículos e Equipamentos'!F14-'04 - Veículos e Equipamentos'!F8-'04 - Veículos e Equipamentos'!F11)*(1+'01 - Dados de Entrada'!$C$190)*'01 - Dados de Entrada'!$C$191),0) -> 26 | G46: =ROUNDUP((('04 - Veículos e Equipamentos'!G13+'04 - Veículos e Equipamentos'!G14-'04 - Veículos e Equipamentos'!G8-'04 - Veículos e Equipamentos'!G11)*(1+'01 - Dados de Entrada'!$C$190)*'01 - Dados de Entrada'!$C$191),0) -> 29 | H46: =ROUNDUP((('04 - Veículos e Equipamentos'!H13+'04 - Veículos e Equipamentos'!H14-'04 - Veículos e Equipamentos'!H8-'04 - Veículos e Equipamentos'!H11)*(1+'01 - Dados de Entrada'!$C$190)*'01 - Dados de Entrada'!$C$191),0) -> 29 | I46: =ROUNDUP((('04 - Veículos e Equipamentos'!I13+'04 - Veículos e Equipamentos'!I14-'04 - Veículos e Equipamentos'!I8-'04 - Veículos e Equipamentos'!I11)*(1+'01 - Dados de Entrada'!$C$190)*'01 - Dados de Entrada'!$C$191),0) -> 29 | ... AJ46: =ROUNDUP((('04 - Veículos e Equipamentos'!AJ13+'04 - Veículos e Equipamentos'!AJ14-'04 - Veículos e Equipamentos'!AJ8-'04 - Veículos e Equipamentos'!AJ11)*(1+'01 - Dados de Entrada'!$C$190)*'01 - Dados de Entrada'!$C$191),0) -> 29
A47: Coletor - coleta manual (inclusive reservas) | B47: =ROUNDUP(('04 - Veículos e Equipamentos'!B7+'04 - Veículos e Equipamentos'!B9+'04 - Veículos e Equipamentos'!B10)*'01 - Dados de Entrada'!$C$186*(1+'01 - Dados de Entrada'!$C$189)*'01 - Dados de Entrada'!$C$191,0) -> 44 | C47: =ROUNDUP(('04 - Veículos e Equipamentos'!C7+'04 - Veículos e Equipamentos'!C9+'04 - Veículos e Equipamentos'!C10)*'01 - Dados de Entrada'!$C$186*(1+'01 - Dados de Entrada'!$C$189)*'01 - Dados de Entrada'!$C$191,0) -> 44 | D47: =ROUNDUP(('04 - Veículos e Equipamentos'!D7+'04 - Veículos e Equipamentos'!D9+'04 - Veículos e Equipamentos'!D10)*'01 - Dados de Entrada'!$C$186*(1+'01 - Dados de Entrada'!$C$189)*'01 - Dados de Entrada'!$C$191,0) -> 44 | E47: =ROUNDUP(('04 - Veículos e Equipamentos'!E7+'04 - Veículos e Equipamentos'!E9+'04 - Veículos e Equipamentos'!E10)*'01 - Dados de Entrada'!$C$186*(1+'01 - Dados de Entrada'!$C$189)*'01 - Dados de Entrada'!$C$191,0) -> 44 | F47: =ROUNDUP(('04 - Veículos e Equipamentos'!F7+'04 - Veículos e Equipamentos'!F9+'04 - Veículos e Equipamentos'!F10)*'01 - Dados de Entrada'!$C$186*(1+'01 - Dados de Entrada'!$C$189)*'01 - Dados de Entrada'!$C$191,0) -> 44 | G47: =ROUNDUP(('04 - Veículos e Equipamentos'!G7+'04 - Veículos e Equipamentos'!G9+'04 - Veículos e Equipamentos'!G10)*'01 - Dados de Entrada'!$C$186*(1+'01 - Dados de Entrada'!$C$189)*'01 - Dados de Entrada'!$C$191,0) -> 51 | H47: =ROUNDUP(('04 - Veículos e Equipamentos'!H7+'04 - Veículos e Equipamentos'!H9+'04 - Veículos e Equipamentos'!H10)*'01 - Dados de Entrada'!$C$186*(1+'01 - Dados de Entrada'!$C$189)*'01 - Dados de Entrada'!$C$191,0) -> 51 | I47: =ROUNDUP(('04 - Veículos e Equipamentos'!I7+'04 - Veículos e Equipamentos'!I9+'04 - Veículos e Equipamentos'!I10)*'01 - Dados de Entrada'!$C$186*(1+'01 - Dados de Entrada'!$C$189)*'01 - Dados de Entrada'!$C$191,0) -> 51 | ... AJ47: =ROUNDUP(('04 - Veículos e Equipamentos'!AJ7+'04 - Veículos e Equipamentos'!AJ9+'04 - Veículos e Equipamentos'!AJ10)*'01 - Dados de Entrada'!$C$186*(1+'01 - Dados de Entrada'!$C$189)*'01 - Dados de Entrada'!$C$191,0) -> 51
A48: Fiscal | B48: ='01 - Dados de Entrada'!$C$191 -> 3 | C48: ='01 - Dados de Entrada'!$C$191 -> 3 | D48: ='01 - Dados de Entrada'!$C$191 -> 3 | E48: ='01 - Dados de Entrada'!$C$191 -> 3 | F48: ='01 - Dados de Entrada'!$C$191 -> 3 | G48: ='01 - Dados de Entrada'!$C$191 -> 3 | H48: ='01 - Dados de Entrada'!$C$191 -> 3 | I48: ='01 - Dados de Entrada'!$C$191 -> 3 | ... AJ48: ='01 - Dados de Entrada'!$C$191 -> 3
A49: Encarregado | B49: 1 | C49: 1 | D49: 1 | E49: 1 | F49: 1 | G49: 1 | H49: 1 | I49: 1 | J49: 1 | K49: 1 | L49: 1 | M49: 1 | N49: 1 | O49: 1 | P49: 1 | Q49: 1 | R49: 1 | S49: 1 | T49: 1 | U49: 1 | V49: 1 | W49: 1 | X49: 1 | Y49: 1 | Z49: 1 | AA49: 1 | AB49: 1 | AC49: 1 | AD49: 1 | AE49: 1 | AF49: 1 | AG49: 1 | AH49: 1 | AI49: 1 | AJ49: 1
A50: Coleta Seletiva
A51: Motorista (inclusive reservas) | B51: =ROUNDUP((('04 - Veículos e Equipamentos'!B18+'04 - Veículos e Equipamentos'!B20)*(1+'01 - Dados de Entrada'!$C$190))*'01 - Dados de Entrada'!$C$193,0) -> 9 | C51: =ROUNDUP((('04 - Veículos e Equipamentos'!C18+'04 - Veículos e Equipamentos'!C20)*(1+'01 - Dados de Entrada'!$C$190))*'01 - Dados de Entrada'!$C$193,0) -> 9 | D51: =ROUNDUP((('04 - Veículos e Equipamentos'!D18+'04 - Veículos e Equipamentos'!D20)*(1+'01 - Dados de Entrada'!$C$190))*'01 - Dados de Entrada'!$C$193,0) -> 9 | E51: =ROUNDUP((('04 - Veículos e Equipamentos'!E18+'04 - Veículos e Equipamentos'!E20)*(1+'01 - Dados de Entrada'!$C$190))*'01 - Dados de Entrada'!$C$193,0) -> 9 | F51: =ROUNDUP((('04 - Veículos e Equipamentos'!F18+'04 - Veículos e Equipamentos'!F20)*(1+'01 - Dados de Entrada'!$C$190))*'01 - Dados de Entrada'!$C$193,0) -> 9 | G51: =ROUNDUP((('04 - Veículos e Equipamentos'!G18+'04 - Veículos e Equipamentos'!G20)*(1+'01 - Dados de Entrada'!$C$190))*'01 - Dados de Entrada'!$C$193,0) -> 9 | H51: =ROUNDUP((('04 - Veículos e Equipamentos'!H18+'04 - Veículos e Equipamentos'!H20)*(1+'01 - Dados de Entrada'!$C$190))*'01 - Dados de Entrada'!$C$193,0) -> 9 | I51: =ROUNDUP((('04 - Veículos e Equipamentos'!I18+'04 - Veículos e Equipamentos'!I20)*(1+'01 - Dados de Entrada'!$C$190))*'01 - Dados de Entrada'!$C$193,0) -> 10 | ... AJ51: =ROUNDUP((('04 - Veículos e Equipamentos'!AJ18+'04 - Veículos e Equipamentos'!AJ20)*(1+'01 - Dados de Entrada'!$C$190))*'01 - Dados de Entrada'!$C$193,0) -> 10
A52: Coletor (inclusive reservas) | B52: =ROUNDUP(((('04 - Veículos e Equipamentos'!B18+'04 - Veículos e Equipamentos'!B20)*'01 - Dados de Entrada'!$C$193*'01 - Dados de Entrada'!$C$188)*(1+'01 - Dados de Entrada'!$C$189)),0) -> 17 | C52: =ROUNDUP(((('04 - Veículos e Equipamentos'!C18+'04 - Veículos e Equipamentos'!C20)*'01 - Dados de Entrada'!$C$193*'01 - Dados de Entrada'!$C$188)*(1+'01 - Dados de Entrada'!$C$189)),0) -> 17 | D52: =ROUNDUP(((('04 - Veículos e Equipamentos'!D18+'04 - Veículos e Equipamentos'!D20)*'01 - Dados de Entrada'!$C$193*'01 - Dados de Entrada'!$C$188)*(1+'01 - Dados de Entrada'!$C$189)),0) -> 17 | E52: =ROUNDUP(((('04 - Veículos e Equipamentos'!E18+'04 - Veículos e Equipamentos'!E20)*'01 - Dados de Entrada'!$C$193*'01 - Dados de Entrada'!$C$188)*(1+'01 - Dados de Entrada'!$C$189)),0) -> 17 | F52: =ROUNDUP(((('04 - Veículos e Equipamentos'!F18+'04 - Veículos e Equipamentos'!F20)*'01 - Dados de Entrada'!$C$193*'01 - Dados de Entrada'!$C$188)*(1+'01 - Dados de Entrada'!$C$189)),0) -> 17 | G52: =ROUNDUP(((('04 - Veículos e Equipamentos'!G18+'04 - Veículos e Equipamentos'!G20)*'01 - Dados de Entrada'!$C$193*'01 - Dados de Entrada'!$C$188)*(1+'01 - Dados de Entrada'!$C$189)),0) -> 17 | H52: =ROUNDUP(((('04 - Veículos e Equipamentos'!H18+'04 - Veículos e Equipamentos'!H20)*'01 - Dados de Entrada'!$C$193*'01 - Dados de Entrada'!$C$188)*(1+'01 - Dados de Entrada'!$C$189)),0) -> 17 | I52: =ROUNDUP(((('04 - Veículos e Equipamentos'!I18+'04 - Veículos e Equipamentos'!I20)*'01 - Dados de Entrada'!$C$193*'01 - Dados de Entrada'!$C$188)*(1+'01 - Dados de Entrada'!$C$189)),0) -> 20 | ... AJ52: =ROUNDUP(((('04 - Veículos e Equipamentos'!AJ18+'04 - Veículos e Equipamentos'!AJ20)*'01 - Dados de Entrada'!$C$193*'01 - Dados de Entrada'!$C$188)*(1+'01 - Dados de Entrada'!$C$189)),0) -> 20
A53: Fiscal | B53: ='04 - Veículos e Equipamentos'!B22+'04 - Veículos e Equipamentos'!B23 -> 2 | C53: ='04 - Veículos e Equipamentos'!C22+'04 - Veículos e Equipamentos'!C23 -> 2 | D53: ='04 - Veículos e Equipamentos'!D22+'04 - Veículos e Equipamentos'!D23 -> 2 | E53: ='04 - Veículos e Equipamentos'!E22+'04 - Veículos e Equipamentos'!E23 -> 2 | F53: ='04 - Veículos e Equipamentos'!F22+'04 - Veículos e Equipamentos'!F23 -> 2 | G53: ='04 - Veículos e Equipamentos'!G22+'04 - Veículos e Equipamentos'!G23 -> 2 | H53: ='04 - Veículos e Equipamentos'!H22+'04 - Veículos e Equipamentos'!H23 -> 2 | I53: ='04 - Veículos e Equipamentos'!I22+'04 - Veículos e Equipamentos'!I23 -> 2 | ... AJ53: ='04 - Veículos e Equipamentos'!AJ22+'04 - Veículos e Equipamentos'!AJ23 -> 2
A54: Ponto de Entrega Voluntária (PEV) e Ecoponto
A55: Servente PEVs (inclusive reservas) | B55: =ROUNDUP(('01 - Dados de Entrada'!$C$332+'01 - Dados de Entrada'!$C$333)*(1+'01 - Dados de Entrada'!$C$189),0) -> 5 | C55: =ROUNDUP(('01 - Dados de Entrada'!$C$332+'01 - Dados de Entrada'!$C$333)*(1+'01 - Dados de Entrada'!$C$189),0) -> 5 | D55: =ROUNDUP(('01 - Dados de Entrada'!$C$332+'01 - Dados de Entrada'!$C$333)*(1+'01 - Dados de Entrada'!$C$189),0) -> 5 | E55: =ROUNDUP(('01 - Dados de Entrada'!$C$332+'01 - Dados de Entrada'!$C$333)*(1+'01 - Dados de Entrada'!$C$189),0) -> 5 | F55: =ROUNDUP(('01 - Dados de Entrada'!$C$332+'01 - Dados de Entrada'!$C$333)*(1+'01 - Dados de Entrada'!$C$189),0) -> 5 | G55: =ROUNDUP(('01 - Dados de Entrada'!$C$332+'01 - Dados de Entrada'!$C$333)*(1+'01 - Dados de Entrada'!$C$189),0) -> 5 | H55: =ROUNDUP(('01 - Dados de Entrada'!$C$332+'01 - Dados de Entrada'!$C$333)*(1+'01 - Dados de Entrada'!$C$189),0) -> 5 | I55: =ROUNDUP(('01 - Dados de Entrada'!$C$332+'01 - Dados de Entrada'!$C$333)*(1+'01 - Dados de Entrada'!$C$189),0) -> 5 | ... AJ55: =ROUNDUP(('01 - Dados de Entrada'!$C$332+'01 - Dados de Entrada'!$C$333)*(1+'01 - Dados de Entrada'!$C$189),0) -> 5
A56: Servente Ecopontos | B56: =ROUNDUP('04 - Veículos e Equipamentos'!B38*(1+'01 - Dados de Entrada'!$C$189),0) -> 0 | C56: =ROUNDUP('04 - Veículos e Equipamentos'!C38*(1+'01 - Dados de Entrada'!$C$189),0) -> 2 | D56: =ROUNDUP('04 - Veículos e Equipamentos'!D38*(1+'01 - Dados de Entrada'!$C$189),0) -> 3 | E56: =ROUNDUP('04 - Veículos e Equipamentos'!E38*(1+'01 - Dados de Entrada'!$C$189),0) -> 3 | F56: =ROUNDUP('04 - Veículos e Equipamentos'!F38*(1+'01 - Dados de Entrada'!$C$189),0) -> 4 | G56: =ROUNDUP('04 - Veículos e Equipamentos'!G38*(1+'01 - Dados de Entrada'!$C$189),0) -> 4 | H56: =ROUNDUP('04 - Veículos e Equipamentos'!H38*(1+'01 - Dados de Entrada'!$C$189),0) -> 4 | I56: =ROUNDUP('04 - Veículos e Equipamentos'!I38*(1+'01 - Dados de Entrada'!$C$189),0) -> 4 | ... AJ56: =ROUNDUP('04 - Veículos e Equipamentos'!AJ38*(1+'01 - Dados de Entrada'!$C$189),0) -> 4
A57: Transporte Resíduos PEV
A58: Motorista (inclusive reservas) | B58: =ROUNDUP((('01 - Dados de Entrada'!$C$346*'01 - Dados de Entrada'!$C$345))*(1+'01 - Dados de Entrada'!$C$190),0) -> 2 | C58: =ROUNDUP((('01 - Dados de Entrada'!$C$346*'01 - Dados de Entrada'!$C$345))*(1+'01 - Dados de Entrada'!$C$190),0) -> 2 | D58: =ROUNDUP((('01 - Dados de Entrada'!$C$346*'01 - Dados de Entrada'!$C$345))*(1+'01 - Dados de Entrada'!$C$190),0) -> 2 | E58: =ROUNDUP((('01 - Dados de Entrada'!$C$346*'01 - Dados de Entrada'!$C$345))*(1+'01 - Dados de Entrada'!$C$190),0) -> 2 | F58: =ROUNDUP((('01 - Dados de Entrada'!$C$346*'01 - Dados de Entrada'!$C$345))*(1+'01 - Dados de Entrada'!$C$190),0) -> 2 | G58: =ROUNDUP((('01 - Dados de Entrada'!$C$346*'01 - Dados de Entrada'!$C$345))*(1+'01 - Dados de Entrada'!$C$190),0) -> 2 | H58: =ROUNDUP((('01 - Dados de Entrada'!$C$346*'01 - Dados de Entrada'!$C$345))*(1+'01 - Dados de Entrada'!$C$190),0) -> 2 | I58: =ROUNDUP((('01 - Dados de Entrada'!$C$346*'01 - Dados de Entrada'!$C$345))*(1+'01 - Dados de Entrada'!$C$190),0) -> 2 | ... AJ58: =ROUNDUP((('01 - Dados de Entrada'!$C$346*'01 - Dados de Entrada'!$C$345))*(1+'01 - Dados de Entrada'!$C$190),0) -> 2
A59: Manutenção
A60: Supervisor de Manutenção | B60: 1 | C60: 1 | D60: 1 | E60: 1 | F60: 1 | G60: 1 | H60: 1 | I60: 1 | J60: 1 | K60: 1 | L60: 1 | M60: 1 | N60: 1 | O60: 1 | P60: 1 | Q60: 1 | R60: 1 | S60: 1 | T60: 1 | U60: 1 | V60: 1 | W60: 1 | X60: 1 | Y60: 1 | Z60: 1 | AA60: 1 | AB60: 1 | AC60: 1 | AD60: 1 | AE60: 1 | AF60: 1 | AG60: 1 | AH60: 1 | AI60: 1 | AJ60: 1
A61: Mecânico de Manutenção | B61: 2 | C61: 2 | D61: 2 | E61: 2 | F61: 2 | G61: 2 | H61: 2 | I61: 2 | J61: 2 | K61: 2 | L61: 2 | M61: 2 | N61: 2 | O61: 2 | P61: 2 | Q61: 2 | R61: 2 | S61: 2 | T61: 2 | U61: 2 | V61: 2 | W61: 2 | X61: 2 | Y61: 2 | Z61: 2 | AA61: 2 | AB61: 2 | AC61: 2 | AD61: 2 | AE61: 2 | AF61: 2 | AG61: 2 | AH61: 2 | AI61: 2 | AJ61: 2
A62: Auxiliar de Manutenção Mecânica | B62: =B61 -> 2 | C62: =C61 -> 2 | D62: =D61 -> 2 | E62: =E61 -> 2 | F62: =F61 -> 2 | G62: =G61 -> 2 | H62: =H61 -> 2 | I62: =I61 -> 2 | ... AJ62: =AJ61 -> 2
A63: Eletricista | B63: 1 | C63: 1 | D63: 1 | E63: 1 | F63: 1 | G63: 1 | H63: 1 | I63: 1 | J63: 1 | K63: 1 | L63: 1 | M63: 1 | N63: 1 | O63: 1 | P63: 1 | Q63: 1 | R63: 1 | S63: 1 | T63: 1 | U63: 1 | V63: 1 | W63: 1 | X63: 1 | Y63: 1 | Z63: 1 | AA63: 1 | AB63: 1 | AC63: 1 | AD63: 1 | AE63: 1 | AF63: 1 | AG63: 1 | AH63: 1 | AI63: 1 | AJ63: 1
A64: Borracheiro | B64: 2 | C64: 2 | D64: 2 | E64: 2 | F64: 2 | G64: 2 | H64: 2 | I64: 2 | J64: 2 | K64: 2 | L64: 2 | M64: 2 | N64: 2 | O64: 2 | P64: 2 | Q64: 2 | R64: 2 | S64: 2 | T64: 2 | U64: 2 | V64: 2 | W64: 2 | X64: 2 | Y64: 2 | Z64: 2 | AA64: 2 | AB64: 2 | AC64: 2 | AD64: 2 | AE64: 2 | AF64: 2 | AG64: 2 | AH64: 2 | AI64: 2 | AJ64: 2
A66: Serviços Gerais de Limpeza
A67: Motorista (contando reservas) | B67: =ROUNDUP(('01 - Dados de Entrada'!$C$305*(1+'01 - Dados de Entrada'!$C$190)),0) -> 4 | C67: =ROUNDUP(('01 - Dados de Entrada'!$C$305*(1+'01 - Dados de Entrada'!$C$190)),0) -> 4 | D67: =ROUNDUP(('01 - Dados de Entrada'!$C$305*(1+'01 - Dados de Entrada'!$C$190)),0) -> 4 | E67: =ROUNDUP(('01 - Dados de Entrada'!$C$305*(1+'01 - Dados de Entrada'!$C$190)),0) -> 4 | F67: =ROUNDUP(('01 - Dados de Entrada'!$C$305*(1+'01 - Dados de Entrada'!$C$190)),0) -> 4 | G67: =ROUNDUP(('01 - Dados de Entrada'!$C$305*(1+'01 - Dados de Entrada'!$C$190)),0) -> 4 | H67: =ROUNDUP(('01 - Dados de Entrada'!$C$305*(1+'01 - Dados de Entrada'!$C$190)),0) -> 4 | I67: =ROUNDUP(('01 - Dados de Entrada'!$C$305*(1+'01 - Dados de Entrada'!$C$190)),0) -> 4 | ... AJ67: =ROUNDUP(('01 - Dados de Entrada'!$C$305*(1+'01 - Dados de Entrada'!$C$190)),0) -> 4
A68: Servente (contando reservas) | B68: =ROUNDUP('01 - Dados de Entrada'!$C$306+'01 - Dados de Entrada'!$C$296*'01 - Dados de Entrada'!$C$306,0) -> 42 | C68: =ROUNDUP('01 - Dados de Entrada'!$C$306+'01 - Dados de Entrada'!$C$296*'01 - Dados de Entrada'!$C$306,0) -> 42 | D68: =ROUNDUP('01 - Dados de Entrada'!$C$306+'01 - Dados de Entrada'!$C$296*'01 - Dados de Entrada'!$C$306,0) -> 42 | E68: =ROUNDUP('01 - Dados de Entrada'!$C$306+'01 - Dados de Entrada'!$C$296*'01 - Dados de Entrada'!$C$306,0) -> 42 | F68: =ROUNDUP('01 - Dados de Entrada'!$C$306+'01 - Dados de Entrada'!$C$296*'01 - Dados de Entrada'!$C$306,0) -> 42 | G68: =ROUNDUP('01 - Dados de Entrada'!$C$306+'01 - Dados de Entrada'!$C$296*'01 - Dados de Entrada'!$C$306,0) -> 42 | H68: =ROUNDUP('01 - Dados de Entrada'!$C$306+'01 - Dados de Entrada'!$C$296*'01 - Dados de Entrada'!$C$306,0) -> 42 | I68: =ROUNDUP('01 - Dados de Entrada'!$C$306+'01 - Dados de Entrada'!$C$296*'01 - Dados de Entrada'!$C$306,0) -> 42 | ... AJ68: =ROUNDUP('01 - Dados de Entrada'!$C$306+'01 - Dados de Entrada'!$C$296*'01 - Dados de Entrada'!$C$306,0) -> 42
A69: Fiscal | B69: ='01 - Dados de Entrada'!$C$307 -> 1 | C69: ='01 - Dados de Entrada'!$C$307 -> 1 | D69: ='01 - Dados de Entrada'!$C$307 -> 1 | E69: ='01 - Dados de Entrada'!$C$307 -> 1 | F69: ='01 - Dados de Entrada'!$C$307 -> 1 | G69: ='01 - Dados de Entrada'!$C$307 -> 1 | H69: ='01 - Dados de Entrada'!$C$307 -> 1 | I69: ='01 - Dados de Entrada'!$C$307 -> 1 | ... AJ69: ='01 - Dados de Entrada'!$C$307 -> 1
A71: Roçada de Áreas Públicas
A72: Motorista | B72: ='01 - Dados de Entrada'!$C$315 -> 3 | C72: ='01 - Dados de Entrada'!$C$315 -> 3 | D72: ='01 - Dados de Entrada'!$C$315 -> 3 | E72: ='01 - Dados de Entrada'!$C$315 -> 3 | F72: ='01 - Dados de Entrada'!$C$315 -> 3 | G72: ='01 - Dados de Entrada'!$C$315 -> 3 | H72: ='01 - Dados de Entrada'!$C$315 -> 3 | I72: ='01 - Dados de Entrada'!$C$315 -> 3 | ... AJ72: ='01 - Dados de Entrada'!$C$315 -> 3
A73: Servente (contando reservas) | B73: =ROUNDUP('01 - Dados de Entrada'!$C$316+'01 - Dados de Entrada'!$C$296*'01 - Dados de Entrada'!$C$316,0) -> 21 | C73: =ROUNDUP('01 - Dados de Entrada'!$C$316+'01 - Dados de Entrada'!$C$296*'01 - Dados de Entrada'!$C$316,0) -> 21 | D73: =ROUNDUP('01 - Dados de Entrada'!$C$316+'01 - Dados de Entrada'!$C$296*'01 - Dados de Entrada'!$C$316,0) -> 21 | E73: =ROUNDUP('01 - Dados de Entrada'!$C$316+'01 - Dados de Entrada'!$C$296*'01 - Dados de Entrada'!$C$316,0) -> 21 | F73: =ROUNDUP('01 - Dados de Entrada'!$C$316+'01 - Dados de Entrada'!$C$296*'01 - Dados de Entrada'!$C$316,0) -> 21 | G73: =ROUNDUP('01 - Dados de Entrada'!$C$316+'01 - Dados de Entrada'!$C$296*'01 - Dados de Entrada'!$C$316,0) -> 21 | H73: =ROUNDUP('01 - Dados de Entrada'!$C$316+'01 - Dados de Entrada'!$C$296*'01 - Dados de Entrada'!$C$316,0) -> 21 | I73: =ROUNDUP('01 - Dados de Entrada'!$C$316+'01 - Dados de Entrada'!$C$296*'01 - Dados de Entrada'!$C$316,0) -> 21 | ... AJ73: =ROUNDUP('01 - Dados de Entrada'!$C$316+'01 - Dados de Entrada'!$C$296*'01 - Dados de Entrada'!$C$316,0) -> 21
A74: Fiscal | B74: ='01 - Dados de Entrada'!$C$317 -> 1 | C74: ='01 - Dados de Entrada'!$C$317 -> 1 | D74: ='01 - Dados de Entrada'!$C$317 -> 1 | E74: ='01 - Dados de Entrada'!$C$317 -> 1 | F74: ='01 - Dados de Entrada'!$C$317 -> 1 | G74: ='01 - Dados de Entrada'!$C$317 -> 1 | H74: ='01 - Dados de Entrada'!$C$317 -> 1 | I74: ='01 - Dados de Entrada'!$C$317 -> 1 | ... AJ74: ='01 - Dados de Entrada'!$C$317 -> 1
A76: Serviços de poda
A77: Motorista | B77: ='01 - Dados de Entrada'!$C$325 -> 1 | C77: ='01 - Dados de Entrada'!$C$325 -> 1 | D77: ='01 - Dados de Entrada'!$C$325 -> 1 | E77: ='01 - Dados de Entrada'!$C$325 -> 1 | F77: ='01 - Dados de Entrada'!$C$325 -> 1 | G77: ='01 - Dados de Entrada'!$C$325 -> 1 | H77: ='01 - Dados de Entrada'!$C$325 -> 1 | I77: ='01 - Dados de Entrada'!$C$325 -> 1 | ... AJ77: ='01 - Dados de Entrada'!$C$325 -> 1
A78: Servente (contando reservas) | B78: =ROUNDUP('01 - Dados de Entrada'!$C$326+'01 - Dados de Entrada'!$C$296*'01 - Dados de Entrada'!$C$326,0) -> 10 | C78: =ROUNDUP('01 - Dados de Entrada'!$C$326+'01 - Dados de Entrada'!$C$296*'01 - Dados de Entrada'!$C$326,0) -> 10 | D78: =ROUNDUP('01 - Dados de Entrada'!$C$326+'01 - Dados de Entrada'!$C$296*'01 - Dados de Entrada'!$C$326,0) -> 10 | E78: =ROUNDUP('01 - Dados de Entrada'!$C$326+'01 - Dados de Entrada'!$C$296*'01 - Dados de Entrada'!$C$326,0) -> 10 | F78: =ROUNDUP('01 - Dados de Entrada'!$C$326+'01 - Dados de Entrada'!$C$296*'01 - Dados de Entrada'!$C$326,0) -> 10 | G78: =ROUNDUP('01 - Dados de Entrada'!$C$326+'01 - Dados de Entrada'!$C$296*'01 - Dados de Entrada'!$C$326,0) -> 10 | H78: =ROUNDUP('01 - Dados de Entrada'!$C$326+'01 - Dados de Entrada'!$C$296*'01 - Dados de Entrada'!$C$326,0) -> 10 | I78: =ROUNDUP('01 - Dados de Entrada'!$C$326+'01 - Dados de Entrada'!$C$296*'01 - Dados de Entrada'!$C$326,0) -> 10 | ... AJ78: =ROUNDUP('01 - Dados de Entrada'!$C$326+'01 - Dados de Entrada'!$C$296*'01 - Dados de Entrada'!$C$326,0) -> 10
A79: Fiscal | B79: ='01 - Dados de Entrada'!$C$327 -> 1 | C79: ='01 - Dados de Entrada'!$C$327 -> 1 | D79: ='01 - Dados de Entrada'!$C$327 -> 1 | E79: ='01 - Dados de Entrada'!$C$327 -> 1 | F79: ='01 - Dados de Entrada'!$C$327 -> 1 | G79: ='01 - Dados de Entrada'!$C$327 -> 1 | H79: ='01 - Dados de Entrada'!$C$327 -> 1 | I79: ='01 - Dados de Entrada'!$C$327 -> 1 | ... AJ79: ='01 - Dados de Entrada'!$C$327 -> 1
A81: Varrição Manual
A82: Fiscal | B82: =ROUND(B86/'01 - Dados de Entrada'!$C$293,0) -> 1 | C82: =ROUND(C86/'01 - Dados de Entrada'!$C$293,0) -> 1 | D82: =ROUND(D86/'01 - Dados de Entrada'!$C$293,0) -> 1 | E82: =ROUND(E86/'01 - Dados de Entrada'!$C$293,0) -> 1 | F82: =ROUND(F86/'01 - Dados de Entrada'!$C$293,0) -> 1 | G82: =ROUND(G86/'01 - Dados de Entrada'!$C$293,0) -> 1 | H82: =ROUND(H86/'01 - Dados de Entrada'!$C$293,0) -> 1 | I82: =ROUND(I86/'01 - Dados de Entrada'!$C$293,0) -> 1 | ... AJ82: =ROUND(AJ86/'01 - Dados de Entrada'!$C$293,0) -> 1
A83: Encarregado | B83: =ROUND(B86/'01 - Dados de Entrada'!$C$294,0) -> 1 | C83: =ROUND(C86/'01 - Dados de Entrada'!$C$294,0) -> 1 | D83: =ROUND(D86/'01 - Dados de Entrada'!$C$294,0) -> 1 | E83: =ROUND(E86/'01 - Dados de Entrada'!$C$294,0) -> 1 | F83: =ROUND(F86/'01 - Dados de Entrada'!$C$294,0) -> 1 | G83: =ROUND(G86/'01 - Dados de Entrada'!$C$294,0) -> 1 | H83: =ROUND(H86/'01 - Dados de Entrada'!$C$294,0) -> 1 | I83: =ROUND(I86/'01 - Dados de Entrada'!$C$294,0) -> 1 | ... AJ83: =ROUND(AJ86/'01 - Dados de Entrada'!$C$294,0) -> 1
A84: Varredor | B84: =ROUND('01 - Dados de Entrada'!$C$292*'02 - Evolução Populacional'!B47,0) -> 48 | C84: =ROUND('01 - Dados de Entrada'!$C$292*'02 - Evolução Populacional'!C47,0) -> 48 | D84: =ROUND('01 - Dados de Entrada'!$C$292*'02 - Evolução Populacional'!D47,0) -> 48 | E84: =ROUND('01 - Dados de Entrada'!$C$292*'02 - Evolução Populacional'!E47,0) -> 49 | F84: =ROUND('01 - Dados de Entrada'!$C$292*'02 - Evolução Populacional'!F47,0) -> 49 | G84: =ROUND('01 - Dados de Entrada'!$C$292*'02 - Evolução Populacional'!G47,0) -> 49 | H84: =ROUND('01 - Dados de Entrada'!$C$292*'02 - Evolução Populacional'!H47,0) -> 50 | I84: =ROUND('01 - Dados de Entrada'!$C$292*'02 - Evolução Populacional'!I47,0) -> 50 | ... AJ84: =ROUND('01 - Dados de Entrada'!$C$292*'02 - Evolução Populacional'!AJ47,0) -> 49
A85: Varredor (reserva) | B85: =ROUND(B84*'01 - Dados de Entrada'!$C$295,0) -> 10 | C85: =ROUND(C84*'01 - Dados de Entrada'!$C$295,0) -> 10 | D85: =ROUND(D84*'01 - Dados de Entrada'!$C$295,0) -> 10 | E85: =ROUND(E84*'01 - Dados de Entrada'!$C$295,0) -> 10 | F85: =ROUND(F84*'01 - Dados de Entrada'!$C$295,0) -> 10 | G85: =ROUND(G84*'01 - Dados de Entrada'!$C$295,0) -> 10 | H85: =ROUND(H84*'01 - Dados de Entrada'!$C$295,0) -> 10 | I85: =ROUND(I84*'01 - Dados de Entrada'!$C$295,0) -> 10 | ... AJ85: =ROUND(AJ84*'01 - Dados de Entrada'!$C$295,0) -> 10
A86: Varredor (total) | B86: =SUM(B84:B85) -> 58 | C86: =SUM(C84:C85) -> 58 | D86: =SUM(D84:D85) -> 58 | E86: =SUM(E84:E85) -> 59 | F86: =SUM(F84:F85) -> 59 | G86: =SUM(G84:G85) -> 59 | H86: =SUM(H84:H85) -> 60 | I86: =SUM(I84:I85) -> 60 | ... AJ86: =SUM(AJ84:AJ85) -> 59

Sheet 06 - Salários e encargos
A1: PREFEITURA MUNICIPAL DE JARAGUÁ DO SUL
A2: ESTUDO DE VIABILIDADE ECONÔMICA PARA A CONCESSÃO DOS SERVIÇOS DE LIMPEZA PÚBLICA E MANEJO DE RESÍDUOS SÓLIDOS
A3: COMPOSIÇÃO DO SALÁRIO
A5: SPE | B5: Custo mensal | C5: Salário | D5: Ad. Insal. | E5: Ad. Not. | F5: Hora extra | G5: Salário total | H5: Encargos salariais | I5: V.A. | J5: V.T.
A6: Diretor de Concessão | B6: =G6+G6*H6+I6+J6 -> 29316.8 | C6: 17000 | D6: 0 | G6: =SUM(C6:F6) -> 17000 | H6: ='01 - Dados de Entrada'!$C$40 -> 0.6604 | I6: 1090 | J6: =IF((3.94*52)-0.06*C6>0,(3.94*52)-0.06*C6,0) -> 0
A7: Gerente de Operações | B7: =G7+G7*H7+I7+J7 -> 19354.4 | C7: 11000 | D7: 0 | G7: =SUM(C7:F7) -> 11000 | H7: ='01 - Dados de Entrada'!$C$40 -> 0.6604 | I7: 1090 | J7: =IF((3.94*52)-0.06*C7>0,(3.94*52)-0.06*C7,0) -> 0
A8: Secretária Executiva | B8: =G8+G8*H8+I8+J8 -> 4642.4816 | C8: 2193.89 | D8: 0 | G8: =SUM(C8:F8) -> 2193.89 | H8: ='01 - Dados de Entrada'!$C$40 -> 0.6604 | I8: 926.5 | J8: =IF((3.94*52)-0.06*C8>0,(3.94*52)-0.06*C8,0) -> 73.2466
A9: Comunicador Social | B9: =G9+G9*H9+I9+J9 -> 4097.4816 | C9: 2193.89 | D9: 0 | G9: =SUM(C9:F9) -> 2193.89 | H9: ='01 - Dados de Entrada'!$C$40 -> 0.6604 | I9: 381.5 | J9: =IF((3.94*52)-0.06*C9>0,(3.94*52)-0.06*C9,0) -> 73.2466
A10: Técnico de Informática | B10: =G10+G10*H10+I10+J10 -> 4553.858 | C10: 2445 | D10: 0 | G10: =SUM(C10:F10) -> 2445 | H10: ='01 - Dados de Entrada'!$C$40 -> 0.6604 | I10: 436 | J10: =IF((3.94*52)-0.06*C10>0,(3.94*52)-0.06*C10,0) -> 58.18
A11: Encarregado administrativo | B11: =G11+G11*H11+I11+J11 -> 4802.5216 | C11: 2293.89 | D11: 0 | G11: =SUM(C11:F11) -> 2293.89 | H11: ='01 - Dados de Entrada'!$C$40 -> 0.6604 | I11: 926.5 | J11: =IF((3.94*52)-0.06*C11>0,(3.94*52)-0.06*C11,0) -> 67.2466
A12: Assistente administrativo | B12: =G12+G12*H12+I12+J12 -> 4151.9816 | C12: 2193.89 | D12: 0 | G12: =SUM(C12:F12) -> 2193.89 | H12: ='01 - Dados de Entrada'!$C$40 -> 0.6604 | I12: 436 | J12: =IF((3.94*52)-0.06*C12>0,(3.94*52)-0.06*C12,0) -> 73.2466
A13: Recepcionista | B13: =G13+G13*H13+I13+J13 -> 3179.9336 | C13: 1634 | D13: 0 | G13: =SUM(C13:F13) -> 1634 | H13: ='01 - Dados de Entrada'!$C$40 -> 0.6604 | I13: 360 | J13: =IF((3.94*52)-0.06*C13>0,(3.94*52)-0.06*C13,0) -> 106.84
A14: Copeira | B14: =G14+G14*H14+I14+J14 -> 3144.7248 | C14: 1612 | D14: 0 | G14: =SUM(C14:F14) -> 1612 | H14: ='01 - Dados de Entrada'!$C$40 -> 0.6604 | I14: 360 | J14: =IF((3.94*52)-0.06*C14>0,(3.94*52)-0.06*C14,0) -> 108.16
A15: Auxiliar de serviços gerais | B15: =G15+G15*H15+I15+J15 -> 3145.1409 | C15: 1612.26 | D15: 0 | G15: =SUM(C15:F15) -> 1612.26 | H15: ='01 - Dados de Entrada'!$C$40 -> 0.6604 | I15: 360 | J15: =IF((3.94*52)-0.06*C15>0,(3.94*52)-0.06*C15,0) -> 108.1444
A16: Encarregado de RH | B16: =G16+G16*H16+I16+J16 -> 4642.4816 | C16: 2193.89 | D16: 0 | G16: =SUM(C16:F16) -> 2193.89 | H16: ='01 - Dados de Entrada'!$C$40 -> 0.6604 | I16: 926.5 | J16: =IF((3.94*52)-0.06*C16>0,(3.94*52)-0.06*C16,0) -> 73.2466
A17: Comprador | B17: =G17+G17*H17+I17+J17 -> 4151.9816 | C17: 2193.89 | D17: 0 | G17: =SUM(C17:F17) -> 2193.89 | H17: ='01 - Dados de Entrada'!$C$40 -> 0.6604 | I17: 436 | J17: =IF((3.94*52)-0.06*C17>0,(3.94*52)-0.06*C17,0) -> 73.2466
... A22: Técnico de segurança do trabalho | B22: =G22+G22*H22+I22+J22 -> 7236.02 | C22: 3800 | D22: 0 | G22: =SUM(C22:F22) -> 3800 | H22: ='01 - Dados de Entrada'!$C$40 -> 0.6604 | I22: 926.5 | J22: =IF((3.94*52)-0.06*C22>0,(3.94*52)-0.06*C22,0) -> 0
A23: Analista ambiental | B23: =G23+G23*H23+I23+J23 -> 8398.3 | C23: 4500 | G23: =SUM(C23:F23) -> 4500 | H23: ='01 - Dados de Entrada'!$C$40 -> 0.6604 | I23: 926.5 | J23: =IF((3.94*52)-0.06*C23>0,(3.94*52)-0.06*C23,0) -> 0
A24: Analista de marketing | B24: =G24+G24*H24+I24+J24 -> 8066.22 | C24: 4300 | G24: =SUM(C24:F24) -> 4300 | H24: ='01 - Dados de Entrada'!$C$40 -> 0.6604 | I24: 926.5 | J24: =IF((3.94*52)-0.06*C24>0,(3.94*52)-0.06*C24,0) -> 0
A25: Estagiário | B25: =G25+G25*H25+I25+J25 -> 3145.1409 | C25: 1612.26 | G25: =SUM(C25:F25) -> 1612.26 | H25: ='01 - Dados de Entrada'!$C$40 -> 0.6604 | I25: 360 | J25: =IF((3.94*52)-0.06*C25>0,(3.94*52)-0.06*C25,0) -> 108.1444
A27: Engenharia | I27: 0
A28: Engenheiro civil/sanitarista - coleta e serviços gerais de limpeza | B28: =G28+G28*H28+I28+J28 -> 21018.121 | C28: 12002 | D28: 0 | G28: =SUM(C28:F28) -> 12002 | H28: ='01 - Dados de Entrada'!$C$40 -> 0.6604 | I28: 1090 | J28: =IF((3.94*52)-0.06*C28>0,(3.94*52)-0.06*C28,0) -> 0
H29: ='01 - Dados de Entrada'!$C$40 -> 0.6604 | I29: 0
A30: Relação com o Usuário | H30: ='01 - Dados de Entrada'!$C$40 -> 0.6604 | I30: 0
A31: Coordenador de faturamento, cobrança e arrecadação | B31: =G31+G31*H31+I31+J31 -> 7319.04 | C31: 3850 | D31: 0 | G31: =SUM(C31:F31) -> 3850 | H31: ='01 - Dados de Entrada'!$C$40 -> 0.6604 | I31: 926.5 | J31: =IF((3.94*52)-0.06*C31>0,(3.94*52)-0.06*C31,0) -> 0
A32: Auxiliar de cobrança e arrecadação | B32: =G32+G32*H32+I32+J32 -> 3329.7248 | C32: 1612 | D32: 0 | G32: =SUM(C32:F32) -> 1612 | H32: ='01 - Dados de Entrada'!$C$40 -> 0.6604 | I32: 545 | J32: =IF((3.94*52)-0.06*C32>0,(3.94*52)-0.06*C32,0) -> 108.16
A33: Atendente presencial e telefônico | B33: =G33+G33*H33+I33+J33 -> 3255.9336 | C33: 1634 | D33: 0 | G33: =SUM(C33:F33) -> 1634 | H33: ='01 - Dados de Entrada'!$C$40 -> 0.6604 | I33: 436 | J33: =IF((3.94*52)-0.06*C33>0,(3.94*52)-0.06*C33,0) -> 106.84
I34: 0
A35: Operação | I35: 0
A36: Supervisor de operação | B36: =G36+G36*H36+I36+J36 -> 8016.8 | C36: 4500 | F36: 0 | G36: =SUM(C36:F36) -> 4500 | H36: ='01 - Dados de Entrada'!$C$39 -> 0.6604 | I36: 545 | J36: =IF(150-0.06*C36>0,150-0.06*C36,0) -> 0
A37: Coleta Convencional | I37: 0
A38: Motorista | B38: =G38+G38*H38+I38+J38 -> 4853.8615 | C38: 2271.36 | D38: ='01 - Dados de Entrada'!$C$36*'01 - Dados de Entrada'!$C$37 -> 282.4 | E38: 0 | G38: =SUM(C38:F38) -> 2553.76 | H38: ='01 - Dados de Entrada'!$C$39 -> 0.6604 | I38: 545 | J38: =IF((3.94*52)-0.06*C38>0,(3.94*52)-0.06*C38,0) -> 68.5984
A39: Coletor | B39: =G39+G39*H39+I39+J39 -> 4082.9348 | C39: 1612.26 | D39: ='01 - Dados de Entrada'!$C$36*'01 - Dados de Entrada'!$C$38 -> 564.8 | G39: =SUM(C39:F39) -> 2177.06 | H39: ='01 - Dados de Entrada'!$C$39 -> 0.6604 | I39: 360 | J39: =IF((3.94*52)-0.06*C39>0,(3.94*52)-0.06*C39,0) -> 108.1444
A40: Fiscal | B40: =G40+G40*H40+I40+J40 -> 5003.5502 | C40: 2433 | D40: ='01 - Dados de Entrada'!$C$36*'01 - Dados de Entrada'!$C$37 -> 282.4 | F40: 0 | G40: =SUM(C40:F40) -> 2715.4 | H40: ='01 - Dados de Entrada'!$C$39 -> 0.6604 | I40: 436 | J40: =IF((3.94*52)-0.06*C40>0,(3.94*52)-0.06*C40,0) -> 58.9
A41: Encarregado | B41: =G41+G41*H41+I41+J41 -> 5551.08 | C41: 3000 | G41: =SUM(C41:F41) -> 3000 | H41: ='01 - Dados de Entrada'!$C$39 -> 0.6604 | I41: 545 | J41: =IF((3.94*52)-0.06*C41>0,(3.94*52)-0.06*C41,0) -> 24.88
A42: Coleta Seletiva | I42: 0
A43: Motorista | B43: =G43+G43*H43+I43+J43 -> 4853.8615 | C43: 2271.36 | D43: ='01 - Dados de Entrada'!$C$36*'01 - Dados de Entrada'!$C$37 -> 282.4 | G43: =SUM(C43:F43) -> 2553.76 | H43: ='01 - Dados de Entrada'!$C$39 -> 0.6604 | I43: 545 | J43: =IF((3.94*52)-0.06*C43>0,(3.94*52)-0.06*C43,0) -> 68.5984
A44: Coletor | B44: =G44+G44*H44+I44+J44 -> 4082.9348 | C44: 1612.26 | D44: ='01 - Dados de Entrada'!$C$36*'01 - Dados de Entrada'!$C$38 -> 564.8 | G44: =SUM(C44:F44) -> 2177.06 | H44: =H39 -> 0.6604 | I44: 360 | J44: =IF((3.94*52)-0.06*C44>0,(3.94*52)-0.06*C44,0) -> 108.1444
A45: Fiscal | B45: =G45+G45*H45+I45+J45 -> 5003.5502 | C45: 2433 | D45: ='01 - Dados de Entrada'!$C$36*'01 - Dados de Entrada'!$C$37 -> 282.4 | F45: 0 | G45: =SUM(C45:F45) -> 2715.4 | H45: ='01 - Dados de Entrada'!$C$39 -> 0.6604 | I45: 436 | J45: =IF((3.94*52)-0.06*C45>0,(3.94*52)-0.06*C45,0) -> 58.9
A46: Ponto de Entrega Voluntária PEV e Ecoponto | I46: 0
A47: Servente PEVs | B47: =G47+G47*H47+I47+J47 -> 4082.9348 | C47: 1612.26 | D47: ='01 - Dados de Entrada'!$C$36*'01 - Dados de Entrada'!$C$38 -> 564.8 | G47: =SUM(C47:F47) -> 2177.06 | H47: ='01 - Dados de Entrada'!$C$39 -> 0.6604 | I47: 360 | J47: =IF((3.94*52)-0.06*C47>0,(3.94*52)-0.06*C47,0) -> 108.1444
A48: Servente Ecopontos | B48: =G48+G48*H48+I48+J48 -> 4082.9348 | C48: 1612.26 | D48: ='01 - Dados de Entrada'!$C$36*'01 - Dados de Entrada'!$C$38 -> 564.8 | G48: =SUM(C48:F48) -> 2177.06 | H48: ='01 - Dados de Entrada'!$C$39 -> 0.6604 | I48: 360 | J48: =IF((3.94*52)-0.06*C48>0,(3.94*52)-0.06*C48,0) -> 108.1444
A49: Transporte Resíduos PEV
A50: Motorista (inclusive reservas) | B50: =G50+G50*H50+I50+J50 -> 4853.8615 | C50: 2271.36 | D50: ='01 - Dados de Entrada'!$C$36*'01 - Dados de Entrada'!$C$37 -> 282.4 | G50: =SUM(C50:F50) -> 2553.76 | H50: ='01 - Dados de Entrada'!$C$39 -> 0.6604 | I50: 545 | J50: =IF((3.94*52)-0.06*C50>0,(3.94*52)-0.06*C50,0) -> 68.5984
A51: Manutenção | I51: 0
A52: Supervisor de Manutenção | B52: =G52+G52*H52+I52+J52 -> 13852.714 | C52: 7785 | D52: 0 | G52: =SUM(C52:F52) -> 7785 | H52: ='01 - Dados de Entrada'!$C$40 -> 0.6604 | I52: 926.5 | J52: =IF((3.94*52)-0.06*C52>0,(3.94*52)-0.06*C52,0) -> 0
A53: Mecânico de Manutenção | B53: =G53+G53*H53+I53+J53 -> 10507.4 | C53: 6000 | D53: 0 | G53: =SUM(C53:F53) -> 6000 | H53: ='01 - Dados de Entrada'!$C$39 -> 0.6604 | I53: 545 | J53: =IF((3.94*52)-0.06*C53>0,(3.94*52)-0.06*C53,0) -> 0
A54: Auxiliar de Manutenção Mecânica | B54: =G54+G54*H54+I54+J54 -> 4151.9816 | C54: 2193.89 | D54: 0 | G54: =SUM(C54:F54) -> 2193.89 | H54: ='01 - Dados de Entrada'!$C$39 -> 0.6604 | I54: 436 | J54: =IF((3.94*52)-0.06*C54>0,(3.94*52)-0.06*C54,0) -> 73.2466
A55: Eletricista | B55: =G55+G55*H55+I55+J55 -> 5371.8352 | C55: 2888 | D55: 0 | G55: =SUM(C55:F55) -> 2888 | H55: ='01 - Dados de Entrada'!$C$39 -> 0.6604 | I55: 545 | J55: =IF((3.94*52)-0.06*C55>0,(3.94*52)-0.06*C55,0) -> 31.6
A56: Borracheiro | B56: =G56+G56*H56+I56+J56 -> 3221.1409 | C56: 1612.26 | D56: 0 | G56: =SUM(C56:F56) -> 1612.26 | H56: ='01 - Dados de Entrada'!$C$39 -> 0.6604 | I56: 436 | J56: =IF((3.94*52)-0.06*C56>0,(3.94*52)-0.06*C56,0) -> 108.1444
A58: Limpeza Pública
A59: Motorista | B59: =G59+G59*H59+I59+J59 -> 4744.8615 | C59: 2271.36 | D59: ='01 - Dados de Entrada'!$C$36*'01 - Dados de Entrada'!$C$37 -> 282.4 | G59: =SUM(C59:F59) -> 2553.76 | H59: ='01 - Dados de Entrada'!$C$39 -> 0.6604 | I59: 436 | J59: =IF((3.94*52)-0.06*C59>0,(3.94*52)-0.06*C59,0) -> 68.5984
A60: Servente | B60: =G60+G60*H60+I60+J60 -> 4082.9348 | C60: 1612.26 | D60: ='01 - Dados de Entrada'!$C$36*'01 - Dados de Entrada'!$C$38 -> 564.8 | G60: =SUM(C60:F60) -> 2177.06 | H60: ='01 - Dados de Entrada'!$C$39 -> 0.6604 | I60: 360 | J60: =IF((3.94*52)-0.06*C60>0,(3.94*52)-0.06*C60,0) -> 108.1444
A61: Fiscal | B61: =G61+G61*H61+I61+J61 -> 4641.88 | C61: 2500 | G61: =SUM(C61:F61) -> 2500 | H61: ='01 - Dados de Entrada'!$C$39 -> 0.6604 | I61: 436 | J61: =IF((3.94*52)-0.06*C61>0,(3.94*52)-0.06*C61,0) -> 54.88
A62: Encarregado | B62: =G62+G62*H62+I62+J62 -> 5551.08 | C62: 3000 | G62: =SUM(C62:F62) -> 3000 | H62: ='01 - Dados de Entrada'!$C$39 -> 0.6604 | I62: 545 | J62: =IF((3.94*52)-0.06*C62>0,(3.94*52)-0.06*C62,0) -> 24.88
A63: Varredor | B63: =G63+G63*H63+I63+J63 -> 4082.9348 | C63: 1612.26 | D63: ='01 - Dados de Entrada'!$C$36*'01 - Dados de Entrada'!$C$38 -> 564.8 | G63: =SUM(C63:F63) -> 2177.06 | H63: ='01 - Dados de Entrada'!$C$39 -> 0.6604 | I63: 360 | J63: =IF((3.94*52)-0.06*C63>0,(3.94*52)-0.06*C63,0) -> 108.1444

Sheet 07 - Custos com pessoal
A1: PREFEITURA MUNICIPAL DE JARAGUÁ DO SUL
A2: ESTUDO DE VIABILIDADE ECONÔMICA PARA A CONCESSÃO DOS SERVIÇOS DE LIMPEZA PÚBLICA E MANEJO DE RESÍDUOS SÓLIDOS
A3: EVOLUÇÃO DE CUSTOS COM PESSOAL
A5: Número de Integrantes por Categoria | B5: Total | C5: Ano 01 | D5: Ano 02 | E5: Ano 03 | F5: Ano 04 | G5: Ano 05 | H5: Ano 06 | I5: Ano 07 | J5: Ano 08 | K5: Ano 09 | L5: Ano 10 | M5: Ano 11 | N5: Ano 12 | O5: Ano 13 | P5: Ano 14 | Q5: Ano 15 | R5: Ano 16 | S5: Ano 17 | T5: Ano 18 | U5: Ano 19 | V5: Ano 20 | W5: Ano 21 | X5: Ano 22 | Y5: Ano 23 | Z5: Ano 24 | AA5: Ano 25 | AB5: Ano 26 | AC5: Ano 27 | AD5: Ano 28 | AE5: Ano 29 | AF5: Ano 30 | AG5: Ano 31 | AH5: Ano 32 | AI5: Ano 33 | AJ5: Ano 34 | AK5: Ano 35
A6: SPE | B6: =SUM(C6:AK6) -> 5352740.6 | C6: =( C$18 ) -> 152935.45 | D6: =( D$18 ) -> 152935.45 | E6: =( E$18 ) -> 152935.45 | F6: =( F$18 ) -> 152935.45 | G6: =( G$18 ) -> 152935.45 | H6: =( H$18 ) -> 152935.45 | I6: =( I$18 ) -> 152935.45 | J6: =( J$18 ) -> 152935.45 | ... AK6: =( AK$18 ) -> 152935.45
A7: Engenharia | B7: =SUM(C7:AK7) -> 735634.23 | C7: =( C$40 ) -> 21018.121 | D7: =( D$40 ) -> 21018.121 | E7: =( E$40 ) -> 21018.121 | F7: =( F$40 ) -> 21018.121 | G7: =( G$40 ) -> 21018.121 | H7: =( H$40 ) -> 21018.121 | I7: =( I$40 ) -> 21018.121 | J7: =( J$40 ) -> 21018.121 | ... AK7: =( AK$40 ) -> 21018.121
A8: Operação | B8: =SUM(C8:AK8) -> 18143234 | C8: =C43 -> 466682.73 | D8: =D43 -> 466682.73 | E8: =E43 -> 466682.73 | F8: =F43 -> 466682.73 | G8: =G43 -> 466682.73 | H8: =H43 -> 511031.52 | I8: =I43 -> 511031.52 | J8: =J43 -> 528134.18 | ... AK8: =AK43 -> 528134.18
A9: Ponto de Entrega Voluntária PEV e Ecoponto | B9: =SUM(C9:AK9) -> 1253461 | C9: =C54 -> 20414.674 | D9: =D54 -> 28580.544 | E9: =E54 -> 32663.479 | F9: =F54 -> 32663.479 | G9: =G54 -> 36746.413 | H9: =H54 -> 36746.413 | I9: =I54 -> 36746.413 | J9: =J54 -> 36746.413 | ... AK9: =AK54 -> 36746.413
A10: Transporte Resíduos PEV | B10: =SUM(C10:AK10) -> 339770.31 | C10: =C57 -> 9707.723 | D10: =D57 -> 9707.723 | E10: =E57 -> 9707.723 | F10: =F57 -> 9707.723 | G10: =G57 -> 9707.723 | H10: =H57 -> 9707.723 | I10: =I57 -> 9707.723 | J10: =J57 -> 9707.723 | ... AK10: =AK57 -> 9707.723
A11: Manutenção | B11: =SUM(C11:AK11) -> 1924495.8 | C11: =C59 -> 54985.594 | D11: =D59 -> 54985.594 | E11: =E59 -> 54985.594 | F11: =F59 -> 54985.594 | G11: =G59 -> 54985.594 | H11: =H59 -> 54985.594 | I11: =I59 -> 54985.594 | J11: =J59 -> 54985.594 | ... AK11: =AK59 -> 54985.594
A12: Serviços Gerais de Limpeza | B12: =SUM(C12:AK12) -> 6828660.6 | C12: =C67 -> 195104.59 | D12: =D67 -> 195104.59 | E12: =E67 -> 195104.59 | F12: =F67 -> 195104.59 | G12: =G67 -> 195104.59 | H12: =H67 -> 195104.59 | I12: =I67 -> 195104.59 | J12: =J67 -> 195104.59 | ... AK12: =AK67 -> 195104.59
A13: Roçada de Áreas Públicas | B13: =SUM(C13:AK13) -> 3661633.4 | C13: =C71 -> 104618.1 | D13: =D71 -> 104618.1 | E13: =E71 -> 104618.1 | F13: =F71 -> 104618.1 | G13: =G71 -> 104618.1 | H13: =H71 -> 104618.1 | I13: =I71 -> 104618.1 | J13: =J71 -> 104618.1 | ... AK13: =AK71 -> 104618.1
A14: Serviços de poda | B14: =SUM(C14:AK14) -> 1757563.1 | C14: =C75 -> 50216.09 | D14: =D75 -> 50216.09 | E14: =E75 -> 50216.09 | F14: =F75 -> 50216.09 | G14: =G75 -> 50216.09 | H14: =H75 -> 50216.09 | I14: =I75 -> 50216.09 | J14: =J75 -> 50216.09 | ... AK14: =AK75 -> 50216.09
A15: Varrição manual | B15: =SUM(C15:AK15) -> 8943165.5 | C15: =C79 -> 247003.18 | D15: =D79 -> 247003.18 | E15: =E79 -> 247003.18 | F15: =F79 -> 251086.11 | G15: =G79 -> 251086.11 | H15: =H79 -> 251086.11 | I15: =I79 -> 255169.05 | J15: =J79 -> 255169.05 | ... AK15: =AK79 -> 251086.11
A16: Total | B16: =SUM(C16:AK16) -> 5.872843e+08 | C16: =12* SUM( C$6:C$15 ) -> 15872235 | D16: =12* SUM( D$6:D$15 ) -> 15970225 | E16: =12* SUM( E$6:E$15 ) -> 16019221 | F16: =12* SUM( F$6:F$15 ) -> 16068216 | G16: =12* SUM( G$6:G$15 ) -> 16117211 | H16: =12* SUM( H$6:H$15 ) -> 16649396 | I16: =12* SUM( I$6:I$15 ) -> 16698392 | J16: =12* SUM( J$6:J$15 ) -> 16903624 | ... AK16: =12* SUM( AK$6:AK$15 ) -> 16854628
A18: SPE | C18: =SUM( C$19:C$38 ) -> 152935.45 | D18: =SUM( D$19:D$38 ) -> 152935.45 | E18: =SUM( E$19:E$38 ) -> 152935.45 | F18: =SUM( F$19:F$38 ) -> 152935.45 | G18: =SUM( G$19:G$38 ) -> 152935.45 | H18: =SUM( H$19:H$38 ) -> 152935.45 | I18: =SUM( I$19:I$38 ) -> 152935.45 | J18: =SUM( J$19:J$38 ) -> 152935.45 | ... AK18: =SUM( AK$19:AK$38 ) -> 152935.45
A19: Diretor de Concessão | B19: ='06 - Salários e encargos'!B6 -> 29316.8 | C19: =$B$19*'05 - Relação de funcionários'!B19 -> 29316.8 | D19: =$B$19*'05 - Relação de funcionários'!C19 -> 29316.8 | E19: =$B$19*'05 - Relação de funcionários'!D19 -> 29316.8 | F19: =$B$19*'05 - Relação de funcionários'!E19 -> 29316.8 | G19: =$B$19*'05 - Relação de funcionários'!F19 -> 29316.8 | H19: =$B$19*'05 - Relação de funcionários'!G19 -> 29316.8 | I19: =$B$19*'05 - Relação de funcionários'!H19 -> 29316.8 | J19: =$B$19*'05 - Relação de funcionários'!I19 -> 29316.8 | ... AK19: =$B$19*'05 - Relação de funcionários'!AJ19 -> 29316.8
A20: Gerente de Operações | B20: ='06 - Salários e encargos'!B7 -> 19354.4 | C20: =$B$20*'05 - Relação de funcionários'!B20 -> 19354.4 | D20: =$B$20*'05 - Relação de funcionários'!C20 -> 19354.4 | E20: =$B$20*'05 - Relação de funcionários'!D20 -> 19354.4 | F20: =$B$20*'05 - Relação de funcionários'!E20 -> 19354.4 | G20: =$B$20*'05 - Relação de funcionários'!F20 -> 19354.4 | H20: =$B$20*'05 - Relação de funcionários'!G20 -> 19354.4 | I20: =$B$20*'05 - Relação de funcionários'!H20 -> 19354.4 | J20: =$B$20*'05 - Relação de funcionários'!I20 -> 19354.4 | ... AK20: =$B$20*'05 - Relação de funcionários'!AJ20 -> 19354.4
A21: Secretária Executiva | B21: ='06 - Salários e encargos'!B8 -> 4642.4816 | C21: =$B$21*'05 - Relação de funcionários'!B21 -> 4642.4816 | D21: =$B$21*'05 - Relação de funcionários'!C21 -> 4642.4816 | E21: =$B$21*'05 - Relação de funcionários'!D21 -> 4642.4816 | F21: =$B$21*'05 - Relação de funcionários'!E21 -> 4642.4816 | G21: =$B$21*'05 - Relação de funcionários'!F21 -> 4642.4816 | H21: =$B$21*'05 - Relação de funcionários'!G21 -> 4642.4816 | I21: =$B$21*'05 - Relação de funcionários'!H21 -> 4642.4816 | J21: =$B$21*'05 - Relação de funcionários'!I21 -> 4642.4816 | ... AK21: =$B$21*'05 - Relação de funcionários'!AJ21 -> 4642.4816
A22: Comunicador Social | B22: ='06 - Salários e encargos'!B9 -> 4097.4816 | C22: =$B$22*'05 - Relação de funcionários'!B22 -> 4097.4816 | D22: =$B$22*'05 - Relação de funcionários'!C22 -> 4097.4816 | E22: =$B$22*'05 - Relação de funcionários'!D22 -> 4097.4816 | F22: =$B$22*'05 - Relação de funcionários'!E22 -> 4097.4816 | G22: =$B$22*'05 - Relação de funcionários'!F22 -> 4097.4816 | H22: =$B$22*'05 - Relação de funcionários'!G22 -> 4097.4816 | I22: =$B$22*'05 - Relação de funcionários'!H22 -> 4097.4816 | J22: =$B$22*'05 - Relação de funcionários'!I22 -> 4097.4816 | ... AK22: =$B$22*'05 - Relação de funcionários'!AJ22 -> 4097.4816
A23: Técnico de Informática | B23: ='06 - Salários e encargos'!B10 -> 4553.858 | C23: =$B$23*'05 - Relação de funcionários'!B23 -> 4553.858 | D23: =$B$23*'05 - Relação de funcionários'!C23 -> 4553.858 | E23: =$B$23*'05 - Relação de funcionários'!D23 -> 4553.858 | F23: =$B$23*'05 - Relação de funcionários'!E23 -> 4553.858 | G23: =$B$23*'05 - Relação de funcionários'!F23 -> 4553.858 | H23: =$B$23*'05 - Relação de funcionários'!G23 -> 4553.858 | I23: =$B$23*'05 - Relação de funcionários'!H23 -> 4553.858 | J23: =$B$23*'05 - Relação de funcionários'!I23 -> 4553.858 | ... AK23: =$B$23*'05 - Relação de funcionários'!AJ23 -> 4553.858
A24: Encarregado administrativo | B24: ='06 - Salários e encargos'!B11 -> 4802.5216 | C24: =$B$24*'05 - Relação de funcionários'!B24 -> 4802.5216 | D24: =$B$24*'05 - Relação de funcionários'!C24 -> 4802.5216 | E24: =$B$24*'05 - Relação de funcionários'!D24 -> 4802.5216 | F24: =$B$24*'05 - Relação de funcionários'!E24 -> 4802.5216 | G24: =$B$24*'05 - Relação de funcionários'!F24 -> 4802.5216 | H24: =$B$24*'05 - Relação de funcionários'!G24 -> 4802.5216 | I24: =$B$24*'05 - Relação de funcionários'!H24 -> 4802.5216 | J24: =$B$24*'05 - Relação de funcionários'!I24 -> 4802.5216 | ... AK24: =$B$24*'05 - Relação de funcionários'!AJ24 -> 4802.5216
A25: Assistente administrativo | B25: ='06 - Salários e encargos'!B12 -> 4151.9816 | C25: =$B$25*'05 - Relação de funcionários'!B25 -> 12455.945 | D25: =$B$25*'05 - Relação de funcionários'!C25 -> 12455.945 | E25: =$B$25*'05 - Relação de funcionários'!D25 -> 12455.945 | F25: =$B$25*'05 - Relação de funcionários'!E25 -> 12455.945 | G25: =$B$25*'05 - Relação de funcionários'!F25 -> 12455.945 | H25: =$B$25*'05 - Relação de funcionários'!G25 -> 12455.945 | I25: =$B$25*'05 - Relação de funcionários'!H25 -> 12455.945 | J25: =$B$25*'05 - Relação de funcionários'!I25 -> 12455.945 | ... AK25: =$B$25*'05 - Relação de funcionários'!AJ25 -> 12455.945
A26: Recepcionista | B26: ='06 - Salários e encargos'!B13 -> 3179.9336 | C26: =$B$26*'05 - Relação de funcionários'!B26 -> 3179.9336 | D26: =$B$26*'05 - Relação de funcionários'!C26 -> 3179.9336 | E26: =$B$26*'05 - Relação de funcionários'!D26 -> 3179.9336 | F26: =$B$26*'05 - Relação de funcionários'!E26 -> 3179.9336 | G26: =$B$26*'05 - Relação de funcionários'!F26 -> 3179.9336 | H26: =$B$26*'05 - Relação de funcionários'!G26 -> 3179.9336 | I26: =$B$26*'05 - Relação de funcionários'!H26 -> 3179.9336 | J26: =$B$26*'05 - Relação de funcionários'!I26 -> 3179.9336 | ... AK26: =$B$26*'05 - Relação de funcionários'!AJ26 -> 3179.9336
A27: Copeira | B27: ='06 - Salários e encargos'!B14 -> 3144.7248 | C27: =$B$27*'05 - Relação de funcionários'!B27 -> 3144.7248 | D27: =$B$27*'05 - Relação de funcionários'!C27 -> 3144.7248 | E27: =$B$27*'05 - Relação de funcionários'!D27 -> 3144.7248 | F27: =$B$27*'05 - Relação de funcionários'!E27 -> 3144.7248 | G27: =$B$27*'05 - Relação de funcionários'!F27 -> 3144.7248 | H27: =$B$27*'05 - Relação de funcionários'!G27 -> 3144.7248 | I27: =$B$27*'05 - Relação de funcionários'!H27 -> 3144.7248 | J27: =$B$27*'05 - Relação de funcionários'!I27 -> 3144.7248 | ... AK27: =$B$27*'05 - Relação de funcionários'!AJ27 -> 3144.7248
A28: Auxiliar de serviços gerais | B28: ='06 - Salários e encargos'!B15 -> 3145.1409 | C28: =$B$28*'05 - Relação de funcionários'!B28 -> 3145.1409 | D28: =$B$28*'05 - Relação de funcionários'!C28 -> 3145.1409 | E28: =$B$28*'05 - Relação de funcionários'!D28 -> 3145.1409 | F28: =$B$28*'05 - Relação de funcionários'!E28 -> 3145.1409 | G28: =$B$28*'05 - Relação de funcionários'!F28 -> 3145.1409 | H28: =$B$28*'05 - Relação de funcionários'!G28 -> 3145.1409 | I28: =$B$28*'05 - Relação de funcionários'!H28 -> 3145.1409 | J28: =$B$28*'05 - Relação de funcionários'!I28 -> 3145.1409 | ... AK28: =$B$28*'05 - Relação de funcionários'!AJ28 -> 3145.1409
A29: Encarregado de RH | B29: ='06 - Salários e encargos'!B16 -> 4642.4816 | C29: =$B$29*'05 - Relação de funcionários'!B29 -> 4642.4816 | D29: =$B$29*'05 - Relação de funcionários'!C29 -> 4642.4816 | E29: =$B$29*'05 - Relação de funcionários'!D29 -> 4642.4816 | F29: =$B$29*'05 - Relação de funcionários'!E29 -> 4642.4816 | G29: =$B$29*'05 - Relação de funcionários'!F29 -> 4642.4816 | H29: =$B$29*'05 - Relação de funcionários'!G29 -> 4642.4816 | I29: =$B$29*'05 - Relação de funcionários'!H29 -> 4642.4816 | J29: =$B$29*'05 - Relação de funcionários'!I29 -> 4642.4816 | ... AK29: =$B$29*'05 - Relação de funcionários'!AJ29 -> 4642.4816
A30: Comprador | B30: ='06 - Salários e encargos'!B17 -> 4151.9816 | C30: =$B$30*'05 - Relação de funcionários'!B30 -> 4151.9816 | D30: =$B$30*'05 - Relação de funcionários'!C30 -> 4151.9816 | E30: =$B$30*'05 - Relação de funcionários'!D30 -> 4151.9816 | F30: =$B$30*'05 - Relação de funcionários'!E30 -> 4151.9816 | G30: =$B$30*'05 - Relação de funcionários'!F30 -> 4151.9816 | H30: =$B$30*'05 - Relação de funcionários'!G30 -> 4151.9816 | I30: =$B$30*'05 - Relação de funcionários'!H30 -> 4151.9816 | J30: =$B$30*'05 - Relação de funcionários'!I30 -> 4151.9816 | ... AK30: =$B$30*'05 - Relação de funcionários'!AJ30 -> 4151.9816
A31: Almoxarife | B31: ='06 - Salários e encargos'!B18 -> 4151.9816 | C31: =$B$31*'05 - Relação de funcionários'!B31 -> 4151.9816 | D31: =$B$31*'05 - Relação de funcionários'!C31 -> 4151.9816 | E31: =$B$31*'05 - Relação de funcionários'!D31 -> 4151.9816 | F31: =$B$31*'05 - Relação de funcionários'!E31 -> 4151.9816 | G31: =$B$31*'05 - Relação de funcionários'!F31 -> 4151.9816 | H31: =$B$31*'05 - Relação de funcionários'!G31 -> 4151.9816 | I31: =$B$31*'05 - Relação de funcionários'!H31 -> 4151.9816 | J31: =$B$31*'05 - Relação de funcionários'!I31 -> 4151.9816 | ... AK31: =$B$31*'05 - Relação de funcionários'!AJ31 -> 4151.9816
A32: Contador | B32: ='06 - Salários e encargos'!B19 -> 13000.929 | C32: =$B$32*'05 - Relação de funcionários'!B32 -> 13000.929 | D32: =$B$32*'05 - Relação de funcionários'!C32 -> 13000.929 | E32: =$B$32*'05 - Relação de funcionários'!D32 -> 13000.929 | F32: =$B$32*'05 - Relação de funcionários'!E32 -> 13000.929 | G32: =$B$32*'05 - Relação de funcionários'!F32 -> 13000.929 | H32: =$B$32*'05 - Relação de funcionários'!G32 -> 13000.929 | I32: =$B$32*'05 - Relação de funcionários'!H32 -> 13000.929 | J32: =$B$32*'05 - Relação de funcionários'!I32 -> 13000.929 | ... AK32: =$B$32*'05 - Relação de funcionários'!AJ32 -> 13000.929
A33: Assistente de contabilidade | B33: ='06 - Salários e encargos'!B20 -> 4151.9816 | C33: =$B$33*'05 - Relação de funcionários'!B33 -> 4151.9816 | D33: =$B$33*'05 - Relação de funcionários'!C33 -> 4151.9816 | E33: =$B$33*'05 - Relação de funcionários'!D33 -> 4151.9816 | F33: =$B$33*'05 - Relação de funcionários'!E33 -> 4151.9816 | G33: =$B$33*'05 - Relação de funcionários'!F33 -> 4151.9816 | H33: =$B$33*'05 - Relação de funcionários'!G33 -> 4151.9816 | I33: =$B$33*'05 - Relação de funcionários'!H33 -> 4151.9816 | J33: =$B$33*'05 - Relação de funcionários'!I33 -> 4151.9816 | ... AK33: =$B$33*'05 - Relação de funcionários'!AJ33 -> 4151.9816
A34: Assistente de contas a pagar | B34: ='06 - Salários e encargos'!B21 -> 4151.9816 | C34: =$B$34*'05 - Relação de funcionários'!B34 -> 4151.9816 | D34: =$B$34*'05 - Relação de funcionários'!C34 -> 4151.9816 | E34: =$B$34*'05 - Relação de funcionários'!D34 -> 4151.9816 | F34: =$B$34*'05 - Relação de funcionários'!E34 -> 4151.9816 | G34: =$B$34*'05 - Relação de funcionários'!F34 -> 4151.9816 | H34: =$B$34*'05 - Relação de funcionários'!G34 -> 4151.9816 | I34: =$B$34*'05 - Relação de funcionários'!H34 -> 4151.9816 | J34: =$B$34*'05 - Relação de funcionários'!I34 -> 4151.9816 | ... AK34: =$B$34*'05 - Relação de funcionários'!AJ34 -> 4151.9816
A35: Técnico de segurança do trabalho | B35: ='06 - Salários e encargos'!B22 -> 7236.02 | C35: =$B$35*'05 - Relação de funcionários'!B35 -> 7236.02 | D35: =$B$35*'05 - Relação de funcionários'!C35 -> 7236.02 | E35: =$B$35*'05 - Relação de funcionários'!D35 -> 7236.02 | F35: =$B$35*'05 - Relação de funcionários'!E35 -> 7236.02 | G35: =$B$35*'05 - Relação de funcionários'!F35 -> 7236.02 | H35: =$B$35*'05 - Relação de funcionários'!G35 -> 7236.02 | I35: =$B$35*'05 - Relação de funcionários'!H35 -> 7236.02 | J35: =$B$35*'05 - Relação de funcionários'!I35 -> 7236.02 | ... AK35: =$B$35*'05 - Relação de funcionários'!AJ35 -> 7236.02
A36: Analista ambiental | B36: ='06 - Salários e encargos'!B23 -> 8398.3 | C36: =$B$36*'05 - Relação de funcionários'!B36 -> 8398.3 | D36: =$B$36*'05 - Relação de funcionários'!C36 -> 8398.3 | E36: =$B$36*'05 - Relação de funcionários'!D36 -> 8398.3 | F36: =$B$36*'05 - Relação de funcionários'!E36 -> 8398.3 | G36: =$B$36*'05 - Relação de funcionários'!F36 -> 8398.3 | H36: =$B$36*'05 - Relação de funcionários'!G36 -> 8398.3 | I36: =$B$36*'05 - Relação de funcionários'!H36 -> 8398.3 | J36: =$B$36*'05 - Relação de funcionários'!I36 -> 8398.3 | ... AK36: =$B$36*'05 - Relação de funcionários'!AJ36 -> 8398.3
A37: Analista de marketing | B37: ='06 - Salários e encargos'!B24 -> 8066.22 | C37: =$B$37*'05 - Relação de funcionários'!B37 -> 8066.22 | D37: =$B$37*'05 - Relação de funcionários'!C37 -> 8066.22 | E37: =$B$37*'05 - Relação de funcionários'!D37 -> 8066.22 | F37: =$B$37*'05 - Relação de funcionários'!E37 -> 8066.22 | G37: =$B$37*'05 - Relação de funcionários'!F37 -> 8066.22 | H37: =$B$37*'05 - Relação de funcionários'!G37 -> 8066.22 | I37: =$B$37*'05 - Relação de funcionários'!H37 -> 8066.22 | J37: =$B$37*'05 - Relação de funcionários'!I37 -> 8066.22 | ... AK37: =$B$37*'05 - Relação de funcionários'!AJ37 -> 8066.22
A38: Estagiário | B38: ='06 - Salários e encargos'!B25 -> 3145.1409 | C38: =$B$38*'05 - Relação de funcionários'!B38 -> 6290.2818 | D38: =$B$38*'05 - Relação de funcionários'!C38 -> 6290.2818 | E38: =$B$38*'05 - Relação de funcionários'!D38 -> 6290.2818 | F38: =$B$38*'05 - Relação de funcionários'!E38 -> 6290.2818 | G38: =$B$38*'05 - Relação de funcionários'!F38 -> 6290.2818 | H38: =$B$38*'05 - Relação de funcionários'!G38 -> 6290.2818 | I38: =$B$38*'05 - Relação de funcionários'!H38 -> 6290.2818 | J38: =$B$38*'05 - Relação de funcionários'!I38 -> 6290.2818 | ... AK38: =$B$38*'05 - Relação de funcionários'!AJ38 -> 6290.2818
A40: Engenharia | C40: =SUM( C$41:C$41 ) -> 21018.121 | D40: =SUM( D$41:D$41 ) -> 21018.121 | E40: =SUM( E$41:E$41 ) -> 21018.121 | F40: =SUM( F$41:F$41 ) -> 21018.121 | G40: =SUM( G$41:G$41 ) -> 21018.121 | H40: =SUM( H$41:H$41 ) -> 21018.121 | I40: =SUM( I$41:I$41 ) -> 21018.121 | J40: =SUM( J$41:J$41 ) -> 21018.121 | ... AK40: =SUM( AK$41:AK$41 ) -> 21018.121
A41: Engenheiro civil/sanitarista - coleta e serviços gerais de limpeza | B41: ='06 - Salários e encargos'!B28 -> 21018.121 | C41: =$B$41*'05 - Relação de funcionários'!B41 -> 21018.121 | D41: =$B$41*'05 - Relação de funcionários'!C41 -> 21018.121 | E41: =$B$41*'05 - Relação de funcionários'!D41 -> 21018.121 | F41: =$B$41*'05 - Relação de funcionários'!E41 -> 21018.121 | G41: =$B$41*'05 - Relação de funcionários'!F41 -> 21018.121 | H41: =$B$41*'05 - Relação de funcionários'!G41 -> 21018.121 | I41: =$B$41*'05 - Relação de funcionários'!H41 -> 21018.121 | J41: =$B$41*'05 - Relação de funcionários'!I41 -> 21018.121 | ... AK41: =$B$41*'05 - Relação de funcionários'!AJ41 -> 21018.121
A43: Operação | C43: =SUM( C$44:C$53 ) -> 466682.73 | D43: =SUM( D$44:D$53 ) -> 466682.73 | E43: =SUM( E$44:E$53 ) -> 466682.73 | F43: =SUM( F$44:F$53 ) -> 466682.73 | G43: =SUM( G$44:G$53 ) -> 466682.73 | H43: =SUM( H$44:H$53 ) -> 511031.52 | I43: =SUM( I$44:I$53 ) -> 511031.52 | J43: =SUM( J$44:J$53 ) -> 528134.18 | ... AK43: =SUM( AK$44:AK$53 ) -> 528134.18
A44: Supervisor de operação | B44: ='06 - Salários e encargos'!B36 -> 8016.8 | C44: =$B$44*'05 - Relação de funcionários'!B44 -> 8016.8 | D44: =$B$44*'05 - Relação de funcionários'!C44 -> 8016.8 | E44: =$B$44*'05 - Relação de funcionários'!D44 -> 8016.8 | F44: =$B$44*'05 - Relação de funcionários'!E44 -> 8016.8 | G44: =$B$44*'05 - Relação de funcionários'!F44 -> 8016.8 | H44: =$B$44*'05 - Relação de funcionários'!G44 -> 8016.8 | I44: =$B$44*'05 - Relação de funcionários'!H44 -> 8016.8 | J44: =$B$44*'05 - Relação de funcionários'!I44 -> 8016.8 | ... AK44: =$B$44*'05 - Relação de funcionários'!AJ44 -> 8016.8
A45: Coleta Convencional | D45: =C45*'05 - Relação de funcionários'!C45 -> 0 | E45: =D45*'05 - Relação de funcionários'!D45 -> 0 | F45: =E45*'05 - Relação de funcionários'!E45 -> 0 | G45: =F45*'05 - Relação de funcionários'!F45 -> 0 | H45: =G45*'05 - Relação de funcionários'!G45 -> 0 | I45: =H45*'05 - Relação de funcionários'!H45 -> 0 | J45: =I45*'05 - Relação de funcionários'!I45 -> 0 | K45: =J45*'05 - Relação de funcionários'!J45 -> 0 | ... AF45: =AE45*'05 - Relação de funcionários'!AE45 -> 0
A46: Motorista | B46: ='06 - Salários e encargos'!B38 -> 4853.8615 | C46: =($B$46*'05 - Relação de funcionários'!B46)+(('05 - Relação de funcionários'!B46/3)*('06 - Salários e encargos'!$C$38*'01 - Dados de Entrada'!$C$41)) -> 130137.42 | D46: =($B$46*'05 - Relação de funcionários'!C46)+(('05 - Relação de funcionários'!C46/3)*('06 - Salários e encargos'!$C$38*'01 - Dados de Entrada'!$C$41)) -> 130137.42 | E46: =($B$46*'05 - Relação de funcionários'!D46)+(('05 - Relação de funcionários'!D46/3)*('06 - Salários e encargos'!$C$38*'01 - Dados de Entrada'!$C$41)) -> 130137.42 | F46: =($B$46*'05 - Relação de funcionários'!E46)+(('05 - Relação de funcionários'!E46/3)*('06 - Salários e encargos'!$C$38*'01 - Dados de Entrada'!$C$41)) -> 130137.42 | G46: =($B$46*'05 - Relação de funcionários'!F46)+(('05 - Relação de funcionários'!F46/3)*('06 - Salários e encargos'!$C$38*'01 - Dados de Entrada'!$C$41)) -> 130137.42 | H46: =($B$46*'05 - Relação de funcionários'!G46)+(('05 - Relação de funcionários'!G46/3)*('06 - Salários e encargos'!$C$38*'01 - Dados de Entrada'!$C$41)) -> 145153.28 | I46: =($B$46*'05 - Relação de funcionários'!H46)+(('05 - Relação de funcionários'!H46/3)*('06 - Salários e encargos'!$C$38*'01 - Dados de Entrada'!$C$41)) -> 145153.28 | J46: =($B$46*'05 - Relação de funcionários'!I46)+(('05 - Relação de funcionários'!I46/3)*('06 - Salários e encargos'!$C$38*'01 - Dados de Entrada'!$C$41)) -> 145153.28 | ... AK46: =($B$46*'05 - Relação de funcionários'!AJ46)+(('05 - Relação de funcionários'!AJ46/3)*('06 - Salários e encargos'!$C$38*'01 - Dados de Entrada'!$C$41)) -> 145153.28
A47: Coletor | B47: ='06 - Salários e encargos'!B39 -> 4082.9348 | C47: =$B$47*SUM('05 - Relação de funcionários'!B47:B47)+(('05 - Relação de funcionários'!B47/3)*('06 - Salários e encargos'!$C$39*'01 - Dados de Entrada'!$C$41)) -> 184378.43 | D47: =$B$47*SUM('05 - Relação de funcionários'!C47:C47)+(('05 - Relação de funcionários'!C47/3)*('06 - Salários e encargos'!$C$39*'01 - Dados de Entrada'!$C$41)) -> 184378.43 | E47: =$B$47*SUM('05 - Relação de funcionários'!D47:D47)+(('05 - Relação de funcionários'!D47/3)*('06 - Salários e encargos'!$C$39*'01 - Dados de Entrada'!$C$41)) -> 184378.43 | F47: =$B$47*SUM('05 - Relação de funcionários'!E47:E47)+(('05 - Relação de funcionários'!E47/3)*('06 - Salários e encargos'!$C$39*'01 - Dados de Entrada'!$C$41)) -> 184378.43 | G47: =$B$47*SUM('05 - Relação de funcionários'!F47:F47)+(('05 - Relação de funcionários'!F47/3)*('06 - Salários e encargos'!$C$39*'01 - Dados de Entrada'!$C$41)) -> 184378.43 | H47: =$B$47*SUM('05 - Relação de funcionários'!G47:G47)+(('05 - Relação de funcionários'!G47/3)*('06 - Salários e encargos'!$C$39*'01 - Dados de Entrada'!$C$41)) -> 213711.36 | I47: =$B$47*SUM('05 - Relação de funcionários'!H47:H47)+(('05 - Relação de funcionários'!H47/3)*('06 - Salários e encargos'!$C$39*'01 - Dados de Entrada'!$C$41)) -> 213711.36 | J47: =$B$47*SUM('05 - Relação de funcionários'!I47:I47)+(('05 - Relação de funcionários'!I47/3)*('06 - Salários e encargos'!$C$39*'01 - Dados de Entrada'!$C$41)) -> 213711.36 | ... AK47: =$B$47*SUM('05 - Relação de funcionários'!AJ47:AJ47)+(('05 - Relação de funcionários'!AJ47/3)*('06 - Salários e encargos'!$C$39*'01 - Dados de Entrada'!$C$41)) -> 213711.36
A48: Fiscal | B48: ='06 - Salários e encargos'!B40 -> 5003.5502 | C48: =($B$48*'05 - Relação de funcionários'!B48)+(('05 - Relação de funcionários'!B48/3)*('06 - Salários e encargos'!$C$40*'01 - Dados de Entrada'!$C$41)) -> 15497.25 | D48: =($B$48*'05 - Relação de funcionários'!C48)+(('05 - Relação de funcionários'!C48/3)*('06 - Salários e encargos'!$C$40*'01 - Dados de Entrada'!$C$41)) -> 15497.25 | E48: =($B$48*'05 - Relação de funcionários'!D48)+(('05 - Relação de funcionários'!D48/3)*('06 - Salários e encargos'!$C$40*'01 - Dados de Entrada'!$C$41)) -> 15497.25 | F48: =($B$48*'05 - Relação de funcionários'!E48)+(('05 - Relação de funcionários'!E48/3)*('06 - Salários e encargos'!$C$40*'01 - Dados de Entrada'!$C$41)) -> 15497.25 | G48: =($B$48*'05 - Relação de funcionários'!F48)+(('05 - Relação de funcionários'!F48/3)*('06 - Salários e encargos'!$C$40*'01 - Dados de Entrada'!$C$41)) -> 15497.25 | H48: =($B$48*'05 - Relação de funcionários'!G48)+(('05 - Relação de funcionários'!G48/3)*('06 - Salários e encargos'!$C$40*'01 - Dados de Entrada'!$C$41)) -> 15497.25 | I48: =($B$48*'05 - Relação de funcionários'!H48)+(('05 - Relação de funcionários'!H48/3)*('06 - Salários e encargos'!$C$40*'01 - Dados de Entrada'!$C$41)) -> 15497.25 | J48: =($B$48*'05 - Relação de funcionários'!I48)+(('05 - Relação de funcionários'!I48/3)*('06 - Salários e encargos'!$C$40*'01 - Dados de Entrada'!$C$41)) -> 15497.25 | ... AK48: =($B$48*'05 - Relação de funcionários'!AJ48)+(('05 - Relação de funcionários'!AJ48/3)*('06 - Salários e encargos'!$C$40*'01 - Dados de Entrada'!$C$41)) -> 15497.25
A49: Encarregado | B49: ='06 - Salários e encargos'!B41 -> 5551.08 | C49: =($B$49*'05 - Relação de funcionários'!B49) -> 5551.08 | D49: =($B$49*'05 - Relação de funcionários'!C49) -> 5551.08 | E49: =($B$49*'05 - Relação de funcionários'!D49) -> 5551.08 | F49: =($B$49*'05 - Relação de funcionários'!E49) -> 5551.08 | G49: =($B$49*'05 - Relação de funcionários'!F49) -> 5551.08 | H49: =($B$49*'05 - Relação de funcionários'!G49) -> 5551.08 | I49: =($B$49*'05 - Relação de funcionários'!H49) -> 5551.08 | J49: =($B$49*'05 - Relação de funcionários'!I49) -> 5551.08 | ... AK49: =($B$49*'05 - Relação de funcionários'!AJ49) -> 5551.08
A50: Coleta Seletiva | D50: =C50*'05 - Relação de funcionários'!C50 -> 0 | E50: =D50*'05 - Relação de funcionários'!D50 -> 0 | F50: =E50*'05 - Relação de funcionários'!E50 -> 0 | G50: =F50*'05 - Relação de funcionários'!F50 -> 0 | H50: =G50*'05 - Relação de funcionários'!G50 -> 0 | I50: =H50*'05 - Relação de funcionários'!H50 -> 0 | J50: =I50*'05 - Relação de funcionários'!I50 -> 0 | K50: =J50*'05 - Relação de funcionários'!J50 -> 0 | ... AF50: =AE50*'05 - Relação de funcionários'!AE50 -> 0
A51: Motorista | B51: ='06 - Salários e encargos'!B43 -> 4853.8615 | C51: =$B$51*'05 - Relação de funcionários'!B51 -> 43684.754 | D51: =$B$51*'05 - Relação de funcionários'!C51 -> 43684.754 | E51: =$B$51*'05 - Relação de funcionários'!D51 -> 43684.754 | F51: =$B$51*'05 - Relação de funcionários'!E51 -> 43684.754 | G51: =$B$51*'05 - Relação de funcionários'!F51 -> 43684.754 | H51: =$B$51*'05 - Relação de funcionários'!G51 -> 43684.754 | I51: =$B$51*'05 - Relação de funcionários'!H51 -> 43684.754 | J51: =$B$51*'05 - Relação de funcionários'!I51 -> 48538.615 | ... AK51: =$B$51*'05 - Relação de funcionários'!AJ51 -> 48538.615
A52: Coletor | B52: ='06 - Salários e encargos'!B44 -> 4082.9348 | C52: =$B$52*'05 - Relação de funcionários'!B52 -> 69409.892 | D52: =$B$52*'05 - Relação de funcionários'!C52 -> 69409.892 | E52: =$B$52*'05 - Relação de funcionários'!D52 -> 69409.892 | F52: =$B$52*'05 - Relação de funcionários'!E52 -> 69409.892 | G52: =$B$52*'05 - Relação de funcionários'!F52 -> 69409.892 | H52: =$B$52*'05 - Relação de funcionários'!G52 -> 69409.892 | I52: =$B$52*'05 - Relação de funcionários'!H52 -> 69409.892 | J52: =$B$52*'05 - Relação de funcionários'!I52 -> 81658.696 | ... AK52: =$B$52*'05 - Relação de funcionários'!AJ52 -> 81658.696
A53: Fiscal | B53: ='06 - Salários e encargos'!B45 -> 5003.5502 | C53: =$B$53*'05 - Relação de funcionários'!B53 -> 10007.1 | D53: =$B$53*'05 - Relação de funcionários'!C53 -> 10007.1 | E53: =$B$53*'05 - Relação de funcionários'!D53 -> 10007.1 | F53: =$B$53*'05 - Relação de funcionários'!E53 -> 10007.1 | G53: =$B$53*'05 - Relação de funcionários'!F53 -> 10007.1 | H53: =$B$53*'05 - Relação de funcionários'!G53 -> 10007.1 | I53: =$B$53*'05 - Relação de funcionários'!H53 -> 10007.1 | J53: =$B$53*'05 - Relação de funcionários'!I53 -> 10007.1 | ... AK53: =$B$53*'05 - Relação de funcionários'!AJ53 -> 10007.1
A54: Ponto de Entrega Voluntária PEV | C54: =SUM(C55:C56) -> 20414.674 | D54: =SUM(D55:D56) -> 28580.544 | E54: =SUM(E55:E56) -> 32663.479 | F54: =SUM(F55:F56) -> 32663.479 | G54: =SUM(G55:G56) -> 36746.413 | H54: =SUM(H55:H56) -> 36746.413 | I54: =SUM(I55:I56) -> 36746.413 | J54: =SUM(J55:J56) -> 36746.413 | ... AK54: =SUM(AK55:AK56) -> 36746.413
A55: Servente PEVs | B55: ='06 - Salários e encargos'!B47 -> 4082.9348 | C55: =$B$55*'05 - Relação de funcionários'!B55 -> 20414.674 | D55: =$B$55*'05 - Relação de funcionários'!C55 -> 20414.674 | E55: =$B$55*'05 - Relação de funcionários'!D55 -> 20414.674 | F55: =$B$55*'05 - Relação de funcionários'!E55 -> 20414.674 | G55: =$B$55*'05 - Relação de funcionários'!F55 -> 20414.674 | H55: =$B$55*'05 - Relação de funcionários'!G55 -> 20414.674 | I55: =$B$55*'05 - Relação de funcionários'!H55 -> 20414.674 | J55: =$B$55*'05 - Relação de funcionários'!I55 -> 20414.674 | ... AK55: =$B$55*'05 - Relação de funcionários'!AJ55 -> 20414.674
A56: Servente Ecopontos | B56: ='06 - Salários e encargos'!B48 -> 4082.9348 | C56: =$B$56*'05 - Relação de funcionários'!B56 -> 0 | D56: =$B$56*'05 - Relação de funcionários'!C56 -> 8165.8696 | E56: =$B$56*'05 - Relação de funcionários'!D56 -> 12248.804 | F56: =$B$56*'05 - Relação de funcionários'!E56 -> 12248.804 | G56: =$B$56*'05 - Relação de funcionários'!F56 -> 16331.739 | H56: =$B$56*'05 - Relação de funcionários'!G56 -> 16331.739 | I56: =$B$56*'05 - Relação de funcionários'!H56 -> 16331.739 | J56: =$B$56*'05 - Relação de funcionários'!I56 -> 16331.739 | ... AK56: =$B$56*'05 - Relação de funcionários'!AJ56 -> 16331.739
A57: Transporte Resíduos PEV | C57: =SUM(C58:C58) -> 9707.723 | D57: =SUM(D58:D58) -> 9707.723 | E57: =SUM(E58:E58) -> 9707.723 | F57: =SUM(F58:F58) -> 9707.723 | G57: =SUM(G58:G58) -> 9707.723 | H57: =SUM(H58:H58) -> 9707.723 | I57: =SUM(I58:I58) -> 9707.723 | J57: =SUM(J58:J58) -> 9707.723 | ... AK57: =SUM(AK58:AK58) -> 9707.723
A58: Motorista (inclusive reservas) | B58: ='06 - Salários e encargos'!B50 -> 4853.8615 | C58: =$B$58*'05 - Relação de funcionários'!B58 -> 9707.723 | D58: =$B$58*'05 - Relação de funcionários'!C58 -> 9707.723 | E58: =$B$58*'05 - Relação de funcionários'!D58 -> 9707.723 | F58: =$B$58*'05 - Relação de funcionários'!E58 -> 9707.723 | G58: =$B$58*'05 - Relação de funcionários'!F58 -> 9707.723 | H58: =$B$58*'05 - Relação de funcionários'!G58 -> 9707.723 | I58: =$B$58*'05 - Relação de funcionários'!H58 -> 9707.723 | J58: =$B$58*'05 - Relação de funcionários'!I58 -> 9707.723 | ... AK58: =$B$58*'05 - Relação de funcionários'!AJ58 -> 9707.723
A59: Manutenção | C59: =SUM( C$60:C$64 ) -> 54985.594 | D59: =SUM( D$60:D$64 ) -> 54985.594 | E59: =SUM( E$60:E$64 ) -> 54985.594 | F59: =SUM( F$60:F$64 ) -> 54985.594 | G59: =SUM( G$60:G$64 ) -> 54985.594 | H59: =SUM( H$60:H$64 ) -> 54985.594 | I59: =SUM( I$60:I$64 ) -> 54985.594 | J59: =SUM( J$60:J$64 ) -> 54985.594 | ... AK59: =SUM( AK$60:AK$64 ) -> 54985.594
A60: Supervisor de Manutenção | B60: ='06 - Salários e encargos'!B52 -> 13852.714 | C60: =$B$60*'05 - Relação de funcionários'!B60 -> 13852.714 | D60: =$B$60*'05 - Relação de funcionários'!C60 -> 13852.714 | E60: =$B$60*'05 - Relação de funcionários'!D60 -> 13852.714 | F60: =$B$60*'05 - Relação de funcionários'!E60 -> 13852.714 | G60: =$B$60*'05 - Relação de funcionários'!F60 -> 13852.714 | H60: =$B$60*'05 - Relação de funcionários'!G60 -> 13852.714 | I60: =$B$60*'05 - Relação de funcionários'!H60 -> 13852.714 | J60: =$B$60*'05 - Relação de funcionários'!I60 -> 13852.714 | ... AK60: =$B$60*'05 - Relação de funcionários'!AJ60 -> 13852.714
A61: Mecânico de Manutenção | B61: ='06 - Salários e encargos'!B53 -> 10507.4 | C61: =$B$61*'05 - Relação de funcionários'!B61 -> 21014.8 | D61: =$B$61*'05 - Relação de funcionários'!C61 -> 21014.8 | E61: =$B$61*'05 - Relação de funcionários'!D61 -> 21014.8 | F61: =$B$61*'05 - Relação de funcionários'!E61 -> 21014.8 | G61: =$B$61*'05 - Relação de funcionários'!F61 -> 21014.8 | H61: =$B$61*'05 - Relação de funcionários'!G61 -> 21014.8 | I61: =$B$61*'05 - Relação de funcionários'!H61 -> 21014.8 | J61: =$B$61*'05 - Relação de funcionários'!I61 -> 21014.8 | ... AK61: =$B$61*'05 - Relação de funcionários'!AJ61 -> 21014.8
A62: Auxiliar de Manutenção Mecânica | B62: ='06 - Salários e encargos'!B54 -> 4151.9816 | C62: =$B$62*'05 - Relação de funcionários'!B62 -> 8303.9631 | D62: =$B$62*'05 - Relação de funcionários'!C62 -> 8303.9631 | E62: =$B$62*'05 - Relação de funcionários'!D62 -> 8303.9631 | F62: =$B$62*'05 - Relação de funcionários'!E62 -> 8303.9631 | G62: =$B$62*'05 - Relação de funcionários'!F62 -> 8303.9631 | H62: =$B$62*'05 - Relação de funcionários'!G62 -> 8303.9631 | I62: =$B$62*'05 - Relação de funcionários'!H62 -> 8303.9631 | J62: =$B$62*'05 - Relação de funcionários'!I62 -> 8303.9631 | ... AK62: =$B$62*'05 - Relação de funcionários'!AJ62 -> 8303.9631
A63: Eletricista | B63: ='06 - Salários e encargos'!B55 -> 5371.8352 | C63: =$B$63*'05 - Relação de funcionários'!B63 -> 5371.8352 | D63: =$B$63*'05 - Relação de funcionários'!C63 -> 5371.8352 | E63: =$B$63*'05 - Relação de funcionários'!D63 -> 5371.8352 | F63: =$B$63*'05 - Relação de funcionários'!E63 -> 5371.8352 | G63: =$B$63*'05 - Relação de funcionários'!F63 -> 5371.8352 | H63: =$B$63*'05 - Relação de funcionários'!G63 -> 5371.8352 | I63: =$B$63*'05 - Relação de funcionários'!H63 -> 5371.8352 | J63: =$B$63*'05 - Relação de funcionários'!I63 -> 5371.8352 | ... AK63: =$B$63*'05 - Relação de funcionários'!AJ63 -> 5371.8352
A64: Borracheiro | B64: ='06 - Salários e encargos'!B56 -> 3221.1409 | C64: =$B$64*'05 - Relação de funcionários'!B64 -> 6442.2818 | D64: =$B$64*'05 - Relação de funcionários'!C64 -> 6442.2818 | E64: =$B$64*'05 - Relação de funcionários'!D64 -> 6442.2818 | F64: =$B$64*'05 - Relação de funcionários'!E64 -> 6442.2818 | G64: =$B$64*'05 - Relação de funcionários'!F64 -> 6442.2818 | H64: =$B$64*'05 - Relação de funcionários'!G64 -> 6442.2818 | I64: =$B$64*'05 - Relação de funcionários'!H64 -> 6442.2818 | J64: =$B$64*'05 - Relação de funcionários'!I64 -> 6442.2818 | ... AK64: =$B$64*'05 - Relação de funcionários'!AJ64 -> 6442.2818
A66: Limpeza Urbana
A67: Serviços Gerais de Limpeza | C67: =SUM(C68:C70) -> 195104.59 | D67: =SUM(D68:D70) -> 195104.59 | E67: =SUM(E68:E70) -> 195104.59 | F67: =SUM(F68:F70) -> 195104.59 | G67: =SUM(G68:G70) -> 195104.59 | H67: =SUM(H68:H70) -> 195104.59 | I67: =SUM(I68:I70) -> 195104.59 | J67: =SUM(J68:J70) -> 195104.59 | ... AK67: =SUM(AK68:AK70) -> 195104.59
A68: Motorista | B68: ='06 - Salários e encargos'!$B$59 -> 4744.8615 | C68: =$B$68*'05 - Relação de funcionários'!B67 -> 18979.446 | D68: =$B$68*'05 - Relação de funcionários'!C67 -> 18979.446 | E68: =$B$68*'05 - Relação de funcionários'!D67 -> 18979.446 | F68: =$B$68*'05 - Relação de funcionários'!E67 -> 18979.446 | G68: =$B$68*'05 - Relação de funcionários'!F67 -> 18979.446 | H68: =$B$68*'05 - Relação de funcionários'!G67 -> 18979.446 | I68: =$B$68*'05 - Relação de funcionários'!H67 -> 18979.446 | J68: =$B$68*'05 - Relação de funcionários'!I67 -> 18979.446 | ... AK68: =$B$68*'05 - Relação de funcionários'!AJ67 -> 18979.446
A69: Servente | B69: ='06 - Salários e encargos'!$B$60 -> 4082.9348 | C69: =$B$69*'05 - Relação de funcionários'!B68 -> 171483.26 | D69: =$B$69*'05 - Relação de funcionários'!C68 -> 171483.26 | E69: =$B$69*'05 - Relação de funcionários'!D68 -> 171483.26 | F69: =$B$69*'05 - Relação de funcionários'!E68 -> 171483.26 | G69: =$B$69*'05 - Relação de funcionários'!F68 -> 171483.26 | H69: =$B$69*'05 - Relação de funcionários'!G68 -> 171483.26 | I69: =$B$69*'05 - Relação de funcionários'!H68 -> 171483.26 | J69: =$B$69*'05 - Relação de funcionários'!I68 -> 171483.26 | ... AK69: =$B$69*'05 - Relação de funcionários'!AJ68 -> 171483.26
A70: Fiscal | B70: ='06 - Salários e encargos'!$B$61 -> 4641.88 | C70: =$B$70*'05 - Relação de funcionários'!B69 -> 4641.88 | D70: =$B$70*'05 - Relação de funcionários'!C69 -> 4641.88 | E70: =$B$70*'05 - Relação de funcionários'!D69 -> 4641.88 | F70: =$B$70*'05 - Relação de funcionários'!E69 -> 4641.88 | G70: =$B$70*'05 - Relação de funcionários'!F69 -> 4641.88 | H70: =$B$70*'05 - Relação de funcionários'!G69 -> 4641.88 | I70: =$B$70*'05 - Relação de funcionários'!H69 -> 4641.88 | J70: =$B$70*'05 - Relação de funcionários'!I69 -> 4641.88 | ... AK70: =$B$70*'05 - Relação de funcionários'!AJ69 -> 4641.88
A71: Roçada de Áreas Públicas | C71: =SUM(C72:C74) -> 104618.1 | D71: =SUM(D72:D74) -> 104618.1 | E71: =SUM(E72:E74) -> 104618.1 | F71: =SUM(F72:F74) -> 104618.1 | G71: =SUM(G72:G74) -> 104618.1 | H71: =SUM(H72:H74) -> 104618.1 | I71: =SUM(I72:I74) -> 104618.1 | J71: =SUM(J72:J74) -> 104618.1 | ... AK71: =SUM(AK72:AK74) -> 104618.1
A72: Motorista | B72: ='06 - Salários e encargos'!B59 -> 4744.8615 | C72: =$B$72*'05 - Relação de funcionários'!B72 -> 14234.585 | D72: =$B$72*'05 - Relação de funcionários'!C72 -> 14234.585 | E72: =$B$72*'05 - Relação de funcionários'!D72 -> 14234.585 | F72: =$B$72*'05 - Relação de funcionários'!E72 -> 14234.585 | G72: =$B$72*'05 - Relação de funcionários'!F72 -> 14234.585 | H72: =$B$72*'05 - Relação de funcionários'!G72 -> 14234.585 | I72: =$B$72*'05 - Relação de funcionários'!H72 -> 14234.585 | J72: =$B$72*'05 - Relação de funcionários'!I72 -> 14234.585 | ... AK72: =$B$72*'05 - Relação de funcionários'!AJ72 -> 14234.585
A73: Servente (contando reservas) | B73: ='06 - Salários e encargos'!$B$60 -> 4082.9348 | C73: =$B$73*'05 - Relação de funcionários'!B73 -> 85741.631 | D73: =$B$73*'05 - Relação de funcionários'!C73 -> 85741.631 | E73: =$B$73*'05 - Relação de funcionários'!D73 -> 85741.631 | F73: =$B$73*'05 - Relação de funcionários'!E73 -> 85741.631 | G73: =$B$73*'05 - Relação de funcionários'!F73 -> 85741.631 | H73: =$B$73*'05 - Relação de funcionários'!G73 -> 85741.631 | I73: =$B$73*'05 - Relação de funcionários'!H73 -> 85741.631 | J73: =$B$73*'05 - Relação de funcionários'!I73 -> 85741.631 | ... AK73: =$B$73*'05 - Relação de funcionários'!AJ73 -> 85741.631
A74: Fiscal | B74: ='06 - Salários e encargos'!$B$61 -> 4641.88 | C74: =$B$74*'05 - Relação de funcionários'!B74 -> 4641.88 | D74: =$B$74*'05 - Relação de funcionários'!C74 -> 4641.88 | E74: =$B$74*'05 - Relação de funcionários'!D74 -> 4641.88 | F74: =$B$74*'05 - Relação de funcionários'!E74 -> 4641.88 | G74: =$B$74*'05 - Relação de funcionários'!F74 -> 4641.88 | H74: =$B$74*'05 - Relação de funcionários'!G74 -> 4641.88 | I74: =$B$74*'05 - Relação de funcionários'!H74 -> 4641.88 | J74: =$B$74*'05 - Relação de funcionários'!I74 -> 4641.88 | ... AK74: =$B$74*'05 - Relação de funcionários'!AJ74 -> 4641.88
A75: Serviços de poda | C75: =SUM(C76:C78) -> 50216.09 | D75: =SUM(D76:D78) -> 50216.09 | E75: =SUM(E76:E78) -> 50216.09 | F75: =SUM(F76:F78) -> 50216.09 | G75: =SUM(G76:G78) -> 50216.09 | H75: =SUM(H76:H78) -> 50216.09 | I75: =SUM(I76:I78) -> 50216.09 | J75: =SUM(J76:J78) -> 50216.09 | ... AK75: =SUM(AK76:AK78) -> 50216.09
A76: Motorista | B76: ='06 - Salários e encargos'!$B$59 -> 4744.8615 | C76: =$B$76*'05 - Relação de funcionários'!B77 -> 4744.8615 | D76: =$B$76*'05 - Relação de funcionários'!C77 -> 4744.8615 | E76: =$B$76*'05 - Relação de funcionários'!D77 -> 4744.8615 | F76: =$B$76*'05 - Relação de funcionários'!E77 -> 4744.8615 | G76: =$B$76*'05 - Relação de funcionários'!F77 -> 4744.8615 | H76: =$B$76*'05 - Relação de funcionários'!G77 -> 4744.8615 | I76: =$B$76*'05 - Relação de funcionários'!H77 -> 4744.8615 | J76: =$B$76*'05 - Relação de funcionários'!I77 -> 4744.8615 | ... AK76: =$B$76*'05 - Relação de funcionários'!AJ77 -> 4744.8615
A77: Servente (contando reservas) | B77: ='06 - Salários e encargos'!$B$60 -> 4082.9348 | C77: =$B$77*'05 - Relação de funcionários'!B78 -> 40829.348 | D77: =$B$77*'05 - Relação de funcionários'!C78 -> 40829.348 | E77: =$B$77*'05 - Relação de funcionários'!D78 -> 40829.348 | F77: =$B$77*'05 - Relação de funcionários'!E78 -> 40829.348 | G77: =$B$77*'05 - Relação de funcionários'!F78 -> 40829.348 | H77: =$B$77*'05 - Relação de funcionários'!G78 -> 40829.348 | I77: =$B$77*'05 - Relação de funcionários'!H78 -> 40829.348 | J77: =$B$77*'05 - Relação de funcionários'!I78 -> 40829.348 | ... AK77: =$B$77*'05 - Relação de funcionários'!AJ78 -> 40829.348
A78: Fiscal | B78: ='06 - Salários e encargos'!$B$61 -> 4641.88 | C78: =$B$78*'05 - Relação de funcionários'!B79 -> 4641.88 | D78: =$B$78*'05 - Relação de funcionários'!C79 -> 4641.88 | E78: =$B$78*'05 - Relação de funcionários'!D79 -> 4641.88 | F78: =$B$78*'05 - Relação de funcionários'!E79 -> 4641.88 | G78: =$B$78*'05 - Relação de funcionários'!F79 -> 4641.88 | H78: =$B$78*'05 - Relação de funcionários'!G79 -> 4641.88 | I78: =$B$78*'05 - Relação de funcionários'!H79 -> 4641.88 | J78: =$B$78*'05 - Relação de funcionários'!I79 -> 4641.88 | ... AK78: =$B$78*'05 - Relação de funcionários'!AJ79 -> 4641.88
A79: Varrição Manual | C79: =SUM(C80:C82) -> 247003.18 | D79: =SUM(D80:D82) -> 247003.18 | E79: =SUM(E80:E82) -> 247003.18 | F79: =SUM(F80:F82) -> 251086.11 | G79: =SUM(G80:G82) -> 251086.11 | H79: =SUM(H80:H82) -> 251086.11 | I79: =SUM(I80:I82) -> 255169.05 | J79: =SUM(J80:J82) -> 255169.05 | ... AK79: =SUM(AK80:AK82) -> 251086.11
A80: Fiscal | B80: ='06 - Salários e encargos'!$B$61 -> 4641.88 | C80: =$B$80*'05 - Relação de funcionários'!B82 -> 4641.88 | D80: =$B$80*'05 - Relação de funcionários'!C82 -> 4641.88 | E80: =$B$80*'05 - Relação de funcionários'!D82 -> 4641.88 | F80: =$B$80*'05 - Relação de funcionários'!E82 -> 4641.88 | G80: =$B$80*'05 - Relação de funcionários'!F82 -> 4641.88 | H80: =$B$80*'05 - Relação de funcionários'!G82 -> 4641.88 | I80: =$B$80*'05 - Relação de funcionários'!H82 -> 4641.88 | J80: =$B$80*'05 - Relação de funcionários'!I82 -> 4641.88 | ... AK80: =$B$80*'05 - Relação de funcionários'!AJ82 -> 4641.88
A81: Encarregado | B81: ='06 - Salários e encargos'!$B$62 -> 5551.08 | C81: =$B$81*'05 - Relação de funcionários'!B83 -> 5551.08 | D81: =$B$81*'05 - Relação de funcionários'!C83 -> 5551.08 | E81: =$B$81*'05 - Relação de funcionários'!D83 -> 5551.08 | F81: =$B$81*'05 - Relação de funcionários'!E83 -> 5551.08 | G81: =$B$81*'05 - Relação de funcionários'!F83 -> 5551.08 | H81: =$B$81*'05 - Relação de funcionários'!G83 -> 5551.08 | I81: =$B$81*'05 - Relação de funcionários'!H83 -> 5551.08 | J81: =$B$81*'05 - Relação de funcionários'!I83 -> 5551.08 | ... AK81: =$B$81*'05 - Relação de funcionários'!AJ83 -> 5551.08
A82: Varredor | B82: ='06 - Salários e encargos'!$B$63 -> 4082.9348 | C82: =$B$82*'05 - Relação de funcionários'!B86 -> 236810.22 | D82: =$B$82*'05 - Relação de funcionários'!C86 -> 236810.22 | E82: =$B$82*'05 - Relação de funcionários'!D86 -> 236810.22 | F82: =$B$82*'05 - Relação de funcionários'!E86 -> 240893.15 | G82: =$B$82*'05 - Relação de funcionários'!F86 -> 240893.15 | H82: =$B$82*'05 - Relação de funcionários'!G86 -> 240893.15 | I82: =$B$82*'05 - Relação de funcionários'!H86 -> 244976.09 | J82: =$B$82*'05 - Relação de funcionários'!I86 -> 244976.09 | ... AK82: =$B$82*'05 - Relação de funcionários'!AJ86 -> 240893.15

Sheet 08 - Custos com EPI e uniformes
A1: PREFEITURA MUNICIPAL DE JARAGUÁ DO SUL | N1: =2*12 -> 24
A2: ESTUDO DE VIABILIDADE ECONÔMICA PARA A CONCESSÃO DOS SERVIÇOS DE LIMPEZA PÚBLICA E MANEJO DE RESÍDUOS SÓLIDOS
A3: FUNÇÃO | B3: Custo anual | C3: Camisa adm | D3: Calça adm | E3: Jaqueta adm | F3: Camisa oper. | G3: Calça oper. | H3: Jaqueta oper. | I3: Boné oper. | J3: Conj. Inpermeável | K3: Sapato de seg. | L3: Luva oper | M3: Óculos | N3: Protetor Solar | O3: Máscara Facial | P3: Perneita | Q3: Mascara PFF2 | S3: Ano 01 | T3: Ano 02 | U3: Ano 03 | V3: Ano 04 | W3: Ano 05 | X3: Ano 06 | Y3: Ano 07 | Z3: Ano 08 | AA3: Ano 09 | AB3: Ano 10 | AC3: Ano 11 | AD3: Ano 12 | AE3: Ano 13 | AF3: Ano 14 | AG3: Ano 15 | AH3: Ano 16 | AI3: Ano 17 | AJ3: Ano 18 | AK3: Ano 19 | AL3: Ano 20 | AM3: Ano 21 | AN3: Ano 22 | AO3: Ano 23 | AP3: Ano 24 | AQ3: Ano 25 | AR3: Ano 26 | AS3: Ano 27 | AT3: Ano 28 | AU3: Ano 29 | AV3: Ano 30 | AW3: Ano 31 | AX3: Ano 32 | AY3: Ano 33 | AZ3: Ano 34 | BA3: Ano 35
A4: UNIFORMES E EPIs | S4: R$/ano
C5: Consumo anual por funcionário | R5: =SUM(S5:BA5) -> 24145005 | S5: =SUM(S7:S69) -> 648585.96 | T5: =SUM(T7:T69) -> 653239.42 | U5: =SUM(U7:U69) -> 655566.15 | V5: =SUM(V7:V69) -> 657985.54 | W5: =SUM(W7:W69) -> 660312.27 | X5: =SUM(X7:X69) -> 683764.03 | Y5: =SUM(Y7:Y69) -> 686183.42 | Z5: =SUM(Z7:Z69) -> 695613.6 | ... BA5: =SUM(BA7:BA69) -> 691825.2
A6: ADMINISTRATIVO
A7: Diretor de Concessão | B7: =C7*'01 - Dados de Entrada'!$C$86+D7*'01 - Dados de Entrada'!$C$87+E7*'01 - Dados de Entrada'!$C$88+F7*'01 - Dados de Entrada'!$C$89+G7*'01 - Dados de Entrada'!$C$90+H7*'01 - Dados de Entrada'!$C$91+I7*'01 - Dados de Entrada'!$C$92+J7*'01 - Dados de Entrada'!$C$93+K7*'01 - Dados de Entrada'!$C$94+L7*'01 - Dados de Entrada'!$C$95+M7*'01 - Dados de Entrada'!$C$96+'08 - Custos com EPI e uniformes'!N7*'01 - Dados de Entrada'!$C$97+O7*'01 - Dados de Entrada'!$C$98+P7*'01 - Dados de Entrada'!$C$99+Q7*'01 - Dados de Entrada'!$C$100 -> 803 | C7: 5 | D7: 2 | E7: 1 | F7: 0 | G7: 0 | H7: 0 | I7: 0 | J7: 0 | K7: 0 | L7: 0 | M7: 0 | N7: 0 | R7: =SUM(S7:BA7) -> 28105 | S7: =$B$7*'05 - Relação de funcionários'!B19 -> 803 | T7: =$B$7*'05 - Relação de funcionários'!C19 -> 803 | U7: =$B$7*'05 - Relação de funcionários'!D19 -> 803 | V7: =$B$7*'05 - Relação de funcionários'!E19 -> 803 | W7: =$B$7*'05 - Relação de funcionários'!F19 -> 803 | X7: =$B$7*'05 - Relação de funcionários'!G19 -> 803 | Y7: =$B$7*'05 - Relação de funcionários'!H19 -> 803 | Z7: =$B$7*'05 - Relação de funcionários'!I19 -> 803 | ... BA7: =$B$7*'05 - Relação de funcionários'!AJ19 -> 803
A8: Gerente de Operações | B8: =C8*'01 - Dados de Entrada'!$C$86+D8*'01 - Dados de Entrada'!$C$87+E8*'01 - Dados de Entrada'!$C$88+F8*'01 - Dados de Entrada'!$C$89+G8*'01 - Dados de Entrada'!$C$90+H8*'01 - Dados de Entrada'!$C$91+I8*'01 - Dados de Entrada'!$C$92+J8*'01 - Dados de Entrada'!$C$93+K8*'01 - Dados de Entrada'!$C$94+L8*'01 - Dados de Entrada'!$C$95+M8*'01 - Dados de Entrada'!$C$96+'08 - Custos com EPI e uniformes'!N8*'01 - Dados de Entrada'!$C$97+O8*'01 - Dados de Entrada'!$C$98+P8*'01 - Dados de Entrada'!$C$99+Q8*'01 - Dados de Entrada'!$C$100 -> 803 | C8: 5 | D8: 2 | E8: 1 | F8: 0 | G8: 0 | H8: 0 | I8: 0 | J8: 0 | K8: 0 | L8: 0 | M8: 0 | N8: 0 | R8: =SUM(S8:BA8) -> 28105 | S8: =$B$8*'05 - Relação de funcionários'!B20 -> 803 | T8: =$B$8*'05 - Relação de funcionários'!C20 -> 803 | U8: =$B$8*'05 - Relação de funcionários'!D20 -> 803 | V8: =$B$8*'05 - Relação de funcionários'!E20 -> 803 | W8: =$B$8*'05 - Relação de funcionários'!F20 -> 803 | X8: =$B$8*'05 - Relação de funcionários'!G20 -> 803 | Y8: =$B$8*'05 - Relação de funcionários'!H20 -> 803 | Z8: =$B$8*'05 - Relação de funcionários'!I20 -> 803 | ... AV8: =$B$8*'05 - Relação de funcionários'!AE20 -> 803 | AW8: =$B$7*'05 - Relação de funcionários'!AF20 -> 803 | AX8: =$B$7*'05 - Relação de funcionários'!AG20 -> 803 | AY8: =$B$7*'05 - Relação de funcionários'!AH20 -> 803 | AZ8: =$B$7*'05 - Relação de funcionários'!AI20 -> 803 | BA8: =$B$7*'05 - Relação de funcionários'!AJ20 -> 803
A9: Secretária Executiva | B9: =C9*'01 - Dados de Entrada'!$C$86+D9*'01 - Dados de Entrada'!$C$87+E9*'01 - Dados de Entrada'!$C$88+F9*'01 - Dados de Entrada'!$C$89+G9*'01 - Dados de Entrada'!$C$90+H9*'01 - Dados de Entrada'!$C$91+I9*'01 - Dados de Entrada'!$C$92+J9*'01 - Dados de Entrada'!$C$93+K9*'01 - Dados de Entrada'!$C$94+L9*'01 - Dados de Entrada'!$C$95+M9*'01 - Dados de Entrada'!$C$96+'08 - Custos com EPI e uniformes'!N9*'01 - Dados de Entrada'!$C$97+O9*'01 - Dados de Entrada'!$C$98+P9*'01 - Dados de Entrada'!$C$99+Q9*'01 - Dados de Entrada'!$C$100 -> 803 | C9: 5 | D9: 2 | E9: 1 | F9: 0 | G9: 0 | H9: 0 | I9: 0 | J9: 0 | K9: 0 | L9: 0 | M9: 0 | N9: 0 | R9: =SUM(S9:BA9) -> 28105 | S9: =$B$9*'05 - Relação de funcionários'!B21 -> 803 | T9: =$B$9*'05 - Relação de funcionários'!C21 -> 803 | U9: =$B$9*'05 - Relação de funcionários'!D21 -> 803 | V9: =$B$9*'05 - Relação de funcionários'!E21 -> 803 | W9: =$B$9*'05 - Relação de funcionários'!F21 -> 803 | X9: =$B$9*'05 - Relação de funcionários'!G21 -> 803 | Y9: =$B$9*'05 - Relação de funcionários'!H21 -> 803 | Z9: =$B$9*'05 - Relação de funcionários'!I21 -> 803 | ... AV9: =$B$9*'05 - Relação de funcionários'!AE21 -> 803 | AW9: =$B$7*'05 - Relação de funcionários'!AF21 -> 803 | AX9: =$B$7*'05 - Relação de funcionários'!AG21 -> 803 | AY9: =$B$7*'05 - Relação de funcionários'!AH21 -> 803 | AZ9: =$B$7*'05 - Relação de funcionários'!AI21 -> 803 | BA9: =$B$7*'05 - Relação de funcionários'!AJ21 -> 803
A10: Comunicador Social | B10: =C10*'01 - Dados de Entrada'!$C$86+D10*'01 - Dados de Entrada'!$C$87+E10*'01 - Dados de Entrada'!$C$88+F10*'01 - Dados de Entrada'!$C$89+G10*'01 - Dados de Entrada'!$C$90+H10*'01 - Dados de Entrada'!$C$91+I10*'01 - Dados de Entrada'!$C$92+J10*'01 - Dados de Entrada'!$C$93+K10*'01 - Dados de Entrada'!$C$94+L10*'01 - Dados de Entrada'!$C$95+M10*'01 - Dados de Entrada'!$C$96+'08 - Custos com EPI e uniformes'!N10*'01 - Dados de Entrada'!$C$97+O10*'01 - Dados de Entrada'!$C$98+P10*'01 - Dados de Entrada'!$C$99+Q10*'01 - Dados de Entrada'!$C$100 -> 803 | C10: 5 | D10: 2 | E10: 1 | F10: 0 | G10: 0 | H10: 0 | I10: 0 | J10: 0 | K10: 0 | L10: 0 | M10: 0 | N10: 0 | R10: =SUM(S10:BA10) -> 28105 | S10: =$B$10*'05 - Relação de funcionários'!B22 -> 803 | T10: =$B$10*'05 - Relação de funcionários'!C22 -> 803 | U10: =$B$10*'05 - Relação de funcionários'!D22 -> 803 | V10: =$B$10*'05 - Relação de funcionários'!E22 -> 803 | W10: =$B$10*'05 - Relação de funcionários'!F22 -> 803 | X10: =$B$10*'05 - Relação de funcionários'!G22 -> 803 | Y10: =$B$10*'05 - Relação de funcionários'!H22 -> 803 | Z10: =$B$10*'05 - Relação de funcionários'!I22 -> 803 | ... AV10: =$B$10*'05 - Relação de funcionários'!AE22 -> 803 | AW10: =$B$7*'05 - Relação de funcionários'!AF22 -> 803 | AX10: =$B$7*'05 - Relação de funcionários'!AG22 -> 803 | AY10: =$B$7*'05 - Relação de funcionários'!AH22 -> 803 | AZ10: =$B$7*'05 - Relação de funcionários'!AI22 -> 803 | BA10: =$B$7*'05 - Relação de funcionários'!AJ22 -> 803
A11: Técnico de Informática | B11: =C11*'01 - Dados de Entrada'!$C$86+D11*'01 - Dados de Entrada'!$C$87+E11*'01 - Dados de Entrada'!$C$88+F11*'01 - Dados de Entrada'!$C$89+G11*'01 - Dados de Entrada'!$C$90+H11*'01 - Dados de Entrada'!$C$91+I11*'01 - Dados de Entrada'!$C$92+J11*'01 - Dados de Entrada'!$C$93+K11*'01 - Dados de Entrada'!$C$94+L11*'01 - Dados de Entrada'!$C$95+M11*'01 - Dados de Entrada'!$C$96+'08 - Custos com EPI e uniformes'!N11*'01 - Dados de Entrada'!$C$97+O11*'01 - Dados de Entrada'!$C$98+P11*'01 - Dados de Entrada'!$C$99+Q11*'01 - Dados de Entrada'!$C$100 -> 803 | C11: 5 | D11: 2 | E11: 1 | F11: 0 | G11: 0 | H11: 0 | I11: 0 | J11: 0 | K11: 0 | L11: 0 | M11: 0 | N11: 0 | R11: =SUM(S11:BA11) -> 28105 | S11: =$B$11*'05 - Relação de funcionários'!B23 -> 803 | T11: =$B$11*'05 - Relação de funcionários'!C23 -> 803 | U11: =$B$11*'05 - Relação de funcionários'!D23 -> 803 | V11: =$B$11*'05 - Relação de funcionários'!E23 -> 803 | W11: =$B$11*'05 - Relação de funcionários'!F23 -> 803 | X11: =$B$11*'05 - Relação de funcionários'!G23 -> 803 | Y11: =$B$11*'05 - Relação de funcionários'!H23 -> 803 | Z11: =$B$11*'05 - Relação de funcionários'!I23 -> 803 | ... AV11: =$B$11*'05 - Relação de funcionários'!AE23 -> 803 | AW11: =$B$7*'05 - Relação de funcionários'!AF23 -> 803 | AX11: =$B$7*'05 - Relação de funcionários'!AG23 -> 803 | AY11: =$B$7*'05 - Relação de funcionários'!AH23 -> 803 | AZ11: =$B$7*'05 - Relação de funcionários'!AI23 -> 803 | BA11: =$B$7*'05 - Relação de funcionários'!AJ23 -> 803
A12: Encarregado administrativo | B12: =C12*'01 - Dados de Entrada'!$C$86+D12*'01 - Dados de Entrada'!$C$87+E12*'01 - Dados de Entrada'!$C$88+F12*'01 - Dados de Entrada'!$C$89+G12*'01 - Dados de Entrada'!$C$90+H12*'01 - Dados de Entrada'!$C$91+I12*'01 - Dados de Entrada'!$C$92+J12*'01 - Dados de Entrada'!$C$93+K12*'01 - Dados de Entrada'!$C$94+L12*'01 - Dados de Entrada'!$C$95+M12*'01 - Dados de Entrada'!$C$96+'08 - Custos com EPI e uniformes'!N12*'01 - Dados de Entrada'!$C$97+O12*'01 - Dados de Entrada'!$C$98+P12*'01 - Dados de Entrada'!$C$99+Q12*'01 - Dados de Entrada'!$C$100 -> 803 | C12: 5 | D12: 2 | E12: 1 | F12: 0 | G12: 0 | H12: 0 | I12: 0 | J12: 0 | K12: 0 | L12: 0 | M12: 0 | N12: 0 | R12: =SUM(S12:BA12) -> 28105 | S12: =$B$12*'05 - Relação de funcionários'!B24 -> 803 | T12: =$B$12*'05 - Relação de funcionários'!C24 -> 803 | U12: =$B$12*'05 - Relação de funcionários'!D24 -> 803 | V12: =$B$12*'05 - Relação de funcionários'!E24 -> 803 | W12: =$B$12*'05 - Relação de funcionários'!F24 -> 803 | X12: =$B$12*'05 - Relação de funcionários'!G24 -> 803 | Y12: =$B$12*'05 - Relação de funcionários'!H24 -> 803 | Z12: =$B$12*'05 - Relação de funcionários'!I24 -> 803 | ... AV12: =$B$12*'05 - Relação de funcionários'!AE24 -> 803 | AW12: =$B$7*'05 - Relação de funcionários'!AF24 -> 803 | AX12: =$B$7*'05 - Relação de funcionários'!AG24 -> 803 | AY12: =$B$7*'05 - Relação de funcionários'!AH24 -> 803 | AZ12: =$B$7*'05 - Relação de funcionários'!AI24 -> 803 | BA12: =$B$7*'05 - Relação de funcionários'!AJ24 -> 803
A13: Assistente administrativo | B13: =C13*'01 - Dados de Entrada'!$C$86+D13*'01 - Dados de Entrada'!$C$87+E13*'01 - Dados de Entrada'!$C$88+F13*'01 - Dados de Entrada'!$C$89+G13*'01 - Dados de Entrada'!$C$90+H13*'01 - Dados de Entrada'!$C$91+I13*'01 - Dados de Entrada'!$C$92+J13*'01 - Dados de Entrada'!$C$93+K13*'01 - Dados de Entrada'!$C$94+L13*'01 - Dados de Entrada'!$C$95+M13*'01 - Dados de Entrada'!$C$96+'08 - Custos com EPI e uniformes'!N13*'01 - Dados de Entrada'!$C$97+O13*'01 - Dados de Entrada'!$C$98+P13*'01 - Dados de Entrada'!$C$99+Q13*'01 - Dados de Entrada'!$C$100 -> 803 | C13: 5 | D13: 2 | E13: 1 | F13: 0 | G13: 0 | H13: 0 | I13: 0 | J13: 0 | K13: 0 | L13: 0 | M13: 0 | N13: 0 | R13: =SUM(S13:BA13) -> 84315 | S13: =$B$13*'05 - Relação de funcionários'!B25 -> 2409 | T13: =$B$13*'05 - Relação de funcionários'!C25 -> 2409 | U13: =$B$13*'05 - Relação de funcionários'!D25 -> 2409 | V13: =$B$13*'05 - Relação de funcionários'!E25 -> 2409 | W13: =$B$13*'05 - Relação de funcionários'!F25 -> 2409 | X13: =$B$13*'05 - Relação de funcionários'!G25 -> 2409 | Y13: =$B$13*'05 - Relação de funcionários'!H25 -> 2409 | Z13: =$B$13*'05 - Relação de funcionários'!I25 -> 2409 | ... AV13: =$B$13*'05 - Relação de funcionários'!AE25 -> 2409 | AW13: =$B$7*'05 - Relação de funcionários'!AF25 -> 2409 | AX13: =$B$7*'05 - Relação de funcionários'!AG25 -> 2409 | AY13: =$B$7*'05 - Relação de funcionários'!AH25 -> 2409 | AZ13: =$B$7*'05 - Relação de funcionários'!AI25 -> 2409 | BA13: =$B$7*'05 - Relação de funcionários'!AJ25 -> 2409
A14: Recepcionista | B14: =C14*'01 - Dados de Entrada'!$C$86+D14*'01 - Dados de Entrada'!$C$87+E14*'01 - Dados de Entrada'!$C$88+F14*'01 - Dados de Entrada'!$C$89+G14*'01 - Dados de Entrada'!$C$90+H14*'01 - Dados de Entrada'!$C$91+I14*'01 - Dados de Entrada'!$C$92+J14*'01 - Dados de Entrada'!$C$93+K14*'01 - Dados de Entrada'!$C$94+L14*'01 - Dados de Entrada'!$C$95+M14*'01 - Dados de Entrada'!$C$96+'08 - Custos com EPI e uniformes'!N14*'01 - Dados de Entrada'!$C$97+O14*'01 - Dados de Entrada'!$C$98+P14*'01 - Dados de Entrada'!$C$99+Q14*'01 - Dados de Entrada'!$C$100 -> 803 | C14: 5 | D14: 2 | E14: 1 | F14: 0 | G14: 0 | H14: 0 | I14: 0 | J14: 0 | K14: 0 | L14: 0 | M14: 0 | N14: 0 | R14: =SUM(S14:BA14) -> 28105 | S14: =$B$14*'05 - Relação de funcionários'!B26 -> 803 | T14: =$B$14*'05 - Relação de funcionários'!C26 -> 803 | U14: =$B$14*'05 - Relação de funcionários'!D26 -> 803 | V14: =$B$14*'05 - Relação de funcionários'!E26 -> 803 | W14: =$B$14*'05 - Relação de funcionários'!F26 -> 803 | X14: =$B$14*'05 - Relação de funcionários'!G26 -> 803 | Y14: =$B$14*'05 - Relação de funcionários'!H26 -> 803 | Z14: =$B$14*'05 - Relação de funcionários'!I26 -> 803 | ... AV14: =$B$14*'05 - Relação de funcionários'!AE26 -> 803 | AW14: =$B$7*'05 - Relação de funcionários'!AF26 -> 803 | AX14: =$B$7*'05 - Relação de funcionários'!AG26 -> 803 | AY14: =$B$7*'05 - Relação de funcionários'!AH26 -> 803 | AZ14: =$B$7*'05 - Relação de funcionários'!AI26 -> 803 | BA14: =$B$7*'05 - Relação de funcionários'!AJ26 -> 803
A15: Copeira | B15: =C15*'01 - Dados de Entrada'!$C$86+D15*'01 - Dados de Entrada'!$C$87+E15*'01 - Dados de Entrada'!$C$88+F15*'01 - Dados de Entrada'!$C$89+G15*'01 - Dados de Entrada'!$C$90+H15*'01 - Dados de Entrada'!$C$91+I15*'01 - Dados de Entrada'!$C$92+J15*'01 - Dados de Entrada'!$C$93+K15*'01 - Dados de Entrada'!$C$94+L15*'01 - Dados de Entrada'!$C$95+M15*'01 - Dados de Entrada'!$C$96+'08 - Custos com EPI e uniformes'!N15*'01 - Dados de Entrada'!$C$97+O15*'01 - Dados de Entrada'!$C$98+P15*'01 - Dados de Entrada'!$C$99+Q15*'01 - Dados de Entrada'!$C$100 -> 803 | C15: 5 | D15: 2 | E15: 1 | F15: 0 | G15: 0 | H15: 0 | I15: 0 | J15: 0 | K15: 0 | L15: 0 | M15: 0 | N15: 0 | R15: =SUM(S15:BA15) -> 28105 | S15: =$B$15*'05 - Relação de funcionários'!B27 -> 803 | T15: =$B$15*'05 - Relação de funcionários'!C27 -> 803 | U15: =$B$15*'05 - Relação de funcionários'!D27 -> 803 | V15: =$B$15*'05 - Relação de funcionários'!E27 -> 803 | W15: =$B$15*'05 - Relação de funcionários'!F27 -> 803 | X15: =$B$15*'05 - Relação de funcionários'!G27 -> 803 | Y15: =$B$15*'05 - Relação de funcionários'!H27 -> 803 | Z15: =$B$15*'05 - Relação de funcionários'!I27 -> 803 | ... BA15: =$B$15*'05 - Relação de funcionários'!AJ27 -> 803
A16: Auxiliar de serviços gerais | B16: =C16*'01 - Dados de Entrada'!$C$86+D16*'01 - Dados de Entrada'!$C$87+E16*'01 - Dados de Entrada'!$C$88+F16*'01 - Dados de Entrada'!$C$89+G16*'01 - Dados de Entrada'!$C$90+H16*'01 - Dados de Entrada'!$C$91+I16*'01 - Dados de Entrada'!$C$92+J16*'01 - Dados de Entrada'!$C$93+K16*'01 - Dados de Entrada'!$C$94+L16*'01 - Dados de Entrada'!$C$95+M16*'01 - Dados de Entrada'!$C$96+'08 - Custos com EPI e uniformes'!N16*'01 - Dados de Entrada'!$C$97+O16*'01 - Dados de Entrada'!$C$98+P16*'01 - Dados de Entrada'!$C$99+Q16*'01 - Dados de Entrada'!$C$100 -> 803 | C16: 5 | D16: 2 | E16: 1 | F16: 0 | G16: 0 | H16: 0 | I16: 0 | J16: 0 | K16: 0 | L16: 0 | M16: 0 | N16: 0 | R16: =SUM(S16:BA16) -> 28105 | S16: =$B$16*'05 - Relação de funcionários'!B28 -> 803 | T16: =$B$16*'05 - Relação de funcionários'!C28 -> 803 | U16: =$B$16*'05 - Relação de funcionários'!D28 -> 803 | V16: =$B$16*'05 - Relação de funcionários'!E28 -> 803 | W16: =$B$16*'05 - Relação de funcionários'!F28 -> 803 | X16: =$B$16*'05 - Relação de funcionários'!G28 -> 803 | Y16: =$B$16*'05 - Relação de funcionários'!H28 -> 803 | Z16: =$B$16*'05 - Relação de funcionários'!I28 -> 803 | ... AV16: =$B$16*'05 - Relação de funcionários'!AE28 -> 803 | AW16: =$B$7*'05 - Relação de funcionários'!AF28 -> 803 | AX16: =$B$7*'05 - Relação de funcionários'!AG28 -> 803 | AY16: =$B$7*'05 - Relação de funcionários'!AH28 -> 803 | AZ16: =$B$7*'05 - Relação de funcionários'!AI28 -> 803 | BA16: =$B$7*'05 - Relação de funcionários'!AJ28 -> 803
A17: Encarregado de RH | B17: =C17*'01 - Dados de Entrada'!$C$86+D17*'01 - Dados de Entrada'!$C$87+E17*'01 - Dados de Entrada'!$C$88+F17*'01 - Dados de Entrada'!$C$89+G17*'01 - Dados de Entrada'!$C$90+H17*'01 - Dados de Entrada'!$C$91+I17*'01 - Dados de Entrada'!$C$92+J17*'01 - Dados de Entrada'!$C$93+K17*'01 - Dados de Entrada'!$C$94+L17*'01 - Dados de Entrada'!$C$95+M17*'01 - Dados de Entrada'!$C$96+'08 - Custos com EPI e uniformes'!N17*'01 - Dados de Entrada'!$C$97+O17*'01 - Dados de Entrada'!$C$98+P17*'01 - Dados de Entrada'!$C$99+Q17*'01 - Dados de Entrada'!$C$100 -> 803 | C17: 5 | D17: 2 | E17: 1 | F17: 0 | G17: 0 | H17: 0 | I17: 0 | J17: 0 | K17: 0 | L17: 0 | M17: 0 | N17: 0 | R17: =SUM(S17:BA17) -> 28105 | S17: =$B$17*'05 - Relação de funcionários'!B29 -> 803 | T17: =$B$17*'05 - Relação de funcionários'!C29 -> 803 | U17: =$B$17*'05 - Relação de funcionários'!D29 -> 803 | V17: =$B$17*'05 - Relação de funcionários'!E29 -> 803 | W17: =$B$17*'05 - Relação de funcionários'!F29 -> 803 | X17: =$B$17*'05 - Relação de funcionários'!G29 -> 803 | Y17: =$B$17*'05 - Relação de funcionários'!H29 -> 803 | Z17: =$B$17*'05 - Relação de funcionários'!I29 -> 803 | ... AV17: =$B$17*'05 - Relação de funcionários'!AE29 -> 803 | AW17: =$B$7*'05 - Relação de funcionários'!AF29 -> 803 | AX17: =$B$7*'05 - Relação de funcionários'!AG29 -> 803 | AY17: =$B$7*'05 - Relação de funcionários'!AH29 -> 803 | AZ17: =$B$7*'05 - Relação de funcionários'!AI29 -> 803 | BA17: =$B$7*'05 - Relação de funcionários'!AJ29 -> 803
A18: Comprador | B18: =C18*'01 - Dados de Entrada'!$C$86+D18*'01 - Dados de Entrada'!$C$87+E18*'01 - Dados de Entrada'!$C$88+F18*'01 - Dados de Entrada'!$C$89+G18*'01 - Dados de Entrada'!$C$90+H18*'01 - Dados de Entrada'!$C$91+I18*'01 - Dados de Entrada'!$C$92+J18*'01 - Dados de Entrada'!$C$93+K18*'01 - Dados de Entrada'!$C$94+L18*'01 - Dados de Entrada'!$C$95+M18*'01 - Dados de Entrada'!$C$96+'08 - Custos com EPI e uniformes'!N18*'01 - Dados de Entrada'!$C$97+O18*'01 - Dados de Entrada'!$C$98+P18*'01 - Dados de Entrada'!$C$99+Q18*'01 - Dados de Entrada'!$C$100 -> 803 | C18: 5 | D18: 2 | E18: 1 | F18: 0 | G18: 0 | H18: 0 | I18: 0 | J18: 0 | K18: 0 | L18: 0 | M18: 0 | N18: 0 | R18: =SUM(S18:BA18) -> 28105 | S18: =$B$18*'05 - Relação de funcionários'!B30 -> 803 | T18: =$B$18*'05 - Relação de funcionários'!C30 -> 803 | U18: =$B$18*'05 - Relação de funcionários'!D30 -> 803 | V18: =$B$18*'05 - Relação de funcionários'!E30 -> 803 | W18: =$B$18*'05 - Relação de funcionários'!F30 -> 803 | X18: =$B$18*'05 - Relação de funcionários'!G30 -> 803 | Y18: =$B$18*'05 - Relação de funcionários'!H30 -> 803 | Z18: =$B$18*'05 - Relação de funcionários'!I30 -> 803 | ... AV18: =$B$18*'05 - Relação de funcionários'!AE30 -> 803 | AW18: =$B$7*'05 - Relação de funcionários'!AF30 -> 803 | AX18: =$B$7*'05 - Relação de funcionários'!AG30 -> 803 | AY18: =$B$7*'05 - Relação de funcionários'!AH30 -> 803 | AZ18: =$B$7*'05 - Relação de funcionários'!AI30 -> 803 | BA18: =$B$7*'05 - Relação de funcionários'!AJ30 -> 803
A19: Almoxarife | B19: =C19*'01 - Dados de Entrada'!$C$86+D19*'01 - Dados de Entrada'!$C$87+E19*'01 - Dados de Entrada'!$C$88+F19*'01 - Dados de Entrada'!$C$89+G19*'01 - Dados de Entrada'!$C$90+H19*'01 - Dados de Entrada'!$C$91+I19*'01 - Dados de Entrada'!$C$92+J19*'01 - Dados de Entrada'!$C$93+K19*'01 - Dados de Entrada'!$C$94+L19*'01 - Dados de Entrada'!$C$95+M19*'01 - Dados de Entrada'!$C$96+'08 - Custos com EPI e uniformes'!N19*'01 - Dados de Entrada'!$C$97+O19*'01 - Dados de Entrada'!$C$98+P19*'01 - Dados de Entrada'!$C$99+Q19*'01 - Dados de Entrada'!$C$100 -> 803 | C19: 5 | D19: 2 | E19: 1 | F19: 0 | G19: 0 | H19: 0 | I19: 0 | J19: 0 | K19: 0 | L19: 0 | M19: 0 | N19: 0 | R19: =SUM(S19:BA19) -> 28105 | S19: =$B$19*'05 - Relação de funcionários'!B31 -> 803 | T19: =$B$19*'05 - Relação de funcionários'!C31 -> 803 | U19: =$B$19*'05 - Relação de funcionários'!D31 -> 803 | V19: =$B$19*'05 - Relação de funcionários'!E31 -> 803 | W19: =$B$19*'05 - Relação de funcionários'!F31 -> 803 | X19: =$B$19*'05 - Relação de funcionários'!G31 -> 803 | Y19: =$B$19*'05 - Relação de funcionários'!H31 -> 803 | Z19: =$B$19*'05 - Relação de funcionários'!I31 -> 803 | ... AV19: =$B$19*'05 - Relação de funcionários'!AE31 -> 803 | AW19: =$B$7*'05 - Relação de funcionários'!AF31 -> 803 | AX19: =$B$7*'05 - Relação de funcionários'!AG31 -> 803 | AY19: =$B$7*'05 - Relação de funcionários'!AH31 -> 803 | AZ19: =$B$7*'05 - Relação de funcionários'!AI31 -> 803 | BA19: =$B$7*'05 - Relação de funcionários'!AJ31 -> 803
A20: Contador | B20: =C20*'01 - Dados de Entrada'!$C$86+D20*'01 - Dados de Entrada'!$C$87+E20*'01 - Dados de Entrada'!$C$88+F20*'01 - Dados de Entrada'!$C$89+G20*'01 - Dados de Entrada'!$C$90+H20*'01 - Dados de Entrada'!$C$91+I20*'01 - Dados de Entrada'!$C$92+J20*'01 - Dados de Entrada'!$C$93+K20*'01 - Dados de Entrada'!$C$94+L20*'01 - Dados de Entrada'!$C$95+M20*'01 - Dados de Entrada'!$C$96+'08 - Custos com EPI e uniformes'!N20*'01 - Dados de Entrada'!$C$97+O20*'01 - Dados de Entrada'!$C$98+P20*'01 - Dados de Entrada'!$C$99+Q20*'01 - Dados de Entrada'!$C$100 -> 803 | C20: 5 | D20: 2 | E20: 1 | F20: 0 | G20: 0 | H20: 0 | I20: 0 | J20: 0 | K20: 0 | L20: 0 | M20: 0 | N20: 0 | R20: =SUM(S20:BA20) -> 28105 | S20: =$B$20*'05 - Relação de funcionários'!B32 -> 803 | T20: =$B$20*'05 - Relação de funcionários'!C32 -> 803 | U20: =$B$20*'05 - Relação de funcionários'!D32 -> 803 | V20: =$B$20*'05 - Relação de funcionários'!E32 -> 803 | W20: =$B$20*'05 - Relação de funcionários'!F32 -> 803 | X20: =$B$20*'05 - Relação de funcionários'!G32 -> 803 | Y20: =$B$20*'05 - Relação de funcionários'!H32 -> 803 | Z20: =$B$20*'05 - Relação de funcionários'!I32 -> 803 | ... AV20: =$B$20*'05 - Relação de funcionários'!AE32 -> 803 | AW20: =$B$7*'05 - Relação de funcionários'!AF32 -> 803 | AX20: =$B$7*'05 - Relação de funcionários'!AG32 -> 803 | AY20: =$B$7*'05 - Relação de funcionários'!AH32 -> 803 | AZ20: =$B$7*'05 - Relação de funcionários'!AI32 -> 803 | BA20: =$B$7*'05 - Relação de funcionários'!AJ32 -> 803
A21: Assistente de contabilidade | B21: =C21*'01 - Dados de Entrada'!$C$86+D21*'01 - Dados de Entrada'!$C$87+E21*'01 - Dados de Entrada'!$C$88+F21*'01 - Dados de Entrada'!$C$89+G21*'01 - Dados de Entrada'!$C$90+H21*'01 - Dados de Entrada'!$C$91+I21*'01 - Dados de Entrada'!$C$92+J21*'01 - Dados de Entrada'!$C$93+K21*'01 - Dados de Entrada'!$C$94+L21*'01 - Dados de Entrada'!$C$95+M21*'01 - Dados de Entrada'!$C$96+'08 - Custos com EPI e uniformes'!N21*'01 - Dados de Entrada'!$C$97+O21*'01 - Dados de Entrada'!$C$98+P21*'01 - Dados de Entrada'!$C$99+Q21*'01 - Dados de Entrada'!$C$100 -> 803 | C21: 5 | D21: 2 | E21: 1 | F21: 0 | G21: 0 | H21: 0 | I21: 0 | J21: 0 | K21: 0 | L21: 0 | M21: 0 | N21: 0 | R21: =SUM(S21:BA21) -> 28105 | S21: =$B$21*'05 - Relação de funcionários'!B33 -> 803 | T21: =$B$21*'05 - Relação de funcionários'!C33 -> 803 | U21: =$B$21*'05 - Relação de funcionários'!D33 -> 803 | V21: =$B$21*'05 - Relação de funcionários'!E33 -> 803 | W21: =$B$21*'05 - Relação de funcionários'!F33 -> 803 | X21: =$B$21*'05 - Relação de funcionários'!G33 -> 803 | Y21: =$B$21*'05 - Relação de funcionários'!H33 -> 803 | Z21: =$B$21*'05 - Relação de funcionários'!I33 -> 803 | ... AV21: =$B$21*'05 - Relação de funcionários'!AE33 -> 803 | AW21: =$B$7*'05 - Relação de funcionários'!AF33 -> 803 | AX21: =$B$7*'05 - Relação de funcionários'!AG33 -> 803 | AY21: =$B$7*'05 - Relação de funcionários'!AH33 -> 803 | AZ21: =$B$7*'05 - Relação de funcionários'!AI33 -> 803 | BA21: =$B$7*'05 - Relação de funcionários'!AJ33 -> 803
A22: Assistente de contas a pagar | B22: =C22*'01 - Dados de Entrada'!$C$86+D22*'01 - Dados de Entrada'!$C$87+E22*'01 - Dados de Entrada'!$C$88+F22*'01 - Dados de Entrada'!$C$89+G22*'01 - Dados de Entrada'!$C$90+H22*'01 - Dados de Entrada'!$C$91+I22*'01 - Dados de Entrada'!$C$92+J22*'01 - Dados de Entrada'!$C$93+K22*'01 - Dados de Entrada'!$C$94+L22*'01 - Dados de Entrada'!$C$95+M22*'01 - Dados de Entrada'!$C$96+'08 - Custos com EPI e uniformes'!N22*'01 - Dados de Entrada'!$C$97+O22*'01 - Dados de Entrada'!$C$98+P22*'01 - Dados de Entrada'!$C$99+Q22*'01 - Dados de Entrada'!$C$100 -> 803 | C22: 5 | D22: 2 | E22: 1 | F22: 0 | G22: 0 | H22: 0 | I22: 0 | J22: 0 | K22: 0 | L22: 0 | M22: 0 | N22: 0 | R22: =SUM(S22:BA22) -> 28105 | S22: =$B$22*'05 - Relação de funcionários'!B34 -> 803 | T22: =$B$22*'05 - Relação de funcionários'!C34 -> 803 | U22: =$B$22*'05 - Relação de funcionários'!D34 -> 803 | V22: =$B$22*'05 - Relação de funcionários'!E34 -> 803 | W22: =$B$22*'05 - Relação de funcionários'!F34 -> 803 | X22: =$B$22*'05 - Relação de funcionários'!G34 -> 803 | Y22: =$B$22*'05 - Relação de funcionários'!H34 -> 803 | Z22: =$B$22*'05 - Relação de funcionários'!I34 -> 803 | ... AV22: =$B$22*'05 - Relação de funcionários'!AE34 -> 803 | AW22: =$B$7*'05 - Relação de funcionários'!AF34 -> 803 | AX22: =$B$7*'05 - Relação de funcionários'!AG34 -> 803 | AY22: =$B$7*'05 - Relação de funcionários'!AH34 -> 803 | AZ22: =$B$7*'05 - Relação de funcionários'!AI34 -> 803 | BA22: =$B$7*'05 - Relação de funcionários'!AJ34 -> 803
A23: Técnico de segurança do trabalho | B23: =C23*'01 - Dados de Entrada'!$C$86+D23*'01 - Dados de Entrada'!$C$87+E23*'01 - Dados de Entrada'!$C$88+F23*'01 - Dados de Entrada'!$C$89+G23*'01 - Dados de Entrada'!$C$90+H23*'01 - Dados de Entrada'!$C$91+I23*'01 - Dados de Entrada'!$C$92+J23*'01 - Dados de Entrada'!$C$93+K23*'01 - Dados de Entrada'!$C$94+L23*'01 - Dados de Entrada'!$C$95+M23*'01 - Dados de Entrada'!$C$96+'08 - Custos com EPI e uniformes'!N23*'01 - Dados de Entrada'!$C$97+O23*'01 - Dados de Entrada'!$C$98+P23*'01 - Dados de Entrada'!$C$99+Q23*'01 - Dados de Entrada'!$C$100 -> 803 | C23: 5 | D23: 2 | E23: 1 | F23: 0 | G23: 0 | H23: 0 | I23: 0 | J23: 0 | K23: 0 | L23: 0 | M23: 0 | N23: 0 | R23: =SUM(S23:BA23) -> 28105 | S23: =$B$23*'05 - Relação de funcionários'!B35 -> 803 | T23: =$B$23*'05 - Relação de funcionários'!C35 -> 803 | U23: =$B$23*'05 - Relação de funcionários'!D35 -> 803 | V23: =$B$23*'05 - Relação de funcionários'!E35 -> 803 | W23: =$B$23*'05 - Relação de funcionários'!F35 -> 803 | X23: =$B$23*'05 - Relação de funcionários'!G35 -> 803 | Y23: =$B$23*'05 - Relação de funcionários'!H35 -> 803 | Z23: =$B$23*'05 - Relação de funcionários'!I35 -> 803 | ... AV23: =$B$23*'05 - Relação de funcionários'!AE35 -> 803 | AW23: =$B$7*'05 - Relação de funcionários'!AF35 -> 803 | AX23: =$B$7*'05 - Relação de funcionários'!AG35 -> 803 | AY23: =$B$7*'05 - Relação de funcionários'!AH35 -> 803 | AZ23: =$B$7*'05 - Relação de funcionários'!AI35 -> 803 | BA23: =$B$7*'05 - Relação de funcionários'!AJ35 -> 803
A24: Analista ambiental | B24: =C24*'01 - Dados de Entrada'!$C$86+D24*'01 - Dados de Entrada'!$C$87+E24*'01 - Dados de Entrada'!$C$88+F24*'01 - Dados de Entrada'!$C$89+G24*'01 - Dados de Entrada'!$C$90+H24*'01 - Dados de Entrada'!$C$91+I24*'01 - Dados de Entrada'!$C$92+J24*'01 - Dados de Entrada'!$C$93+K24*'01 - Dados de Entrada'!$C$94+L24*'01 - Dados de Entrada'!$C$95+M24*'01 - Dados de Entrada'!$C$96+'08 - Custos com EPI e uniformes'!N24*'01 - Dados de Entrada'!$C$97+O24*'01 - Dados de Entrada'!$C$98+P24*'01 - Dados de Entrada'!$C$99+Q24*'01 - Dados de Entrada'!$C$100 -> 803 | C24: 5 | D24: 2 | E24: 1 | F24: 0 | G24: 0 | H24: 0 | I24: 0 | J24: 0 | K24: 0 | L24: 0 | M24: 0 | N24: 0 | R24: =SUM(S24:BA24) -> 28105 | S24: =$B$24*'05 - Relação de funcionários'!B36 -> 803 | T24: =$B$24*'05 - Relação de funcionários'!C36 -> 803 | U24: =$B$24*'05 - Relação de funcionários'!D36 -> 803 | V24: =$B$24*'05 - Relação de funcionários'!E36 -> 803 | W24: =$B$24*'05 - Relação de funcionários'!F36 -> 803 | X24: =$B$24*'05 - Relação de funcionários'!G36 -> 803 | Y24: =$B$24*'05 - Relação de funcionários'!H36 -> 803 | Z24: =$B$24*'05 - Relação de funcionários'!I36 -> 803 | ... BA24: =$B$24*'05 - Relação de funcionários'!AJ36 -> 803
A25: Analista de marketing | B25: =C25*'01 - Dados de Entrada'!$C$86+D25*'01 - Dados de Entrada'!$C$87+E25*'01 - Dados de Entrada'!$C$88+F25*'01 - Dados de Entrada'!$C$89+G25*'01 - Dados de Entrada'!$C$90+H25*'01 - Dados de Entrada'!$C$91+I25*'01 - Dados de Entrada'!$C$92+J25*'01 - Dados de Entrada'!$C$93+K25*'01 - Dados de Entrada'!$C$94+L25*'01 - Dados de Entrada'!$C$95+M25*'01 - Dados de Entrada'!$C$96+'08 - Custos com EPI e uniformes'!N25*'01 - Dados de Entrada'!$C$97+O25*'01 - Dados de Entrada'!$C$98+P25*'01 - Dados de Entrada'!$C$99+Q25*'01 - Dados de Entrada'!$C$100 -> 803 | C25: 5 | D25: 2 | E25: 1 | F25: 0 | G25: 0 | H25: 0 | I25: 0 | J25: 0 | K25: 0 | L25: 0 | M25: 0 | N25: 0 | R25: =SUM(S25:BA25) -> 28105 | S25: =$B$25*'05 - Relação de funcionários'!B37 -> 803 | T25: =$B$25*'05 - Relação de funcionários'!C37 -> 803 | U25: =$B$25*'05 - Relação de funcionários'!D37 -> 803 | V25: =$B$25*'05 - Relação de funcionários'!E37 -> 803 | W25: =$B$25*'05 - Relação de funcionários'!F37 -> 803 | X25: =$B$25*'05 - Relação de funcionários'!G37 -> 803 | Y25: =$B$25*'05 - Relação de funcionários'!H37 -> 803 | Z25: =$B$25*'05 - Relação de funcionários'!I37 -> 803 | ... BA25: =$B$25*'05 - Relação de funcionários'!AJ37 -> 803
A26: Estagiário | B26: =C26*'01 - Dados de Entrada'!$C$86+D26*'01 - Dados de Entrada'!$C$87+E26*'01 - Dados de Entrada'!$C$88+F26*'01 - Dados de Entrada'!$C$89+G26*'01 - Dados de Entrada'!$C$90+H26*'01 - Dados de Entrada'!$C$91+I26*'01 - Dados de Entrada'!$C$92+J26*'01 - Dados de Entrada'!$C$93+K26*'01 - Dados de Entrada'!$C$94+L26*'01 - Dados de Entrada'!$C$95+M26*'01 - Dados de Entrada'!$C$96+'08 - Custos com EPI e uniformes'!N26*'01 - Dados de Entrada'!$C$97+O26*'01 - Dados de Entrada'!$C$98+P26*'01 - Dados de Entrada'!$C$99+Q26*'01 - Dados de Entrada'!$C$100 -> 803 | C26: 5 | D26: 2 | E26: 1 | F26: 0 | G26: 0 | H26: 0 | I26: 0 | J26: 0 | K26: 0 | L26: 0 | M26: 0 | N26: 0 | R26: =SUM(S26:BA26) -> 56210 | S26: =$B$26*'05 - Relação de funcionários'!B38 -> 1606 | T26: =$B$26*'05 - Relação de funcionários'!C38 -> 1606 | U26: =$B$26*'05 - Relação de funcionários'!D38 -> 1606 | V26: =$B$26*'05 - Relação de funcionários'!E38 -> 1606 | W26: =$B$26*'05 - Relação de funcionários'!F38 -> 1606 | X26: =$B$26*'05 - Relação de funcionários'!G38 -> 1606 | Y26: =$B$26*'05 - Relação de funcionários'!H38 -> 1606 | Z26: =$B$26*'05 - Relação de funcionários'!I38 -> 1606 | ... BA26: =$B$26*'05 - Relação de funcionários'!AJ38 -> 1606
A28: Engenharia | B28: =C28*'01 - Dados de Entrada'!$C$86+D28*'01 - Dados de Entrada'!$C$87+E28*'01 - Dados de Entrada'!$C$88+F28*'01 - Dados de Entrada'!$C$89+G28*'01 - Dados de Entrada'!$C$90+H28*'01 - Dados de Entrada'!$C$91+I28*'01 - Dados de Entrada'!$C$92+J28*'01 - Dados de Entrada'!$C$93+K28*'01 - Dados de Entrada'!$C$94+L28*'01 - Dados de Entrada'!$C$95+M28*'01 - Dados de Entrada'!$C$96+'08 - Custos com EPI e uniformes'!N28*'01 - Dados de Entrada'!$C$97+O28*'01 - Dados de Entrada'!$C$98+P28*'01 - Dados de Entrada'!$C$99+Q28*'01 - Dados de Entrada'!$C$100 -> 0 | R28: =SUM(S28:BA28) -> 0
A29: Engenheiro civil/sanitarista - planejamento e projetos | B29: =C29*'01 - Dados de Entrada'!$C$86+D29*'01 - Dados de Entrada'!$C$87+E29*'01 - Dados de Entrada'!$C$88+F29*'01 - Dados de Entrada'!$C$89+G29*'01 - Dados de Entrada'!$C$90+H29*'01 - Dados de Entrada'!$C$91+I29*'01 - Dados de Entrada'!$C$92+J29*'01 - Dados de Entrada'!$C$93+K29*'01 - Dados de Entrada'!$C$94+L29*'01 - Dados de Entrada'!$C$95+M29*'01 - Dados de Entrada'!$C$96+'08 - Custos com EPI e uniformes'!N29*'01 - Dados de Entrada'!$C$97+O29*'01 - Dados de Entrada'!$C$98+P29*'01 - Dados de Entrada'!$C$99+Q29*'01 - Dados de Entrada'!$C$100 -> 803 | C29: 5 | D29: 2 | E29: 1 | F29: 0 | G29: 0 | H29: 0 | I29: 0 | J29: 0 | K29: 0 | L29: 0 | M29: 0 | N29: 0 | R29: =SUM(S29:BA29) -> 28105 | S29: =$B$7*'05 - Relação de funcionários'!B41 -> 803 | T29: =$B$7*'05 - Relação de funcionários'!C41 -> 803 | U29: =$B$7*'05 - Relação de funcionários'!D41 -> 803 | V29: =$B$7*'05 - Relação de funcionários'!E41 -> 803 | W29: =$B$7*'05 - Relação de funcionários'!F41 -> 803 | X29: =$B$7*'05 - Relação de funcionários'!G41 -> 803 | Y29: =$B$7*'05 - Relação de funcionários'!H41 -> 803 | Z29: =$B$7*'05 - Relação de funcionários'!I41 -> 803 | ... BA29: =$B$7*'05 - Relação de funcionários'!AJ41 -> 803
B30: =C30*'01 - Dados de Entrada'!$C$86+D30*'01 - Dados de Entrada'!$C$87+E30*'01 - Dados de Entrada'!$C$88+F30*'01 - Dados de Entrada'!$C$89+G30*'01 - Dados de Entrada'!$C$90+H30*'01 - Dados de Entrada'!$C$91+I30*'01 - Dados de Entrada'!$C$92+J30*'01 - Dados de Entrada'!$C$93+K30*'01 - Dados de Entrada'!$C$94+L30*'01 - Dados de Entrada'!$C$95+M30*'01 - Dados de Entrada'!$C$96+'08 - Custos com EPI e uniformes'!N30*'01 - Dados de Entrada'!$C$97+O30*'01 - Dados de Entrada'!$C$98+P30*'01 - Dados de Entrada'!$C$99+Q30*'01 - Dados de Entrada'!$C$100 -> 0
A31: Operação | B31: =C31*'01 - Dados de Entrada'!$C$86+D31*'01 - Dados de Entrada'!$C$87+E31*'01 - Dados de Entrada'!$C$88+F31*'01 - Dados de Entrada'!$C$89+G31*'01 - Dados de Entrada'!$C$90+H31*'01 - Dados de Entrada'!$C$91+I31*'01 - Dados de Entrada'!$C$92+J31*'01 - Dados de Entrada'!$C$93+K31*'01 - Dados de Entrada'!$C$94+L31*'01 - Dados de Entrada'!$C$95+M31*'01 - Dados de Entrada'!$C$96+'08 - Custos com EPI e uniformes'!N31*'01 - Dados de Entrada'!$C$97+O31*'01 - Dados de Entrada'!$C$98+P31*'01 - Dados de Entrada'!$C$99+Q31*'01 - Dados de Entrada'!$C$100 -> 0 | R31: =SUM(S31:BA31) -> 0
A32: Supervisor de operação | B32: =C32*'01 - Dados de Entrada'!$C$86+D32*'01 - Dados de Entrada'!$C$87+E32*'01 - Dados de Entrada'!$C$88+F32*'01 - Dados de Entrada'!$C$89+G32*'01 - Dados de Entrada'!$C$90+H32*'01 - Dados de Entrada'!$C$91+I32*'01 - Dados de Entrada'!$C$92+J32*'01 - Dados de Entrada'!$C$93+K32*'01 - Dados de Entrada'!$C$94+L32*'01 - Dados de Entrada'!$C$95+M32*'01 - Dados de Entrada'!$C$96+'08 - Custos com EPI e uniformes'!N32*'01 - Dados de Entrada'!$C$97+O32*'01 - Dados de Entrada'!$C$98+P32*'01 - Dados de Entrada'!$C$99+Q32*'01 - Dados de Entrada'!$C$100 -> 2172.01 | C32: 0 | D32: 0 | E32: 0 | F32: 8 | G32: 8 | H32: 3 | I32: 4 | J32: 3 | K32: 4 | L32: 12 | M32: 12 | N32: 6 | R32: =SUM(S32:BA32) -> 69175.3 | S32: =$B32*'05 - Relação de funcionários'!B44 -> 2172.01 | T32: =$B32*'05 - Relação de funcionários'!C44 -> 2172.01 | U32: =$B32*'05 - Relação de funcionários'!D44 -> 2172.01 | V32: =$B32*'05 - Relação de funcionários'!E44 -> 2172.01 | W32: =$B32*'05 - Relação de funcionários'!F44 -> 2172.01 | X32: =$B32*'05 - Relação de funcionários'!G44 -> 2172.01 | Y32: =$B32*'05 - Relação de funcionários'!H44 -> 2172.01 | Z32: =$B32*'05 - Relação de funcionários'!I44 -> 2172.01 | ... AV32: =$B32*'05 - Relação de funcionários'!AE44 -> 2172.01 | AW32: =$B$7*'05 - Relação de funcionários'!AF44 -> 803 | AX32: =$B$7*'05 - Relação de funcionários'!AG44 -> 803 | AY32: =$B$7*'05 - Relação de funcionários'!AH44 -> 803 | AZ32: =$B$7*'05 - Relação de funcionários'!AI44 -> 803 | BA32: =$B$7*'05 - Relação de funcionários'!AJ44 -> 803
A33: Coleta Convencional | B33: =C33*'01 - Dados de Entrada'!$C$86+D33*'01 - Dados de Entrada'!$C$87+E33*'01 - Dados de Entrada'!$C$88+F33*'01 - Dados de Entrada'!$C$89+G33*'01 - Dados de Entrada'!$C$90+H33*'01 - Dados de Entrada'!$C$91+I33*'01 - Dados de Entrada'!$C$92+J33*'01 - Dados de Entrada'!$C$93+K33*'01 - Dados de Entrada'!$C$94+L33*'01 - Dados de Entrada'!$C$95+M33*'01 - Dados de Entrada'!$C$96+'08 - Custos com EPI e uniformes'!N33*'01 - Dados de Entrada'!$C$97+O33*'01 - Dados de Entrada'!$C$98+P33*'01 - Dados de Entrada'!$C$99+Q33*'01 - Dados de Entrada'!$C$100 -> 0 | R33: =SUM(S33:BA33) -> 0 | AW33: =$B$7*'05 - Relação de funcionários'!AF45 -> 0 | AX33: =$B$7*'05 - Relação de funcionários'!AG45 -> 0 | AY33: =$B$7*'05 - Relação de funcionários'!AH45 -> 0 | AZ33: =$B$7*'05 - Relação de funcionários'!AI45 -> 0 | BA33: =$B$7*'05 - Relação de funcionários'!AJ45 -> 0
A34: Motorista | B34: =C34*'01 - Dados de Entrada'!$C$86+D34*'01 - Dados de Entrada'!$C$87+E34*'01 - Dados de Entrada'!$C$88+F34*'01 - Dados de Entrada'!$C$89+G34*'01 - Dados de Entrada'!$C$90+H34*'01 - Dados de Entrada'!$C$91+I34*'01 - Dados de Entrada'!$C$92+J34*'01 - Dados de Entrada'!$C$93+K34*'01 - Dados de Entrada'!$C$94+L34*'01 - Dados de Entrada'!$C$95+M34*'01 - Dados de Entrada'!$C$96+'08 - Custos com EPI e uniformes'!N34*'01 - Dados de Entrada'!$C$97+O34*'01 - Dados de Entrada'!$C$98+P34*'01 - Dados de Entrada'!$C$99+Q34*'01 - Dados de Entrada'!$C$100 -> 2172.01 | C34: 0 | D34: 0 | E34: 0 | F34: 8 | G34: 8 | H34: 3 | I34: 4 | J34: 3 | K34: 4 | L34: 12 | M34: 12 | N34: 6 | R34: =SUM(S34:BA34) -> 2172010 | S34: =$B34*'05 - Relação de funcionários'!B46 -> 56472.26 | T34: =$B34*'05 - Relação de funcionários'!C46 -> 56472.26 | U34: =$B34*'05 - Relação de funcionários'!D46 -> 56472.26 | V34: =$B34*'05 - Relação de funcionários'!E46 -> 56472.26 | W34: =$B34*'05 - Relação de funcionários'!F46 -> 56472.26 | X34: =$B34*'05 - Relação de funcionários'!G46 -> 62988.29 | Y34: =$B34*'05 - Relação de funcionários'!H46 -> 62988.29 | Z34: =$B34*'05 - Relação de funcionários'!I46 -> 62988.29 | ... BA34: =$B34*'05 - Relação de funcionários'!AJ46 -> 62988.29
A35: Coletor | B35: =C35*'01 - Dados de Entrada'!$C$86+D35*'01 - Dados de Entrada'!$C$87+E35*'01 - Dados de Entrada'!$C$88+F35*'01 - Dados de Entrada'!$C$89+G35*'01 - Dados de Entrada'!$C$90+H35*'01 - Dados de Entrada'!$C$91+I35*'01 - Dados de Entrada'!$C$92+J35*'01 - Dados de Entrada'!$C$93+K35*'01 - Dados de Entrada'!$C$94+L35*'01 - Dados de Entrada'!$C$95+M35*'01 - Dados de Entrada'!$C$96+'08 - Custos com EPI e uniformes'!N35*'01 - Dados de Entrada'!$C$97+O35*'01 - Dados de Entrada'!$C$98+P35*'01 - Dados de Entrada'!$C$99+Q35*'01 - Dados de Entrada'!$C$100 -> 2419.39 | C35: 0 | D35: 0 | E35: 0 | F35: 8 | G35: 8 | H35: 3 | I35: 4 | J35: 3 | K35: 4 | L35: 24 | M35: 12 | N35: 6 | Q35: 24 | R35: =SUM(S35:BA35) -> 4233932.5 | S35: =$B35*('05 - Relação de funcionários'!B47) -> 106453.16 | T35: =$B35*('05 - Relação de funcionários'!C47) -> 106453.16 | U35: =$B35*('05 - Relação de funcionários'!D47) -> 106453.16 | V35: =$B35*('05 - Relação de funcionários'!E47) -> 106453.16 | W35: =$B35*('05 - Relação de funcionários'!F47) -> 106453.16 | X35: =$B35*('05 - Relação de funcionários'!G47) -> 123388.89 | Y35: =$B35*('05 - Relação de funcionários'!H47) -> 123388.89 | Z35: =$B35*('05 - Relação de funcionários'!I47) -> 123388.89 | ... BA35: =$B35*('05 - Relação de funcionários'!AJ47) -> 123388.89
